Workbook

Sheet Смета 12 гр. по ФЕР
A1: =Source!B1 -> Smeta.RU (495) 974-1589 | I1: Приложение 1 к форме 7
B5: СМЕТА
B9: Капитальный ремонт учебных аудиторий №25 (В-115), № 26 (В-117), № 27 (В-119), № 28 (В-121) 1-го этажа лабораторного корпуса "В" НИЯУ МИФИ по адресу: г. Москва, Каширское шоссе д. 31, стр. 16 | AD9: =IF(Source!G12<>"Новый объект", Source!G12, "") -> Капитальный ремонт помещений первого этажа лабораторного корпуса В НИЯУ МИФИ
G14: базовая цена | I14: текущая цена
C15: Сметная стоимость | G15: =SUM(O1:O676)/1000 -> 263.62789 | I15: =(Source!P608/1000) -> 2074.7925 | K15: тыс. руб.
C16: Строительные работы | G16: =SUM(W1:W676)/1000 -> 177.26115 | I16: =(Source!P590)/1000 -> 1157.8912 | K16: тыс. руб.
G17: =SUM(X1:X676)/1000 -> 83.40951 | I17: =(Source!P591)/1000 -> 544.6638 | K17: тыс. руб.
C18: Оборудование | G18: =SUM(Y1:Y676)/1000 -> 0 | I18: =(Source!P582)/1000 -> 0 | K18: тыс. руб.
C19: Прочие работы | G19: =SUM(Z1:Z676)/1000 -> 2.95723 | I19: =(Source!P592+Source!P593)/1000 -> 55.74371 | K19: тыс. руб.
C20: Нормативная трудоемкость | G20: =I20 -> 2988.2792 | I20: =(Source!P595+Source!P596) -> 2988.2792 | K20: чел. -ч.
C21: Средства на оплату труда | G21: =SUM(R1:R676)/1000 -> 26.58291 | I21: =((Source!P588 + Source!P587)/1000) -> 191.35864 | K21: тыс. руб.
A23: Составлена в ценах 1 квартал 2018 года
A24: № п/п | B24: Шифр расценки и коды ресурсов | C24: Наименование работ и затрат | D24: Ед. изм. | E24: Кол-во единиц | F24: Цена на ед. изм. | G24: Попра-вочные коэфф. | H24: Стоимость в ценах 2001г. | I24: Пункт коэфф. пересчета | J24: Коэфф. пересчета | K24: Стоимость в текущих ценах | L24: ЗТР всего чел.-час
A25: 1 | B25: 2 | C25: 3 | D25: 4 | E25: 5 | F25: 6 | G25: 7 | H25: 8 | I25: 9 | J25: 10 | K25: 11 | L25: 12
A26: =CONCATENATE("Раздел: ",IF(Source!G24<>"Новый раздел", Source!G24, "")) -> Раздел: Раздел Общестроительные работы
A27: =Source!E29 -> 1 | B27: =Source!F29 -> 09-04-012-01 | C27: =Source!G29 -> Демонтаж : Установка металлических дверных блоков в готовые проемы | D27: =Source!H29 -> м2 | E27: =Source!I29 -> 13.8 | F27: =Source!AL29+Source!AM29+Source!AO29 -> 63.94 | I27: =Source!BO29 | S27: =ROUND((Source!FX29/100)*((ROUND(Source!AF29*Source!I29, 2)+ROUND(Source!AE29*Source!I29, 2))), 2) -> 201.71 | T27: =Source!X29 -> 1317.22 | U27: =ROUND((Source!FY29/100)*((ROUND(Source!AF29*Source!I29, 2)+ROUND(Source!AE29*Source!I29, 2))), 2) -> 179.92 | V27: =Source!Y29 -> 1170.86
C28: Зарплата | F28: =Source!AO29 -> 23.81 | G28: =Source!DG29 -> )*0,7 | H28: =ROUND(Source!AF29*Source!I29, 2) -> 230 | J28: =IF(Source!BA29<> 0, Source!BA29, 1) -> 6.53 | K28: =Source!S29 -> 1501.93 | R28: =H28 -> 230
C29: Эксплуатация машин | F29: =Source!AM29 -> 14.41 | G29: =Source!DE29 -> )*0,7 | H29: =ROUND(Source!AD29*Source!I29, 2) -> 139.2 | J29: =IF(Source!BB29<> 0, Source!BB29, 1) -> 6.53 | K29: =Source!Q29 -> 908.98
C30: в т.ч. зарплата машинистов | F30: =Source!AN29 -> 1.97 | G30: =Source!DF29 -> )*0,7 | H30: =ROUND(Source!AE29*Source!I29, 2) -> 19.03 | J30: =IF(Source!BS29<> 0, Source!BS29, 1) -> 6.53 | K30: =Source!R29 -> 124.27 | R30: =H30 -> 19.03
C31: НР от ФОТ | D31: % | E31: =Source!BZ29 -> 90 | F31: =CONCATENATE(" )", Source!DL29, Source!FT29, "=", Source!FX29) -> )*0,9=81 | H31: =SUM(S27:S33) -> 201.71 | J31: =Source!AT29 -> 81 | K31: =SUM(T27:T33) -> 1317.22
C32: СП от ФОТ | D32: % | E32: =Source!CA29 -> 85 | F32: =CONCATENATE(" )", Source!DM29, Source!FU29, "=", Source!FY29) -> )*0,85=72,25 | H32: =SUM(U27:U33) -> 179.92 | J32: =Source!AU29 -> 72 | K32: =SUM(V27:V33) -> 1170.86
C33: Затраты труда | D33: чел-ч | E33: =Source!AQ29 -> 2.4 | G33: =Source!DI29 -> )*0,7 | L33: =Source!U29 -> 23.184
G34: =H28+H29+H31+H32 -> 750.83 | J34: =K28+K29+K31+K32 -> 4898.99 | L34: =Source!U29 -> 23.184 | O34: =G34 -> 750.83 | P34: =J34 -> 4898.99 | Q34: =L34 -> 23.184 | W34: =IF(Source!BI29<=1,H28+H29+H31+H32, 0) -> 750.83 | X34: =IF(Source!BI29=2,H28+H29+H31+H32, 0) -> 0 | Y34: =IF(Source!BI29=3,H28+H29+H31+H32, 0) -> 0 | Z34: =IF(Source!BI29=4,H28+H29+H31+H32, 0) -> 0
A35: =Source!E31 -> 2 | B35: =Source!F31 -> 46-04-012-03 | C35: =Source!G31 -> Разборка деревянных заполнений проемов дверных и воротных | D35: =Source!H31 -> 100 м2 | E35: =Source!I31 -> 0.276 | F35: =Source!AL31+Source!AM31+Source!AO31 -> 1082.58 | I35: =Source!BO31 | S35: =ROUND((Source!FX31/100)*((ROUND(Source!AF31*Source!I31, 2)+ROUND(Source!AE31*Source!I31, 2))), 2) -> 258.24 | T35: =Source!X31 -> 1686.34 | U35: =ROUND((Source!FY31/100)*((ROUND(Source!AF31*Source!I31, 2)+ROUND(Source!AE31*Source!I31, 2))), 2) -> 155.21 | V35: =Source!Y31 -> 1022.02
C36: ="Объем: "&Source!I31&"=27,6/"&"100" -> Объем: 0,276=27,6/100
C37: Зарплата | F37: =Source!AO31 -> 840.63 | G37: =Source!DG31 | H37: =ROUND(Source!AF31*Source!I31, 2) -> 232.01 | J37: =IF(Source!BA31<> 0, Source!BA31, 1) -> 6.53 | K37: =Source!S31 -> 1515.05 | R37: =H37 -> 232.01
C38: Эксплуатация машин | F38: =Source!AM31 -> 241.95 | G38: =Source!DE31 | H38: =ROUND(Source!AD31*Source!I31, 2) -> 66.78 | J38: =IF(Source!BB31<> 0, Source!BB31, 1) -> 6.53 | K38: =Source!Q31 -> 436.06
C39: в т.ч. зарплата машинистов | F39: =Source!AN31 -> 104.49 | G39: =Source!DF31 | H39: =ROUND(Source!AE31*Source!I31, 2) -> 28.84 | J39: =IF(Source!BS31<> 0, Source!BS31, 1) -> 6.53 | K39: =Source!R31 -> 188.32 | R39: =H39 -> 28.84
C40: НР от ФОТ | D40: % | E40: =Source!BZ31 -> 110 | F40: =CONCATENATE(" )", Source!DL31, Source!FT31, "=", Source!FX31) -> )*0,9=99 | H40: =SUM(S35:S42) -> 258.24 | J40: =Source!AT31 -> 99 | K40: =SUM(T35:T42) -> 1686.34
C41: СП от ФОТ | D41: % | E41: =Source!CA31 -> 70 | F41: =CONCATENATE(" )", Source!DM31, Source!FU31, "=", Source!FY31) -> )*0,85=59,5 | H41: =SUM(U35:U42) -> 155.21 | J41: =Source!AU31 -> 60 | K41: =SUM(V35:V42) -> 1022.02
C42: Затраты труда | D42: чел-ч | E42: =Source!AQ31 -> 103.91 | G42: =Source!DI31 | L42: =Source!U31 -> 28.67916
G43: =H37+H38+H40+H41 -> 712.24 | J43: =K37+K38+K40+K41 -> 4659.47 | L43: =Source!U31 -> 28.67916 | O43: =G43 -> 712.24 | P43: =J43 -> 4659.47 | Q43: =L43 -> 28.67916 | W43: =IF(Source!BI31<=1,H37+H38+H40+H41, 0) -> 712.24 | X43: =IF(Source!BI31=2,H37+H38+H40+H41, 0) -> 0 | Y43: =IF(Source!BI31=3,H37+H38+H40+H41, 0) -> 0 | Z43: =IF(Source!BI31=4,H37+H38+H40+H41, 0) -> 0
A44: =Source!E33 -> 3 | B44: =Source!F33 -> 10-01-036-01 | C44: =Source!G33 -> Демонтаж: Установка уголков ПВХ на клее | D44: =Source!H33 -> 100 м | E44: =Source!I33 -> 0.5696 | F44: =Source!AL33+Source!AM33+Source!AO33 -> 93.15 | I44: =Source!BO33 | S44: =ROUND((Source!FX33/100)*((ROUND(Source!AF33*Source!I33, 2)+ROUND(Source!AE33*Source!I33, 2))), 2) -> 27.65 | T44: =Source!X33 -> 180.25 | U44: =ROUND((Source!FY33/100)*((ROUND(Source!AF33*Source!I33, 2)+ROUND(Source!AE33*Source!I33, 2))), 2) -> 13.94 | V44: =Source!Y33 -> 91.83
C45: ="Объем: "&Source!I33&"=56,96/"&"100" -> Объем: 0,5696=56,96/100
C46: Зарплата | F46: =Source!AO33 -> 57.15 | G46: =Source!DG33 -> )*0,8 | H46: =ROUND(Source!AF33*Source!I33, 2) -> 26.04 | J46: =IF(Source!BA33<> 0, Source!BA33, 1) -> 6.53 | K46: =Source!S33 -> 170.05 | R46: =H46 -> 26.04
C47: НР от ФОТ | D47: % | E47: =Source!BZ33 -> 118 | F47: =CONCATENATE(" )", Source!DL33, Source!FT33, "=", Source!FX33) -> )*0,9=106,2 | H47: =SUM(S44:S49) -> 27.65 | J47: =Source!AT33 -> 106 | K47: =SUM(T44:T49) -> 180.25
C48: СП от ФОТ | D48: % | E48: =Source!CA33 -> 63 | F48: =CONCATENATE(" )", Source!DM33, Source!FU33, "=", Source!FY33) -> )*0,85=53,55 | H48: =SUM(U44:U49) -> 13.94 | J48: =Source!AU33 -> 54 | K48: =SUM(V44:V49) -> 91.83
C49: Затраты труда | D49: чел-ч | E49: =Source!AQ33 -> 6.7 | G49: =Source!DI33 -> )*0,8 | L49: =Source!U33 -> 3.053056
G50: =H46+H47+H48 -> 67.63 | J50: =K46+K47+K48 -> 442.13 | L50: =Source!U33 -> 3.053056 | O50: =G50 -> 67.63 | P50: =J50 -> 442.13 | Q50: =L50 -> 3.053056 | W50: =IF(Source!BI33<=1,H46+H47+H48, 0) -> 67.63 | X50: =IF(Source!BI33=2,H46+H47+H48, 0) -> 0 | Y50: =IF(Source!BI33=3,H46+H47+H48, 0) -> 0 | Z50: =IF(Source!BI33=4,H46+H47+H48, 0) -> 0
A51: =Source!E35 -> 4 | B51: =Source!F35 -> 09-03-046-01 | C51: =Source!G35 -> Демонтаж : Монтаж перегородок из алюминиевых сплавов сборно-разборных с остеклением | D51: =Source!H35 -> 100 м2 | E51: =Source!I35 -> 0.5361 | F51: =Source!AL35+Source!AM35+Source!AO35 -> 4111.26 | I51: =Source!BO35 | S51: =ROUND((Source!FX35/100)*((ROUND(Source!AF35*Source!I35, 2)+ROUND(Source!AE35*Source!I35, 2))), 2) -> 1003.3 | T51: =Source!X35 -> 6551.49 | U51: =ROUND((Source!FY35/100)*((ROUND(Source!AF35*Source!I35, 2)+ROUND(Source!AE35*Source!I35, 2))), 2) -> 894.92 | V51: =Source!Y35 -> 5823.55
C52: ="Объем: "&Source!I35&"=53,61/"&"100" -> Объем: 0,5361=53,61/100
C53: Зарплата | F53: =Source!AO35 -> 3267.69 | G53: =Source!DG35 -> )*0,7 | H53: =ROUND(Source!AF35*Source!I35, 2) -> 1226.27 | J53: =IF(Source!BA35<> 0, Source!BA35, 1) -> 6.53 | K53: =Source!S35 -> 8007.52 | R53: =H53 -> 1226.27
C54: Эксплуатация машин | F54: =Source!AM35 -> 567.69 | G54: =Source!DE35 -> )*0,7 | H54: =ROUND(Source!AD35*Source!I35, 2) -> 213.04 | J54: =IF(Source!BB35<> 0, Source!BB35, 1) -> 6.53 | K54: =Source!Q35 -> 1391.13
C55: в т.ч. зарплата машинистов | F55: =Source!AN35 -> 32.95 | G55: =Source!DF35 -> )*0,7 | H55: =ROUND(Source!AE35*Source!I35, 2) -> 12.37 | J55: =IF(Source!BS35<> 0, Source!BS35, 1) -> 6.53 | K55: =Source!R35 -> 80.74 | R55: =H55 -> 12.37
C56: НР от ФОТ | D56: % | E56: =Source!BZ35 -> 90 | F56: =CONCATENATE(" )", Source!DL35, Source!FT35, "=", Source!FX35) -> )*0,9=81 | H56: =SUM(S51:S58) -> 1003.3 | J56: =Source!AT35 -> 81 | K56: =SUM(T51:T58) -> 6551.49
C57: СП от ФОТ | D57: % | E57: =Source!CA35 -> 85 | F57: =CONCATENATE(" )", Source!DM35, Source!FU35, "=", Source!FY35) -> )*0,85=72,25 | H57: =SUM(U51:U58) -> 894.92 | J57: =Source!AU35 -> 72 | K57: =SUM(V51:V58) -> 5823.55
C58: Затраты труда | D58: чел-ч | E58: =Source!AQ35 -> 324.82 | G58: =Source!DI35 -> )*0,7 | L58: =Source!U35 -> 121.8952
G59: =H53+H54+H56+H57 -> 3337.53 | J59: =K53+K54+K56+K57 -> 21773.69 | L59: =Source!U35 -> 121.8952 | O59: =G59 -> 3337.53 | P59: =J59 -> 21773.69 | Q59: =L59 -> 121.8952 | W59: =IF(Source!BI35<=1,H53+H54+H56+H57, 0) -> 3337.53 | X59: =IF(Source!BI35=2,H53+H54+H56+H57, 0) -> 0 | Y59: =IF(Source!BI35=3,H53+H54+H56+H57, 0) -> 0 | Z59: =IF(Source!BI35=4,H53+H54+H56+H57, 0) -> 0
A60: =Source!E37 -> 5 | B60: =Source!F37 -> 63-7-3 | C60: =Source!G37 -> Разборка облицовки стен из известковых плит | D60: =Source!H37 -> 100 м2 | E60: =Source!I37 -> 1.3882 | F60: =Source!AL37+Source!AM37+Source!AO37 -> 4561.65 | I60: =Source!BO37 | S60: =ROUND((Source!FX37/100)*((ROUND(Source!AF37*Source!I37, 2)+ROUND(Source!AE37*Source!I37, 2))), 2) -> 4622.7 | T60: =Source!X37 -> 30186.23 | U60: =ROUND((Source!FY37/100)*((ROUND(Source!AF37*Source!I37, 2)+ROUND(Source!AE37*Source!I37, 2))), 2) -> 3001.75 | V60: =Source!Y37 -> 19601.45
C61: ="Объем: "&Source!I37&"=138,82/"&"100" -> Объем: 1,3882=138,82/100
C62: Зарплата | F62: =Source!AO37 -> 4307.25 | G62: =Source!DG37 | H62: =ROUND(Source!AF37*Source!I37, 2) -> 5979.32 | J62: =IF(Source!BA37<> 0, Source!BA37, 1) -> 6.53 | K62: =Source!S37 -> 39044.99 | R62: =H62 -> 5979.32
C63: Эксплуатация машин | F63: =Source!AM37 -> 254.4 | G63: =Source!DE37 | H63: =ROUND(Source!AD37*Source!I37, 2) -> 353.16 | J63: =IF(Source!BB37<> 0, Source!BB37, 1) -> 6.53 | K63: =Source!Q37 -> 2306.12
C64: в т.ч. зарплата машинистов | F64: =Source!AN37 -> 17.42 | G64: =Source!DF37 | H64: =ROUND(Source!AE37*Source!I37, 2) -> 24.18 | J64: =IF(Source!BS37<> 0, Source!BS37, 1) -> 6.53 | K64: =Source!R37 -> 157.91 | R64: =H64 -> 24.18
C65: НР от ФОТ | D65: % | E65: =Source!BZ37 -> 77 | H65: =SUM(S60:S67) -> 4622.7 | J65: =Source!AT37 -> 77 | K65: =SUM(T60:T67) -> 30186.23
C66: СП от ФОТ | D66: % | E66: =Source!CA37 -> 50 | H66: =SUM(U60:U67) -> 3001.75 | J66: =Source!AU37 -> 50 | K66: =SUM(V60:V67) -> 19601.45
C67: Затраты труда | D67: чел-ч | E67: =Source!AQ37 -> 547.3 | G67: =Source!DI37 | L67: =Source!U37 -> 759.76186
G68: =H62+H63+H65+H66 -> 13956.93 | J68: =K62+K63+K65+K66 -> 91138.79 | L68: =Source!U37 -> 759.76186 | O68: =G68 -> 13956.93 | P68: =J68 -> 91138.79 | Q68: =L68 -> 759.76186 | W68: =IF(Source!BI37<=1,H62+H63+H65+H66, 0) -> 13956.93 | X68: =IF(Source!BI37=2,H62+H63+H65+H66, 0) -> 0 | Y68: =IF(Source!BI37=3,H62+H63+H65+H66, 0) -> 0 | Z68: =IF(Source!BI37=4,H62+H63+H65+H66, 0) -> 0
A69: =Source!E39 -> 6 | B69: =Source!F39 -> 46-02-009-02 | C69: =Source!G39 -> Отбивка штукатурки с поверхностей стен и потолков кирпичных | D69: =Source!H39 -> 100 м2 | E69: =Source!I39 -> 1.6552 | F69: =Source!AL39+Source!AM39+Source!AO39 -> 178 | I69: =Source!BO39 | S69: =ROUND((Source!FX39/100)*((ROUND(Source!AF39*Source!I39, 2)+ROUND(Source!AE39*Source!I39, 2))), 2) -> 291.68 | T69: =Source!X39 -> 1904.67 | U69: =ROUND((Source!FY39/100)*((ROUND(Source!AF39*Source!I39, 2)+ROUND(Source!AE39*Source!I39, 2))), 2) -> 175.3 | V69: =Source!Y39 -> 1154.35
C70: ="Объем: "&Source!I39&"=165,52/"&"100" -> Объем: 1,6552=165,52/100
C71: Зарплата | F71: =Source!AO39 -> 178 | G71: =Source!DG39 | H71: =ROUND(Source!AF39*Source!I39, 2) -> 294.63 | J71: =IF(Source!BA39<> 0, Source!BA39, 1) -> 6.53 | K71: =Source!S39 -> 1923.91 | R71: =H71 -> 294.63
C72: НР от ФОТ | D72: % | E72: =Source!BZ39 -> 110 | F72: =CONCATENATE(" )", Source!DL39, Source!FT39, "=", Source!FX39) -> )*0,9=99 | H72: =SUM(S69:S74) -> 291.68 | J72: =Source!AT39 -> 99 | K72: =SUM(T69:T74) -> 1904.67
C73: СП от ФОТ | D73: % | E73: =Source!CA39 -> 70 | F73: =CONCATENATE(" )", Source!DM39, Source!FU39, "=", Source!FY39) -> )*0,85=59,5 | H73: =SUM(U69:U74) -> 175.3 | J73: =Source!AU39 -> 60 | K73: =SUM(V69:V74) -> 1154.35
C74: Затраты труда | D74: чел-ч | E74: =Source!AQ39 -> 22.82 | G74: =Source!DI39 | L74: =Source!U39 -> 37.771664
G75: =H71+H72+H73 -> 761.61 | J75: =K71+K72+K73 -> 4982.93 | L75: =Source!U39 -> 37.771664 | O75: =G75 -> 761.61 | P75: =J75 -> 4982.93 | Q75: =L75 -> 37.771664 | W75: =IF(Source!BI39<=1,H71+H72+H73, 0) -> 761.61 | X75: =IF(Source!BI39=2,H71+H72+H73, 0) -> 0 | Y75: =IF(Source!BI39=3,H71+H72+H73, 0) -> 0 | Z75: =IF(Source!BI39=4,H71+H72+H73, 0) -> 0
A76: =Source!E41 -> 7 | B76: =Source!F41 -> 46-04-010-06 | C76: =Source!G41 -> Разборка покрытий полов из металлических плит со стороной квадрата 300 мм | D76: =Source!H41 -> 100 м2 | E76: =Source!I41 -> 1.844 | F76: =Source!AL41+Source!AM41+Source!AO41 -> 1359.01 | I76: =Source!BO41 | S76: =ROUND((Source!FX41/100)*((ROUND(Source!AF41*Source!I41, 2)+ROUND(Source!AE41*Source!I41, 2))), 2) -> 1074.32 | T76: =Source!X41 -> 7015.34 | U76: =ROUND((Source!FY41/100)*((ROUND(Source!AF41*Source!I41, 2)+ROUND(Source!AE41*Source!I41, 2))), 2) -> 645.68 | V76: =Source!Y41 -> 4251.72
C77: ="Объем: "&Source!I41&"=184,4/"&"100" -> Объем: 1,844=184,4/100
C78: Зарплата | F78: =Source!AO41 -> 491.51 | G78: =Source!DG41 | H78: =ROUND(Source!AF41*Source!I41, 2) -> 906.34 | J78: =IF(Source!BA41<> 0, Source!BA41, 1) -> 6.53 | K78: =Source!S41 -> 5918.43 | R78: =H78 -> 906.34
C79: Эксплуатация машин | F79: =Source!AM41 -> 867.5 | G79: =Source!DE41 | H79: =ROUND(Source!AD41*Source!I41, 2) -> 1599.67 | J79: =IF(Source!BB41<> 0, Source!BB41, 1) -> 6.53 | K79: =Source!Q41 -> 10445.85
C80: в т.ч. зарплата машинистов | F80: =Source!AN41 -> 96.98 | G80: =Source!DF41 | H80: =ROUND(Source!AE41*Source!I41, 2) -> 178.83 | J80: =IF(Source!BS41<> 0, Source!BS41, 1) -> 6.53 | K80: =Source!R41 -> 1167.77 | R80: =H80 -> 178.83
C81: НР от ФОТ | D81: % | E81: =Source!BZ41 -> 110 | F81: =CONCATENATE(" )", Source!DL41, Source!FT41, "=", Source!FX41) -> )*0,9=99 | H81: =SUM(S76:S83) -> 1074.32 | J81: =Source!AT41 -> 99 | K81: =SUM(T76:T83) -> 7015.34
C82: СП от ФОТ | D82: % | E82: =Source!CA41 -> 70 | F82: =CONCATENATE(" )", Source!DM41, Source!FU41, "=", Source!FY41) -> )*0,85=59,5 | H82: =SUM(U76:U83) -> 645.68 | J82: =Source!AU41 -> 60 | K82: =SUM(V76:V83) -> 4251.72
C83: Затраты труда | D83: чел-ч | E83: =Source!AQ41 -> 66.6 | G83: =Source!DI41 | L83: =Source!U41 -> 122.8104
G84: =H78+H79+H81+H82 -> 4226.01 | J84: =K78+K79+K81+K82 -> 27631.34 | L84: =Source!U41 -> 122.8104 | O84: =G84 -> 4226.01 | P84: =J84 -> 27631.34 | Q84: =L84 -> 122.8104 | W84: =IF(Source!BI41<=1,H78+H79+H81+H82, 0) -> 4226.01 | X84: =IF(Source!BI41=2,H78+H79+H81+H82, 0) -> 0 | Y84: =IF(Source!BI41=3,H78+H79+H81+H82, 0) -> 0 | Z84: =IF(Source!BI41=4,H78+H79+H81+H82, 0) -> 0
A85: =Source!E43 -> 8 | B85: =Source!F43 -> 57-2-1 | C85: =Source!G43 -> Разборка покрытий полов из линолеума и релина | D85: =Source!H43 -> 100 м2 | E85: =Source!I43 -> 1.844 | F85: =Source!AL43+Source!AM43+Source!AO43 -> 92.9 | I85: =Source!BO43 | S85: =ROUND((Source!FX43/100)*((ROUND(Source!AF43*Source!I43, 2)+ROUND(Source!AE43*Source!I43, 2))), 2) -> 133.66 | T85: =Source!X43 -> 872.75 | U85: =ROUND((Source!FY43/100)*((ROUND(Source!AF43*Source!I43, 2)+ROUND(Source!AE43*Source!I43, 2))), 2) -> 113.61 | V85: =Source!Y43 -> 741.84
C86: ="Объем: "&Source!I43&"=184,4/"&"100" -> Объем: 1,844=184,4/100
C87: Зарплата | F87: =Source!AO43 -> 88.84 | G87: =Source!DG43 | H87: =ROUND(Source!AF43*Source!I43, 2) -> 163.82 | J87: =IF(Source!BA43<> 0, Source!BA43, 1) -> 6.53 | K87: =Source!S43 -> 1069.75 | R87: =H87 -> 163.82
C88: Эксплуатация машин | F88: =Source!AM43 -> 4.06 | G88: =Source!DE43 | H88: =ROUND(Source!AD43*Source!I43, 2) -> 7.49 | J88: =IF(Source!BB43<> 0, Source!BB43, 1) -> 6.53 | K88: =Source!Q43 -> 48.89
C89: в т.ч. зарплата машинистов | F89: =Source!AN43 -> 1.76 | G89: =Source!DF43 | H89: =ROUND(Source!AE43*Source!I43, 2) -> 3.25 | J89: =IF(Source!BS43<> 0, Source!BS43, 1) -> 6.53 | K89: =Source!R43 -> 21.19 | R89: =H89 -> 3.25
C90: НР от ФОТ | D90: % | E90: =Source!BZ43 -> 80 | H90: =SUM(S85:S92) -> 133.66 | J90: =Source!AT43 -> 80 | K90: =SUM(T85:T92) -> 872.75
C91: СП от ФОТ | D91: % | E91: =Source!CA43 -> 68 | H91: =SUM(U85:U92) -> 113.61 | J91: =Source!AU43 -> 68 | K91: =SUM(V85:V92) -> 741.84
C92: Затраты труда | D92: чел-ч | E92: =Source!AQ43 -> 11.39 | G92: =Source!DI43 | L92: =Source!U43 -> 21.00316
G93: =H87+H88+H90+H91 -> 418.58 | J93: =K87+K88+K90+K91 -> 2733.23 | L93: =Source!U43 -> 21.00316 | O93: =G93 -> 418.58 | P93: =J93 -> 2733.23 | Q93: =L93 -> 21.00316 | W93: =IF(Source!BI43<=1,H87+H88+H90+H91, 0) -> 418.58 | X93: =IF(Source!BI43=2,H87+H88+H90+H91, 0) -> 0 | Y93: =IF(Source!BI43=3,H87+H88+H90+H91, 0) -> 0 | Z93: =IF(Source!BI43=4,H87+H88+H90+H91, 0) -> 0
A94: =Source!E45 -> 9 | B94: =Source!F45 -> 63-10-2 | C94: =Source!G45 -> Разборка облицовки потолков | D94: =Source!H45 -> 100 м2 | E94: =Source!I45 -> 1.76 | F94: =Source!AL45+Source!AM45+Source!AO45 -> 89.02 | I94: =Source!BO45 | S94: =ROUND((Source!FX45/100)*((ROUND(Source!AF45*Source!I45, 2)+ROUND(Source!AE45*Source!I45, 2))), 2) -> 115.83 | T94: =Source!X45 -> 756.36 | U94: =ROUND((Source!FY45/100)*((ROUND(Source!AF45*Source!I45, 2)+ROUND(Source!AE45*Source!I45, 2))), 2) -> 75.22 | V94: =Source!Y45 -> 491.15
C95: ="Объем: "&Source!I45&"=176/"&"100" -> Объем: 1,76=176/100
C96: Зарплата | F96: =Source!AO45 -> 82.77 | G96: =Source!DG45 | H96: =ROUND(Source!AF45*Source!I45, 2) -> 145.68 | J96: =IF(Source!BA45<> 0, Source!BA45, 1) -> 6.53 | K96: =Source!S45 -> 951.26 | R96: =H96 -> 145.68
C97: Эксплуатация машин | F97: =Source!AM45 -> 6.25 | G97: =Source!DE45 | H97: =ROUND(Source!AD45*Source!I45, 2) -> 11 | J97: =IF(Source!BB45<> 0, Source!BB45, 1) -> 6.53 | K97: =Source!Q45 -> 71.83
C98: в т.ч. зарплата машинистов | F98: =Source!AN45 -> 2.7 | G98: =Source!DF45 | H98: =ROUND(Source!AE45*Source!I45, 2) -> 4.75 | J98: =IF(Source!BS45<> 0, Source!BS45, 1) -> 6.53 | K98: =Source!R45 -> 31.03 | R98: =H98 -> 4.75
C99: НР от ФОТ | D99: % | E99: =Source!BZ45 -> 77 | H99: =SUM(S94:S101) -> 115.83 | J99: =Source!AT45 -> 77 | K99: =SUM(T94:T101) -> 756.36
C100: СП от ФОТ | D100: % | E100: =Source!CA45 -> 50 | H100: =SUM(U94:U101) -> 75.22 | J100: =Source!AU45 -> 50 | K100: =SUM(V94:V101) -> 491.15
C101: Затраты труда | D101: чел-ч | E101: =Source!AQ45 -> 9.58 | G101: =Source!DI45 | L101: =Source!U45 -> 16.8608
G102: =H96+H97+H99+H100 -> 347.73 | J102: =K96+K97+K99+K100 -> 2270.6 | L102: =Source!U45 -> 16.8608 | O102: =G102 -> 347.73 | P102: =J102 -> 2270.6 | Q102: =L102 -> 16.8608 | W102: =IF(Source!BI45<=1,H96+H97+H99+H100, 0) -> 347.73 | X102: =IF(Source!BI45=2,H96+H97+H99+H100, 0) -> 0 | Y102: =IF(Source!BI45=3,H96+H97+H99+H100, 0) -> 0 | Z102: =IF(Source!BI45=4,H96+H97+H99+H100, 0) -> 0
A103: =Source!E47 -> 10 | B103: =Source!F47 -> 09-04-012-01 | C103: =Source!G47 -> Установка металлических дверных блоков в готовые проемы | D103: =Source!H47 -> м2 | E103: =Source!I47 -> 13.8 | F103: =Source!AL47+Source!AM47+Source!AO47 -> 63.94 | I103: =Source!BO47 | S103: =ROUND((Source!FX47/100)*((ROUND(Source!AF47*Source!I47, 2)+ROUND(Source!AE47*Source!I47, 2))), 2) -> 333.59 | T103: =Source!X47 -> 2178.39 | U103: =ROUND((Source!FY47/100)*((ROUND(Source!AF47*Source!I47, 2)+ROUND(Source!AE47*Source!I47, 2))), 2) -> 297.55 | V103: =Source!Y47 -> 1936.35
C104: Зарплата | F104: =Source!AO47 -> 23.81 | G104: =Source!DG47 -> )*1,15 | H104: =ROUND(Source!AF47*Source!I47, 2) -> 377.86 | J104: =IF(Source!BA47<> 0, Source!BA47, 1) -> 6.53 | K104: =Source!S47 -> 2467.46 | R104: =H104 -> 377.86
C105: Эксплуатация машин | F105: =Source!AM47 -> 14.41 | G105: =Source!DE47 -> )*1,25 | H105: =ROUND(Source!AD47*Source!I47, 2) -> 248.57 | J105: =IF(Source!BB47<> 0, Source!BB47, 1) -> 6.53 | K105: =Source!Q47 -> 1623.18
C106: в т.ч. зарплата машинистов | F106: =Source!AN47 -> 1.97 | G106: =Source!DF47 -> )*1,25 | H106: =ROUND(Source!AE47*Source!I47, 2) -> 33.98 | J106: =IF(Source!BS47<> 0, Source!BS47, 1) -> 6.53 | K106: =Source!R47 -> 221.91 | R106: =H106 -> 33.98
C107: Материальные ресурсы | F107: =Source!AL47 -> 25.72 | G107: =Source!DD47 | H107: =ROUND(Source!AC47*Source!I47, 2) -> 354.94 | J107: =IF(Source!BC47<> 0, Source!BC47, 1) -> 6.53 | K107: =Source!P47 -> 2317.73
C108: НР от ФОТ | D108: % | E108: =Source!BZ47 -> 90 | F108: =CONCATENATE(" )", Source!DL47, Source!FT47, "=", Source!FX47) -> )*0,9=81 | H108: =SUM(S103:S112) -> 333.59 | J108: =Source!AT47 -> 81 | K108: =SUM(T103:T112) -> 2178.39
C109: СП от ФОТ | D109: % | E109: =Source!CA47 -> 85 | F109: =CONCATENATE(" )", Source!DM47, Source!FU47, "=", Source!FY47) -> )*0,85=72,25 | H109: =SUM(U103:U112) -> 297.55 | J109: =Source!AU47 -> 72 | K109: =SUM(V103:V112) -> 1936.35
C110: Затраты труда | D110: чел-ч | E110: =Source!AQ47 -> 2.4 | G110: =Source!DI47 -> )*1,15 | L110: =Source!U47 -> 38.088
A111: =Source!E49 -> 10,1 | B111: =Source!F49 -> 07.1.01.01-0008 | C111: =Source!G49 -> Дверь металлическая двупольная ДПМ-02/60, размером 1500х2300 мм | D111: =Source!H49 -> шт. | E111: =Source!I49 -> 4 | F111: =Source!AL49+Source!AM49+Source!AO49 -> 5451.21 | H111: =ROUND(Source!AC49*Source!I49, 2)+ROUND(Source!AD49*Source!I49, 2)+ROUND(Source!AF49*Source!I49, 2) -> 21804.84 | J111: =IF(Source!BC49<> 0, Source!BC49, 1) -> 6.53 | K111: =Source!O49 -> 142385.61 | S111: =ROUND((Source!FX49/100)*((ROUND(Source!AF49*Source!I49, 2)+ROUND(Source!AE49*Source!I49, 2))), 2) -> 0 | T111: =Source!X49 -> 0 | U111: =ROUND((Source!FY49/100)*((ROUND(Source!AF49*Source!I49, 2)+ROUND(Source!AE49*Source!I49, 2))), 2) -> 0 | V111: =Source!Y49 -> 0 | W111: =IF(Source!BI49<=1,H111, 0) -> 21804.84 | X111: =IF(Source!BI49=2,H111, 0) -> 0 | Y111: =IF(Source!BI49=3,H111, 0) -> 0 | Z111: =IF(Source!BI49=4,H111, 0) -> 0
...

Sheet Акт КС-2 c НР и СП
A1: =Source!B1 -> Smeta.RU (495) 974-1589
E2: Унифицированная форма № КС-2
E3: Утверждена постановлением Госкомстата России
E4: от 11.11.99. № 100
G6: Код
F7: Форма по ОКУД | G7: 0322005
G8: =IF(Source!AT15 <> "", Source!AT15, "")
A9: Инвестор | C9: =IF(Source!BA15 <> "", Source!BA15, IF(Source!AU15 <> "", Source!AU15, "")) | F9: по ОКПО
C10: организация, адрес, телефон, факс | G10: =IF(Source!AK15 <> "", Source!AK15, "")
A11: Заказчик | C11: =IF(Source!AX12<> "", Source!AX12, IF(Source!AJ12 <> "", Source!AJ12, "")) | F11: по ОКПО
C12: организация, адрес, телефон, факс | G12: =IF(Source!AO15 <> "", Source!AO15, "")
A13: Подрядчик | C13: =IF(Source!AY12<> "", Source!AY12, IF(Source!AN12 <> "", Source!AN12, "")) | F13: по ОКПО
C14: организация, адрес, телефон, факс | G14: =IF(Source!CO15 <> "", Source!CO15, "")
A15: Стройка | C15: Капитальный ремонт помещений первого этажа лабораторного корпуса В НИЯУ МИФИ | AE15: Капитальный ремонт помещений первого этажа лабораторного корпуса В НИЯУ МИФИ
C16: наименование, адрес | G16: =IF(Source!CP15 <> "", Source!CP15, "")
A17: Объект | C17: =IF(Source!G12<>"Новый объект", Source!G12, "") -> Капитальный ремонт помещений первого этажа лабораторного корпуса В НИЯУ МИФИ | AE17: =IF(Source!G12<>"Новый объект", Source!G12, "") -> Капитальный ремонт помещений первого этажа лабораторного корпуса В НИЯУ МИФИ
C18: наименование
D19: Вид деятельности по ОКДП | G19: =IF(Source!CQ15 <> "", Source!CQ15, "")
D20: Договор подряда | F20: номер | G20: =IF(Source!CR15 <> "", Source!CR15, "")
F21: дата | G21: =IF(Source!CS15 <> 0, Source!CS15, "")
F22: Вид операции | G22: =IF(Source!CT15 <> "", Source!CT15, "")
D24: Номер документа | E24: Дата составления | F24: Отчетный период
F25: с | G25: по
D26: =IF(Source!CN15 <> "", Source!CN15, "") | E26: 43252.461
A28: AKT
A29: О ПРИЕМКЕ ВЫПОЛНЕННЫХ РАБОТ
A31: Сметная (договорная) стоимость в соответствии с договором подряда (субподряда) | F31: =(Source!P608/1000) -> 2074.7925 | H31: тыс.руб
A33: Номер | C33: Наименование работ | D33: Номер единичной расценки | E33: Единица измерения | F33: Выполнено работ
A34: по порядку | B34: поз. по смете | F34: Количество | G34: цена за единицу, руб | H34: стоимость, руб
A35: 1 | B35: 2 | C35: 3 | D35: 4 | E35: 5 | F35: 6 | G35: 7 | H35: 8
A37: =CONCATENATE("Локальная смета: ",IF(Source!G20<>"Новая локальная смета", Source!G20, "")) -> Локальная смета:
A39: =CONCATENATE("Раздел: ",IF(Source!G24<>"Новый раздел", Source!G24, "")) -> Раздел: Раздел Общестроительные работы
A40: 1 | B40: =Source!E29 -> 1 | C40: =Source!G29 -> Демонтаж : Установка металлических дверных блоков в готовые проемы | D40: =Source!F29 -> 09-04-012-01 | E40: =Source!H29 -> м2 | F40: =Source!I29 -> 13.8 | G40: =Source!AB29 -> 26.754 | H40: =Source!O29 -> 2410.91 | T40: =Source!O29+Source!X29+Source!Y29 -> 4898.99 | U40: =Source!P29 -> 0 | V40: =Source!S29 -> 1501.93 | W40: =Source!Q29 -> 908.98 | X40: =Source!R29 -> 124.27 | Y40: =Source!U29 -> 23.184 | Z40: =Source!V29 -> 1.6422 | AA40: =Source!X29 -> 1317.22 | AB40: =Source!Y29 -> 1170.86
C41: Коэфф. к ОЗП | D41: =Source!BA29 -> 6.53
C42: Коэфф. к эксплуатации машин | D42: =Source!BB29 -> 6.53
C43: Коэфф. к материалам | D43: =Source!BC29 -> 6.53
C44: Коэфф. к ЗПМ | D44: =Source!BS29 -> 6.53
C45: Стоимость материалов | D45: )*0
C46: Эксплуатация машин | D46: )*0,7
C47: Оплата труда машинистов | D47: )*0,7
C48: Оплата труда рабочих | D48: )*0,7
C49: Затраты труда рабочих | D49: )*0,7
C50: Затраты труда машинистов | D50: )*0,7
C51: % НР | F51: =Source!BZ29 -> 90 | G51: =(Source!AF29+Source!AE29)*Source!FX29/100 -> 14.61726 | H51: =Source!X29 -> 1317.22
C52: % НР с поправкой | G52: =CONCATENATE(Source!DL29,Source!FT29, "=", Source!FX29, "%") -> *0,9=81% | H52: =CONCATENATE(Source!AT29) -> 81
C53: % СП | F53: =Source!CA29 -> 85 | G53: =(Source!AF29+Source!AE29)*Source!FY29/100 -> 13.038235 | H53: =Source!Y29 -> 1170.86
C54: СП с поправкой | G54: =CONCATENATE(Source!DM29,Source!FU29, "=", Source!FY29, "%") -> *0,85=72,25% | H54: =CONCATENATE(Source!AU29) -> 72
C55: Итого с НР и СП | G55: =((Source!AF29+Source!AE29)*Source!FX29/100)+((Source!AF29+Source!AE29)*Source!FY29/100)+Source!AB29 -> 54.409495 | H55: =Source!O29+Source!X29+Source!Y29 -> 4898.99
A56: 2 | B56: =Source!E31 -> 2 | C56: =Source!G31 -> Разборка деревянных заполнений проемов дверных и воротных | D56: =Source!F31 -> 46-04-012-03 | E56: =Source!H31 -> 100 м2 | F56: =Source!I31 -> 0.276 | G56: =Source!AB31 -> 1082.58 | H56: =Source!O31 -> 1951.11 | T56: =Source!O31+Source!X31+Source!Y31 -> 4659.47 | U56: =Source!P31 -> 0 | V56: =Source!S31 -> 1515.05 | W56: =Source!Q31 -> 436.06 | X56: =Source!R31 -> 188.32 | Y56: =Source!U31 -> 28.67916 | Z56: =Source!V31 -> 2.13624 | AA56: =Source!X31 -> 1686.34 | AB56: =Source!Y31 -> 1022.02
C57: ="Объем: "&Source!I31&"=27,6/"&"100" -> Объем: 0,276=27,6/100
C58: Коэфф. к ОЗП | D58: =Source!BA31 -> 6.53
C59: Коэфф. к эксплуатации машин | D59: =Source!BB31 -> 6.53
C60: Коэфф. к материалам | D60: =Source!BC31 -> 6.53
C61: Коэфф. к ЗПМ | D61: =Source!BS31 -> 6.53
C62: % НР | F62: =Source!BZ31 -> 110 | G62: =(Source!AF31+Source!AE31)*Source!FX31/100 -> 935.6688 | H62: =Source!X31 -> 1686.34
C63: % НР с поправкой | G63: =CONCATENATE(Source!DL31,Source!FT31, "=", Source!FX31, "%") -> *0,9=99% | H63: =CONCATENATE(Source!AT31) -> 99
C64: % СП | F64: =Source!CA31 -> 70 | G64: =(Source!AF31+Source!AE31)*Source!FY31/100 -> 562.3464 | H64: =Source!Y31 -> 1022.02
C65: СП с поправкой | G65: =CONCATENATE(Source!DM31,Source!FU31, "=", Source!FY31, "%") -> *0,85=59,5% | H65: =CONCATENATE(Source!AU31) -> 60
C66: Итого с НР и СП | G66: =((Source!AF31+Source!AE31)*Source!FX31/100)+((Source!AF31+Source!AE31)*Source!FY31/100)+Source!AB31 -> 2580.5952 | H66: =Source!O31+Source!X31+Source!Y31 -> 4659.47
A67: 3 | B67: =Source!E33 -> 3 | C67: =Source!G33 -> Демонтаж: Установка уголков ПВХ на клее | D67: =Source!F33 -> 10-01-036-01 | E67: =Source!H33 -> 100 м | F67: =Source!I33 -> 0.5696 | G67: =Source!AB33 -> 45.72 | H67: =Source!O33 -> 170.05 | T67: =Source!O33+Source!X33+Source!Y33 -> 442.13 | U67: =Source!P33 -> 0 | V67: =Source!S33 -> 170.05 | W67: =Source!Q33 -> 0 | X67: =Source!R33 -> 0 | Y67: =Source!U33 -> 3.053056 | Z67: =Source!V33 -> 0 | AA67: =Source!X33 -> 180.25 | AB67: =Source!Y33 -> 91.83
C68: ="Объем: "&Source!I33&"=56,96/"&"100" -> Объем: 0,5696=56,96/100
C69: Коэфф. к ОЗП | D69: =Source!BA33 -> 6.53
C70: Коэфф. к эксплуатации машин | D70: =Source!BB33 -> 6.53
C71: Коэфф. к материалам | D71: =Source!BC33 -> 6.53
C72: Коэфф. к ЗПМ | D72: =Source!BS33 -> 6.53
C73: Стоимость материалов | D73: )*0
C74: Эксплуатация машин | D74: )*0,8
C75: Оплата труда машинистов | D75: )*0,8
C76: Оплата труда рабочих | D76: )*0,8
C77: Затраты труда рабочих | D77: )*0,8
C78: Затраты труда машинистов | D78: )*0,8
C79: % НР | F79: =Source!BZ33 -> 118 | G79: =(Source!AF33+Source!AE33)*Source!FX33/100 -> 48.55464 | H79: =Source!X33 -> 180.25
C80: % НР с поправкой | G80: =CONCATENATE(Source!DL33,Source!FT33, "=", Source!FX33, "%") -> *0,9=106,2% | H80: =CONCATENATE(Source!AT33) -> 106
C81: % СП | F81: =Source!CA33 -> 63 | G81: =(Source!AF33+Source!AE33)*Source!FY33/100 -> 24.48306 | H81: =Source!Y33 -> 91.83
C82: СП с поправкой | G82: =CONCATENATE(Source!DM33,Source!FU33, "=", Source!FY33, "%") -> *0,85=53,55% | H82: =CONCATENATE(Source!AU33) -> 54
C83: Итого с НР и СП | G83: =((Source!AF33+Source!AE33)*Source!FX33/100)+((Source!AF33+Source!AE33)*Source!FY33/100)+Source!AB33 -> 118.7577 | H83: =Source!O33+Source!X33+Source!Y33 -> 442.13
A84: 4 | B84: =Source!E35 -> 4 | C84: =Source!G35 -> Демонтаж : Монтаж перегородок из алюминиевых сплавов сборно-разборных с остеклением | D84: =Source!F35 -> 09-03-046-01 | E84: =Source!H35 -> 100 м2 | F84: =Source!I35 -> 0.5361 | G84: =Source!AB35 -> 2684.766 | H84: =Source!O35 -> 9398.65 | T84: =Source!O35+Source!X35+Source!Y35 -> 21773.69 | U84: =Source!P35 -> 0 | V84: =Source!S35 -> 8007.52 | W84: =Source!Q35 -> 1391.13 | X84: =Source!R35 -> 80.74 | Y84: =Source!U35 -> 121.8952 | Z84: =Source!V35 -> 0.9306696 | AA84: =Source!X35 -> 6551.49 | AB84: =Source!Y35 -> 5823.55
C85: ="Объем: "&Source!I35&"=53,61/"&"100" -> Объем: 0,5361=53,61/100
C86: Коэфф. к ОЗП | D86: =Source!BA35 -> 6.53
C87: Коэфф. к эксплуатации машин | D87: =Source!BB35 -> 6.53
C88: Коэфф. к материалам | D88: =Source!BC35 -> 6.53
C89: Коэфф. к ЗПМ | D89: =Source!BS35 -> 6.53
C90: Стоимость материалов | D90: )*0
C91: Эксплуатация машин | D91: )*0,7
C92: Оплата труда машинистов | D92: )*0,7
C93: Оплата труда рабочих | D93: )*0,7
C94: Затраты труда рабочих | D94: )*0,7
C95: Затраты труда машинистов | D95: )*0,7
C96: % НР | F96: =Source!BZ35 -> 90 | G96: =(Source!AF35+Source!AE35)*Source!FX35/100 -> 1871.4629 | H96: =Source!X35 -> 6551.49
C97: % НР с поправкой | G97: =CONCATENATE(Source!DL35,Source!FT35, "=", Source!FX35, "%") -> *0,9=81% | H97: =CONCATENATE(Source!AT35) -> 81
C98: % СП | F98: =Source!CA35 -> 85 | G98: =(Source!AF35+Source!AE35)*Source!FY35/100 -> 1669.2987 | H98: =Source!Y35 -> 5823.55
C99: СП с поправкой | G99: =CONCATENATE(Source!DM35,Source!FU35, "=", Source!FY35, "%") -> *0,85=72,25% | H99: =CONCATENATE(Source!AU35) -> 72
C100: Итого с НР и СП | G100: =((Source!AF35+Source!AE35)*Source!FX35/100)+((Source!AF35+Source!AE35)*Source!FY35/100)+Source!AB35 -> 6225.5276 | H100: =Source!O35+Source!X35+Source!Y35 -> 21773.69
A101: 5 | B101: =Source!E37 -> 5 | C101: =Source!G37 -> Разборка облицовки стен из известковых плит | D101: =Source!F37 -> 63-7-3 | E101: =Source!H37 -> 100 м2 | F101: =Source!I37 -> 1.3882 | G101: =Source!AB37 -> 4561.65 | H101: =Source!O37 -> 41351.11 | T101: =Source!O37+Source!X37+Source!Y37 -> 91138.79 | U101: =Source!P37 -> 0 | V101: =Source!S37 -> 39044.99 | W101: =Source!Q37 -> 2306.12 | X101: =Source!R37 -> 157.91 | Y101: =Source!U37 -> 759.76186 | Z101: =Source!V37 -> 1.790778 | AA101: =Source!X37 -> 30186.23 | AB101: =Source!Y37 -> 19601.45
C102: ="Объем: "&Source!I37&"=138,82/"&"100" -> Объем: 1,3882=138,82/100
C103: Коэфф. к ОЗП | D103: =Source!BA37 -> 6.53
C104: Коэфф. к эксплуатации машин | D104: =Source!BB37 -> 6.53
C105: Коэфф. к материалам | D105: =Source!BC37 -> 6.53
C106: Коэфф. к ЗПМ | D106: =Source!BS37 -> 6.53
C107: % НР | F107: =Source!BZ37 -> 77 | G107: =(Source!AF37+Source!AE37)*Source!FX37/100 -> 3329.9959 | H107: =Source!X37 -> 30186.23
...

Sheet Source
A1: 0 | B1: Smeta.RU (495) 974-1589 | D1: _PS_ | F1: 0 | G1: 0 | H1: 0 | I1: Smeta.RU | J1: НИЯУ МИФИ Доп. раб. место MCCS-0027251 | K1: 0 | L1: 27251 | M1: 10
A12: 1 | B12: 639 | C12: 0 | D12: =ROW(A573) -> 573 | E12: 0 | G12: Капитальный ремонт помещений первого этажа лабораторного корпуса В НИЯУ МИФИ | I12: 0 | K12: 0 | O12: 0 | P12: 0 | Q12: 0 | R12: 0 | S12: 0 | V12: 0 | BH12: Сметные нормы списания | BI12: Коды ценников | BJ12: 1 | BK12: 1 | BL12: 0 | BM12: 0 | BN12: 1 | BO12: 0 | BP12: 6 | BQ12: 2 | BR12: 1 | BS12: 1 | BT12: 0 | BU12: 0 | BV12: 0 | BW12: 0 | BX12: 0 | BY12: ФЕР-2017 | BZ12: ТР для Версии 10: Центральные регионы (с учетом п-ма 2536-ИП/12/ГС от 22.03.2017 г | CA12: ФЕР-2017 | CB12: ФЕР-2017 | CC12: ФЕР-2017 | CD12: ФЕР-2017 | CE12: Поправки для ГСН 2017 от 31.03.2017 г | CF12: 0 | CG12: 0 | CH12: 524296 | CK12: 4 | EC12: 0
A15: 15 | B15: 1
A18: 52 | B18: =B573 -> 639 | C18: =C573 -> 1 | D18: =D573 -> 12 | E18: =E573 -> 0 | F18: =F573 | G18: =G573 -> Капитальный ремонт помещений первого этажа лабораторного корпуса В НИЯУ МИФИ | O18: =O573 -> 225058.71 | P18: =P573 -> 194749.31 | Q18: =Q573 -> 4406.46 | R18: =R573 -> 679.97 | S18: =S573 -> 25902.94 | T18: =T573 -> 0 | U18: =U573 -> 2927.0809 | V18: =V573 -> 61.198355 | ... GX18: =GX573 -> 0
A20: 3 | B20: 1 | D20: =ROW(A536) -> 536 | F20: Новая локальная смета | G20: Новая локальная смета | I20: 0 | K20: 0 | V20: 0 | BX20: 0 | CF20: 0 | CG20: 0
A22: 52 | B22: =B536 -> 1 | C22: =C536 -> 3 | D22: =D536 -> 20 | E22: =E536 -> 0 | F22: =F536 -> Новая локальная смета | G22: =G536 -> Новая локальная смета | O22: =O536 -> 225058.71 | P22: =P536 -> 194749.31 | Q22: =Q536 -> 4406.46 | R22: =R536 -> 679.97 | S22: =S536 -> 25902.94 | T22: =T536 -> 0 | U22: =U536 -> 2927.0809 | V22: =V536 -> 61.198355 | ... GX22: =GX536 -> 0
A24: 4 | B24: 1 | D24: =ROW(A165) -> 165 | F24: Новый раздел | G24: Раздел Общестроительные работы | I24: 0 | K24: 0 | V24: 0 | BX24: 0 | CJ24: 0
A26: 52 | B26: =B165 -> 1 | C26: =C165 -> 4 | D26: =D165 -> 24 | E26: =E165 -> 0 | F26: =F165 -> Новый раздел | G26: =G165 -> Раздел Общестроительные работы | O26: =O165 -> 143435.03 | P26: =P165 -> 121594.05 | Q26: =Q165 -> 3835.22 | R26: =R165 -> 612.55 | S26: =S165 -> 18005.76 | T26: =T165 -> 0 | U26: =U165 -> 2102.4735 | V26: =V165 -> 55.890315 | ... GX26: =GX165 -> 0
A28: 17 | B28: 1 | C28: =ROW(SmtRes!A7) -> 7 | D28: =ROW(EtalonRes!A9) -> 9 | E28: 1 | F28: 09-04-012-01 | G28: Демонтаж : Установка металлических дверных блоков в готовые проемы | H28: м2 | I28: 13.8 | J28: 0 | O28: =ROUND(CP28,2) -> 369.2 | P28: =ROUND(CQ28*I28,2) -> 0 | Q28: =ROUND(CR28*I28,2) -> 139.2 | R28: =ROUND(CS28*I28,2) -> 19.03 | S28: =ROUND(CT28*I28,2) -> 230 | T28: =ROUND(CU28*I28,2) -> 0 | U28: =CV28*I28 -> 23.184 | V28: =CW28*I28 -> 1.6422 | W28: =ROUND(CX28*I28,2) -> 0 | X28: =ROUND(CY28,2) -> 201.71 | Y28: =ROUND(CZ28,2) -> 179.3 | AA28: 16483241 | AB28: =ROUND((AC28+AD28+AF28),6) -> 26.754 | AC28: =ROUND(((ES28*0)),6) -> 0 | AD28: =ROUND(((((ET28*0.7))-((EU28*0.7)))+AE28),6) -> 10.087 | AE28: =ROUND(((EU28*0.7)),6) -> 1.379 | AF28: =ROUND(((EV28*0.7)),6) -> 16.667 | AG28: =ROUND((AP28),6) -> 0 | AH28: =((EW28*0.7)) -> 1.68 | AI28: =((EX28*0.7)) -> 0.119 | AJ28: =ROUND((AS28),6) -> 0 | AK28: 63.94 | AL28: 25.72 | AM28: 14.41 | AN28: 1.97 | AO28: 23.81 | AP28: 0 | AQ28: 2.4 | AR28: 0.17 | AS28: 0 | AT28: 81 | AU28: 72 | AV28: 1 | AW28: 1 | AZ28: 1 | BA28: 1 | BB28: 1 | BC28: 1 | BH28: 0 | BI28: 1 | BJ28: ФЕР-2001, 09-04-012-01, приказ Минстроя России №1039/пр от 30.12.2016г. | BM28: 9001 | BN28: 0 | BP28: 0 | BQ28: 2 | BR28: 0 | BS28: 1 | BT28: 1 | BU28: 1 | BV28: 1 | BW28: 1 | BX28: 1 | BZ28: 90 | CA28: 85 | CF28: 0 | CG28: 0 | CM28: 0 | CN28: Поправка: Прил. 9.3, п.5 Наименование: Разборка (демонтаж) металлических конструкций | CO28: 0 | CP28: =(P28+Q28+S28) -> 369.2 | CQ28: =AC28*BC28 -> 0 | CR28: =AD28*BB28 -> 10.087 | CS28: =AE28*BS28 -> 1.379 | CT28: =AF28*BA28 -> 16.667 | CU28: =AG28 -> 0 | CV28: =AH28 -> 1.68 | CW28: =AI28 -> 0.119 | CX28: =AJ28 -> 0 | CY28: =(((S28+R28)*AT28)/100) -> 201.7143 | CZ28: =(((S28+R28)*AU28)/100) -> 179.3016 | DD28: )*0 | DE28: )*0,7 | DF28: )*0,7 | DG28: )*0,7 | DI28: )*0,7 | DJ28: )*0,7 | DN28: 0 | DO28: 0 | DP28: 1 | DQ28: 1 | DU28: 1005 | DV28: м2 | DW28: м2 | DX28: 1 | EE28: 16510486 | EF28: 2 | EG28: Общестроительные работы | EH28: 0 | EJ28: 1 | EK28: 9001 | EL28: Металлические конструкции | EM28: ФЕР-09 | EO28: Поправка: Прил. 9.3, п.5 | EQ28: 0 | ER28: 63.94 | ES28: 25.72 | ET28: 14.41 | EU28: 1.97 | EV28: 23.81 | EW28: 2.4 | EX28: 0.17 | EY28: 0 | FQ28: 0 | FR28: =ROUND(IF(AND(BH28=3,BI28=3),P28,0),2) -> 0 | FS28: 0 | FT28: *0,9 | FU28: *0,85 | FX28: 81 | FY28: 72.25 | GD28: 0 | GF28: 617592136 | GG28: 2 | GH28: 1 | GI28: -2 | GJ28: 0 | GK28: =ROUND(R28*(R12)/100,2) -> 0 | GL28: =ROUND(IF(AND(BH28=3,BI28=3,FS28<>0),P28,0),2) -> 0 | GM28: =ROUND(O28+X28+Y28+GK28,2)+GX28 -> 750.21 | GN28: =IF(OR(BI28=0,BI28=1),ROUND(O28+X28+Y28+GK28,2),0) -> 750.21 | GO28: =IF(BI28=2,ROUND(O28+X28+Y28+GK28,2),0) -> 0 | GP28: =IF(BI28=4,ROUND(O28+X28+Y28+GK28,2)+GX28,0) -> 0 | GR28: 0 | GS28: 3 | GT28: 0 | GV28: =ROUND(GT28,6) -> 0 | GW28: 1 | GX28: =ROUND(GV28*GW28*I28,2) -> 0 | HA28: 0 | HB28: 0 | IK28: 0
A29: 17 | B29: 1 | C29: =ROW(SmtRes!A14) -> 14 | D29: =ROW(EtalonRes!A18) -> 18 | E29: 1 | F29: 09-04-012-01 | G29: Демонтаж : Установка металлических дверных блоков в готовые проемы | H29: м2 | I29: 13.8 | J29: 0 | O29: =ROUND(CP29,2) -> 2410.91 | P29: =ROUND(CQ29*I29,2) -> 0 | Q29: =ROUND(CR29*I29,2) -> 908.98 | R29: =ROUND(CS29*I29,2) -> 124.27 | S29: =ROUND(CT29*I29,2) -> 1501.93 | T29: =ROUND(CU29*I29,2) -> 0 | U29: =CV29*I29 -> 23.184 | V29: =CW29*I29 -> 1.6422 | W29: =ROUND(CX29*I29,2) -> 0 | X29: =ROUND(CY29,2) -> 1317.22 | Y29: =ROUND(CZ29,2) -> 1170.86 | AA29: 16483255 | AB29: =ROUND((AC29+AD29+AF29),6) -> 26.754 | AC29: =ROUND(((ES29*0)),6) -> 0 | AD29: =ROUND(((((ET29*0.7))-((EU29*0.7)))+AE29),6) -> 10.087 | AE29: =ROUND(((EU29*0.7)),6) -> 1.379 | AF29: =ROUND(((EV29*0.7)),6) -> 16.667 | AG29: =ROUND((AP29),6) -> 0 | AH29: =((EW29*0.7)) -> 1.68 | AI29: =((EX29*0.7)) -> 0.119 | AJ29: =ROUND((AS29),6) -> 0 | AK29: 63.94 | AL29: 25.72 | AM29: 14.41 | AN29: 1.97 | AO29: 23.81 | AP29: 0 | AQ29: 2.4 | AR29: 0.17 | AS29: 0 | AT29: 81 | AU29: 72 | AV29: 1 | AW29: 1 | AZ29: 6.53 | BA29: 6.53 | BB29: 6.53 | BC29: 6.53 | BH29: 0 | BI29: 1 | BJ29: ФЕР-2001, 09-04-012-01, приказ Минстроя России №1039/пр от 30.12.2016г. | BM29: 9001 | BN29: 0 | BP29: 0 | BQ29: 2 | BR29: 0 | BS29: 6.53 | BT29: 1 | BU29: 1 | BV29: 1 | BW29: 1 | BX29: 1 | BZ29: 90 | CA29: 85 | CF29: 0 | CG29: 0 | CM29: 0 | CN29: Поправка: Прил. 9.3, п.5 Наименование: Разборка (демонтаж) металлических конструкций | CO29: 0 | CP29: =(P29+Q29+S29) -> 2410.91 | CQ29: =AC29*BC29 -> 0 | CR29: =AD29*BB29 -> 65.86811 | CS29: =AE29*BS29 -> 9.00487 | CT29: =AF29*BA29 -> 108.83551 | CU29: =AG29 -> 0 | CV29: =AH29 -> 1.68 | CW29: =AI29 -> 0.119 | CX29: =AJ29 -> 0 | CY29: =(((S29+R29)*AT29)/100) -> 1317.222 | CZ29: =(((S29+R29)*AU29)/100) -> 1170.864 | DD29: )*0 | DE29: )*0,7 | DF29: )*0,7 | DG29: )*0,7 | DI29: )*0,7 | DJ29: )*0,7 | DN29: 0 | DO29: 0 | DP29: 1 | DQ29: 1 | DU29: 1005 | DV29: м2 | DW29: м2 | DX29: 1 | EE29: 16510486 | EF29: 2 | EG29: Общестроительные работы | EH29: 0 | EJ29: 1 | EK29: 9001 | EL29: Металлические конструкции | EM29: ФЕР-09 | EO29: Поправка: Прил. 9.3, п.5 | EQ29: 0 | ER29: 63.94 | ES29: 25.72 | ET29: 14.41 | EU29: 1.97 | EV29: 23.81 | EW29: 2.4 | EX29: 0.17 | EY29: 0 | FQ29: 0 | FR29: =ROUND(IF(AND(BH29=3,BI29=3),P29,0),2) -> 0 | FS29: 0 | FT29: *0,9 | FU29: *0,85 | FX29: 81 | FY29: 72.25 | GD29: 0 | GF29: 617592136 | GG29: 1 | GH29: 1 | GI29: 4 | GJ29: 0 | GK29: =ROUND(R29*(S12)/100,2) -> 0 | GL29: =ROUND(IF(AND(BH29=3,BI29=3,FS29<>0),P29,0),2) -> 0 | GM29: =ROUND(O29+X29+Y29+GK29,2)+GX29 -> 4898.99 | GN29: =IF(OR(BI29=0,BI29=1),ROUND(O29+X29+Y29+GK29,2),0) -> 4898.99 | GO29: =IF(BI29=2,ROUND(O29+X29+Y29+GK29,2),0) -> 0 | GP29: =IF(BI29=4,ROUND(O29+X29+Y29+GK29,2)+GX29,0) -> 0 | GR29: 0 | GS29: 3 | GT29: 0 | GV29: =ROUND(GT29,6) -> 0 | GW29: 1 | GX29: =ROUND(GV29*GW29*I29,2) -> 0 | HA29: 0 | HB29: 0 | IK29: 0
A30: 17 | B30: 1 | C30: =ROW(SmtRes!A17) -> 17 | D30: =ROW(EtalonRes!A21) -> 21 | E30: 2 | F30: 46-04-012-03 | G30: Разборка деревянных заполнений проемов дверных и воротных | H30: 100 м2 | I30: =ROUND(27.6/100,9) -> 0.276 | J30: 0 | O30: =ROUND(CP30,2) -> 298.79 | P30: =ROUND(CQ30*I30,2) -> 0 | Q30: =ROUND(CR30*I30,2) -> 66.78 | R30: =ROUND(CS30*I30,2) -> 28.84 | S30: =ROUND(CT30*I30,2) -> 232.01 | T30: =ROUND(CU30*I30,2) -> 0 | U30: =CV30*I30 -> 28.67916 | V30: =CW30*I30 -> 2.13624 | W30: =ROUND(CX30*I30,2) -> 0 | X30: =ROUND(CY30,2) -> 258.24 | Y30: =ROUND(CZ30,2) -> 156.51 | AA30: 16483241 | AB30: =ROUND((AC30+AD30+AF30),6) -> 1082.58 | AC30: =ROUND((ES30),6) -> 0 | AD30: =ROUND((((ET30)-(EU30))+AE30),6) -> 241.95 | AE30: =ROUND((EU30),6) -> 104.49 | AF30: =ROUND((EV30),6) -> 840.63 | AG30: =ROUND((AP30),6) -> 0 | AH30: =(EW30) -> 103.91 | AI30: =(EX30) -> 7.74 | AJ30: =ROUND((AS30),6) -> 0 | AK30: 1082.58 | AL30: 0 | AM30: 241.95 | AN30: 104.49 | AO30: 840.63 | AP30: 0 | AQ30: 103.91 | AR30: 7.74 | AS30: 0 | AT30: 99 | AU30: 60 | AV30: 1 | AW30: 1 | AZ30: 1 | BA30: 1 | BB30: 1 | BC30: 1 | BH30: 0 | BI30: 1 | BJ30: ФЕР-2001, 46-04-012-03, приказ Минстроя России №1039/пр от 30.12.2016г. | BM30: 46001 | BN30: 0 | BP30: 0 | BQ30: 2 | BR30: 0 | BS30: 1 | BT30: 1 | BU30: 1 | BV30: 1 | BW30: 1 | BX30: 1 | BZ30: 110 | CA30: 70 | CF30: 0 | CG30: 0 | CM30: 0 | CO30: 0 | CP30: =(P30+Q30+S30) -> 298.79 | CQ30: =AC30*BC30 -> 0 | CR30: =AD30*BB30 -> 241.95 | CS30: =AE30*BS30 -> 104.49 | CT30: =AF30*BA30 -> 840.63 | CU30: =AG30 -> 0 | CV30: =AH30 -> 103.91 | CW30: =AI30 -> 7.74 | CX30: =AJ30 -> 0 | CY30: =(((S30+R30)*AT30)/100) -> 258.2415 | CZ30: =(((S30+R30)*AU30)/100) -> 156.51 | DN30: 0 | DO30: 0 | DP30: 1 | DQ30: 1 | DU30: 1005 | DV30: 100 м2 | DW30: 100 м2 | DX30: 100 | EE30: 16510555 | EF30: 2 | EG30: Общестроительные работы | EH30: 0 | EJ30: 1 | EK30: 46001 | EL30: Реконструкция зданий и сооружений | EM30: ФЕР-46 | EQ30: 0 | ER30: 1082.58 | ES30: 0 | ET30: 241.95 | EU30: 104.49 | EV30: 840.63 | EW30: 103.91 | EX30: 7.74 | EY30: 0 | FQ30: 0 | FR30: =ROUND(IF(AND(BH30=3,BI30=3),P30,0),2) -> 0 | FS30: 0 | FT30: *0,9 | FU30: *0,85 | FX30: 99 | FY30: 59.5 | GD30: 0 | GF30: 309229644 | GG30: 2 | GH30: 1 | GI30: -2 | GJ30: 0 | GK30: =ROUND(R30*(R12)/100,2) -> 0 | GL30: =ROUND(IF(AND(BH30=3,BI30=3,FS30<>0),P30,0),2) -> 0 | GM30: =ROUND(O30+X30+Y30+GK30,2)+GX30 -> 713.54 | GN30: =IF(OR(BI30=0,BI30=1),ROUND(O30+X30+Y30+GK30,2),0) -> 713.54 | GO30: =IF(BI30=2,ROUND(O30+X30+Y30+GK30,2),0) -> 0 | GP30: =IF(BI30=4,ROUND(O30+X30+Y30+GK30,2)+GX30,0) -> 0 | GR30: 0 | GS30: 3 | GT30: 0 | GV30: =ROUND(GT30,6) -> 0 | GW30: 1 | GX30: =ROUND(GV30*GW30*I30,2) -> 0 | HA30: 0 | HB30: 0 | IK30: 0
A31: 17 | B31: 1 | C31: =ROW(SmtRes!A20) -> 20 | D31: =ROW(EtalonRes!A24) -> 24 | E31: 2 | F31: 46-04-012-03 | G31: Разборка деревянных заполнений проемов дверных и воротных | H31: 100 м2 | I31: =ROUND(27.6/100,9) -> 0.276 | J31: 0 | O31: =ROUND(CP31,2) -> 1951.11 | P31: =ROUND(CQ31*I31,2) -> 0 | Q31: =ROUND(CR31*I31,2) -> 436.06 | R31: =ROUND(CS31*I31,2) -> 188.32 | S31: =ROUND(CT31*I31,2) -> 1515.05 | T31: =ROUND(CU31*I31,2) -> 0 | U31: =CV31*I31 -> 28.67916 | V31: =CW31*I31 -> 2.13624 | W31: =ROUND(CX31*I31,2) -> 0 | X31: =ROUND(CY31,2) -> 1686.34 | Y31: =ROUND(CZ31,2) -> 1022.02 | AA31: 16483255 | AB31: =ROUND((AC31+AD31+AF31),6) -> 1082.58 | AC31: =ROUND((ES31),6) -> 0 | AD31: =ROUND((((ET31)-(EU31))+AE31),6) -> 241.95 | AE31: =ROUND((EU31),6) -> 104.49 | AF31: =ROUND((EV31),6) -> 840.63 | AG31: =ROUND((AP31),6) -> 0 | AH31: =(EW31) -> 103.91 | AI31: =(EX31) -> 7.74 | AJ31: =ROUND((AS31),6) -> 0 | AK31: 1082.58 | AL31: 0 | AM31: 241.95 | AN31: 104.49 | AO31: 840.63 | AP31: 0 | AQ31: 103.91 | AR31: 7.74 | AS31: 0 | AT31: 99 | AU31: 60 | AV31: 1 | AW31: 1 | AZ31: 6.53 | BA31: 6.53 | BB31: 6.53 | BC31: 6.53 | BH31: 0 | BI31: 1 | BJ31: ФЕР-2001, 46-04-012-03, приказ Минстроя России №1039/пр от 30.12.2016г. | BM31: 46001 | BN31: 0 | BP31: 0 | BQ31: 2 | BR31: 0 | BS31: 6.53 | BT31: 1 | BU31: 1 | BV31: 1 | BW31: 1 | BX31: 1 | BZ31: 110 | CA31: 70 | CF31: 0 | CG31: 0 | CM31: 0 | CO31: 0 | CP31: =(P31+Q31+S31) -> 1951.11 | CQ31: =AC31*BC31 -> 0 | CR31: =AD31*BB31 -> 1579.9335 | CS31: =AE31*BS31 -> 682.3197 | CT31: =AF31*BA31 -> 5489.3139 | CU31: =AG31 -> 0 | CV31: =AH31 -> 103.91 | CW31: =AI31 -> 7.74 | CX31: =AJ31 -> 0 | CY31: =(((S31+R31)*AT31)/100) -> 1686.3363 | CZ31: =(((S31+R31)*AU31)/100) -> 1022.022 | DN31: 0 | DO31: 0 | DP31: 1 | DQ31: 1 | DU31: 1005 | DV31: 100 м2 | DW31: 100 м2 | DX31: 100 | EE31: 16510555 | EF31: 2 | EG31: Общестроительные работы | EH31: 0 | EJ31: 1 | EK31: 46001 | EL31: Реконструкция зданий и сооружений | EM31: ФЕР-46 | EQ31: 0 | ER31: 1082.58 | ES31: 0 | ET31: 241.95 | EU31: 104.49 | EV31: 840.63 | EW31: 103.91 | EX31: 7.74 | EY31: 0 | FQ31: 0 | FR31: =ROUND(IF(AND(BH31=3,BI31=3),P31,0),2) -> 0 | FS31: 0 | FT31: *0,9 | FU31: *0,85 | FX31: 99 | FY31: 59.5 | GD31: 0 | GF31: 309229644 | GG31: 1 | GH31: 1 | GI31: 4 | GJ31: 0 | GK31: =ROUND(R31*(S12)/100,2) -> 0 | GL31: =ROUND(IF(AND(BH31=3,BI31=3,FS31<>0),P31,0),2) -> 0 | GM31: =ROUND(O31+X31+Y31+GK31,2)+GX31 -> 4659.47 | GN31: =IF(OR(BI31=0,BI31=1),ROUND(O31+X31+Y31+GK31,2),0) -> 4659.47 | GO31: =IF(BI31=2,ROUND(O31+X31+Y31+GK31,2),0) -> 0 | GP31: =IF(BI31=4,ROUND(O31+X31+Y31+GK31,2)+GX31,0) -> 0 | GR31: 0 | GS31: 3 | GT31: 0 | GV31: =ROUND(GT31,6) -> 0 | GW31: 1 | GX31: =ROUND(GV31*GW31*I31,2) -> 0 | HA31: 0 | HB31: 0 | IK31: 0
A32: 17 | B32: 1 | C32: =ROW(SmtRes!A22) -> 22 | D32: =ROW(EtalonRes!A27) -> 27 | E32: 3 | F32: 10-01-036-01 | G32: Демонтаж: Установка уголков ПВХ на клее | H32: 100 м | I32: =ROUND(56.96/100,9) -> 0.5696 | J32: 0 | O32: =ROUND(CP32,2) -> 26.04 | P32: =ROUND(CQ32*I32,2) -> 0 | Q32: =ROUND(CR32*I32,2) -> 0 | R32: =ROUND(CS32*I32,2) -> 0 | S32: =ROUND(CT32*I32,2) -> 26.04 | T32: =ROUND(CU32*I32,2) -> 0 | U32: =CV32*I32 -> 3.053056 | V32: =CW32*I32 -> 0 | W32: =ROUND(CX32*I32,2) -> 0 | X32: =ROUND(CY32,2) -> 27.6 | Y32: =ROUND(CZ32,2) -> 14.06 | AA32: 16483241 | AB32: =ROUND((AC32+AD32+AF32),6) -> 45.72 | AC32: =ROUND(((ES32*0)),6) -> 0 | AD32: =ROUND(((((ET32*0.8))-((EU32*0.8)))+AE32),6) -> 0 | AE32: =ROUND(((EU32*0.8)),6) -> 0 | AF32: =ROUND(((EV32*0.8)),6) -> 45.72 | AG32: =ROUND((AP32),6) -> 0 | AH32: =((EW32*0.8)) -> 5.36 | AI32: =((EX32*0.8)) -> 0 | AJ32: =ROUND((AS32),6) -> 0 | AK32: 93.15 | AL32: 36 | AM32: 0 | AN32: 0 | AO32: 57.15 | AP32: 0 | AQ32: 6.7 | AR32: 0 | AS32: 0 | AT32: 106 | AU32: 54 | AV32: 1 | AW32: 1 | AZ32: 1 | BA32: 1 | BB32: 1 | BC32: 1 | BH32: 0 | BI32: 1 | BJ32: ФЕР-2001, 10-01-036-01, приказ Минстроя России №1039/пр от 30.12.2016г. | BM32: 10001 | BN32: 0 | BP32: 0 | BQ32: 2 | BR32: 0 | BS32: 1 | BT32: 1 | BU32: 1 | BV32: 1 | BW32: 1 | BX32: 1 | BZ32: 118 | CA32: 63 | CF32: 0 | CG32: 0 | CM32: 0 | CN32: Поправка: Табл.2, п.2 Наименование: При демонтаже (разборке) сборных деревянных конструкций | CO32: 0 | CP32: =(P32+Q32+S32) -> 26.04 | CQ32: =AC32*BC32 -> 0 | CR32: =AD32*BB32 -> 0 | CS32: =AE32*BS32 -> 0 | CT32: =AF32*BA32 -> 45.72 | CU32: =AG32 -> 0 | CV32: =AH32 -> 5.36 | CW32: =AI32 -> 0 | CX32: =AJ32 -> 0 | CY32: =(((S32+R32)*AT32)/100) -> 27.6024 | CZ32: =(((S32+R32)*AU32)/100) -> 14.0616 | DD32: )*0 | DE32: )*0,8 | DF32: )*0,8 | DG32: )*0,8 | DI32: )*0,8 | DJ32: )*0,8 | DN32: 0 | DO32: 0 | DP32: 1 | DQ32: 1 | DU32: 1003 | DV32: 100 м | DW32: 100 м | DX32: 100 | EE32: 16510487 | EF32: 2 | EG32: Общестроительные работы | EH32: 0 | EJ32: 1 | EK32: 10001 | EL32: Деревянные конструкции | EM32: ФЕР-10 | EO32: Поправка: Табл.2, п.2 | EQ32: 0 | ER32: 93.15 | ES32: 36 | ET32: 0 | EU32: 0 | EV32: 57.15 | EW32: 6.7 | EX32: 0 | EY32: 0 | FQ32: 0 | FR32: =ROUND(IF(AND(BH32=3,BI32=3),P32,0),2) -> 0 | FS32: 0 | FT32: *0,9 | FU32: *0,85 | FX32: 106.2 | FY32: 53.55 | GD32: 0 | GF32: -732961495 | GG32: 2 | GH32: 1 | GI32: -2 | GJ32: 0 | GK32: =ROUND(R32*(R12)/100,2) -> 0 | GL32: =ROUND(IF(AND(BH32=3,BI32=3,FS32<>0),P32,0),2) -> 0 | GM32: =ROUND(O32+X32+Y32+GK32,2)+GX32 -> 67.7 | GN32: =IF(OR(BI32=0,BI32=1),ROUND(O32+X32+Y32+GK32,2),0) -> 67.7 | GO32: =IF(BI32=2,ROUND(O32+X32+Y32+GK32,2),0) -> 0 | GP32: =IF(BI32=4,ROUND(O32+X32+Y32+GK32,2)+GX32,0) -> 0 | GR32: 0 | GS32: 3 | GT32: 0 | GV32: =ROUND(GT32,6) -> 0 | GW32: 1 | GX32: =ROUND(GV32*GW32*I32,2) -> 0 | HA32: 0 | HB32: 0 | IK32: 0
A33: 17 | B33: 1 | C33: =ROW(SmtRes!A24) -> 24 | D33: =ROW(EtalonRes!A30) -> 30 | E33: 3 | F33: 10-01-036-01 | G33: Демонтаж: Установка уголков ПВХ на клее | H33: 100 м | I33: =ROUND(56.96/100,9) -> 0.5696 | J33: 0 | O33: =ROUND(CP33,2) -> 170.05 | P33: =ROUND(CQ33*I33,2) -> 0 | Q33: =ROUND(CR33*I33,2) -> 0 | R33: =ROUND(CS33*I33,2) -> 0 | S33: =ROUND(CT33*I33,2) -> 170.05 | T33: =ROUND(CU33*I33,2) -> 0 | U33: =CV33*I33 -> 3.053056 | V33: =CW33*I33 -> 0 | W33: =ROUND(CX33*I33,2) -> 0 | X33: =ROUND(CY33,2) -> 180.25 | Y33: =ROUND(CZ33,2) -> 91.83 | AA33: 16483255 | AB33: =ROUND((AC33+AD33+AF33),6) -> 45.72 | AC33: =ROUND(((ES33*0)),6) -> 0 | AD33: =ROUND(((((ET33*0.8))-((EU33*0.8)))+AE33),6) -> 0 | AE33: =ROUND(((EU33*0.8)),6) -> 0 | AF33: =ROUND(((EV33*0.8)),6) -> 45.72 | AG33: =ROUND((AP33),6) -> 0 | AH33: =((EW33*0.8)) -> 5.36 | AI33: =((EX33*0.8)) -> 0 | AJ33: =ROUND((AS33),6) -> 0 | AK33: 93.15 | AL33: 36 | AM33: 0 | AN33: 0 | AO33: 57.15 | AP33: 0 | AQ33: 6.7 | AR33: 0 | AS33: 0 | AT33: 106 | AU33: 54 | AV33: 1 | AW33: 1 | AZ33: 6.53 | BA33: 6.53 | BB33: 6.53 | BC33: 6.53 | BH33: 0 | BI33: 1 | BJ33: ФЕР-2001, 10-01-036-01, приказ Минстроя России №1039/пр от 30.12.2016г. | BM33: 10001 | BN33: 0 | BP33: 0 | BQ33: 2 | BR33: 0 | BS33: 6.53 | BT33: 1 | BU33: 1 | BV33: 1 | BW33: 1 | BX33: 1 | BZ33: 118 | CA33: 63 | CF33: 0 | CG33: 0 | CM33: 0 | CN33: Поправка: Табл.2, п.2 Наименование: При демонтаже (разборке) сборных деревянных конструкций | CO33: 0 | CP33: =(P33+Q33+S33) -> 170.05 | CQ33: =AC33*BC33 -> 0 | CR33: =AD33*BB33 -> 0 | CS33: =AE33*BS33 -> 0 | CT33: =AF33*BA33 -> 298.5516 | CU33: =AG33 -> 0 | CV33: =AH33 -> 5.36 | CW33: =AI33 -> 0 | CX33: =AJ33 -> 0 | CY33: =(((S33+R33)*AT33)/100) -> 180.253 | CZ33: =(((S33+R33)*AU33)/100) -> 91.827 | DD33: )*0 | DE33: )*0,8 | DF33: )*0,8 | DG33: )*0,8 | DI33: )*0,8 | DJ33: )*0,8 | DN33: 0 | DO33: 0 | DP33: 1 | DQ33: 1 | DU33: 1003 | DV33: 100 м | DW33: 100 м | DX33: 100 | EE33: 16510487 | EF33: 2 | EG33: Общестроительные работы | EH33: 0 | EJ33: 1 | EK33: 10001 | EL33: Деревянные конструкции | EM33: ФЕР-10 | EO33: Поправка: Табл.2, п.2 | EQ33: 0 | ER33: 93.15 | ES33: 36 | ET33: 0 | EU33: 0 | EV33: 57.15 | EW33: 6.7 | EX33: 0 | EY33: 0 | FQ33: 0 | FR33: =ROUND(IF(AND(BH33=3,BI33=3),P33,0),2) -> 0 | FS33: 0 | FT33: *0,9 | FU33: *0,85 | FX33: 106.2 | FY33: 53.55 | GD33: 0 | GF33: -732961495 | GG33: 1 | GH33: 1 | GI33: 4 | GJ33: 0 | GK33: =ROUND(R33*(S12)/100,2) -> 0 | GL33: =ROUND(IF(AND(BH33=3,BI33=3,FS33<>0),P33,0),2) -> 0 | GM33: =ROUND(O33+X33+Y33+GK33,2)+GX33 -> 442.13 | GN33: =IF(OR(BI33=0,BI33=1),ROUND(O33+X33+Y33+GK33,2),0) -> 442.13 | GO33: =IF(BI33=2,ROUND(O33+X33+Y33+GK33,2),0) -> 0 | GP33: =IF(BI33=4,ROUND(O33+X33+Y33+GK33,2)+GX33,0) -> 0 | GR33: 0 | GS33: 3 | GT33: 0 | GV33: =ROUND(GT33,6) -> 0 | GW33: 1 | GX33: =ROUND(GV33*GW33*I33,2) -> 0 | HA33: 0 | HB33: 0 | IK33: 0
A34: 17 | B34: 1 | C34: =ROW(SmtRes!A33) -> 33 | D34: =ROW(EtalonRes!A43) -> 43 | E34: 4 | F34: 09-03-046-01 | G34: Демонтаж : Монтаж перегородок из алюминиевых сплавов сборно-разборных с остеклением | H34: 100 м2 | I34: =ROUND(53.61/100,9) -> 0.5361 | J34: 0 | O34: =ROUND(CP34,2) -> 1439.31 | P34: =ROUND(CQ34*I34,2) -> 0 | Q34: =ROUND(CR34*I34,2) -> 213.04 | R34: =ROUND(CS34*I34,2) -> 12.37 | S34: =ROUND(CT34*I34,2) -> 1226.27 | T34: =ROUND(CU34*I34,2) -> 0 | U34: =CV34*I34 -> 121.8952 | V34: =CW34*I34 -> 0.9306696 | W34: =ROUND(CX34*I34,2) -> 0 | X34: =ROUND(CY34,2) -> 1003.3 | Y34: =ROUND(CZ34,2) -> 891.82 | AA34: 16483241 | AB34: =ROUND((AC34+AD34+AF34),6) -> 2684.766 | AC34: =ROUND(((ES34*0)),6) -> 0 | AD34: =ROUND(((((ET34*0.7))-((EU34*0.7)))+AE34),6) -> 397.383 | AE34: =ROUND(((EU34*0.7)),6) -> 23.065 | AF34: =ROUND(((EV34*0.7)),6) -> 2287.383 | AG34: =ROUND((AP34),6) -> 0 | AH34: =((EW34*0.7)) -> 227.374 | AI34: =((EX34*0.7)) -> 1.736 | AJ34: =ROUND((AS34),6) -> 0 | AK34: 4111.26 | AL34: 275.88 | AM34: 567.69 | AN34: 32.95 | AO34: 3267.69 | AP34: 0 | AQ34: 324.82 | AR34: 2.48 | AS34: 0 | AT34: 81 | AU34: 72 | AV34: 1 | AW34: 1 | AZ34: 1 | BA34: 1 | BB34: 1 | BC34: 1 | BH34: 0 | BI34: 1 | BJ34: ФЕР-2001, 09-03-046-01, приказ Минстроя России №1039/пр от 30.12.2016г. | BM34: 9001 | BN34: 0 | BP34: 0 | BQ34: 2 | BR34: 0 | BS34: 1 | BT34: 1 | BU34: 1 | BV34: 1 | BW34: 1 | BX34: 1 | BZ34: 90 | CA34: 85 | CF34: 0 | CG34: 0 | CM34: 0 | CN34: Поправка: Прил. 9.3, п.5 Наименование: Разборка (демонтаж) металлических конструкций | CO34: 0 | CP34: =(P34+Q34+S34) -> 1439.31 | CQ34: =AC34*BC34 -> 0 | CR34: =AD34*BB34 -> 397.383 | CS34: =AE34*BS34 -> 23.065 | CT34: =AF34*BA34 -> 2287.383 | CU34: =AG34 -> 0 | CV34: =AH34 -> 227.374 | CW34: =AI34 -> 1.736 | CX34: =AJ34 -> 0 | CY34: =(((S34+R34)*AT34)/100) -> 1003.2984 | CZ34: =(((S34+R34)*AU34)/100) -> 891.8208 | DD34: )*0 | DE34: )*0,7 | DF34: )*0,7 | DG34: )*0,7 | DI34: )*0,7 | DJ34: )*0,7 | DN34: 0 | DO34: 0 | DP34: 1 | DQ34: 1 | DU34: 1005 | DV34: 100 м2 | DW34: 100 м2 | DX34: 100 | EE34: 16510486 | EF34: 2 | EG34: Общестроительные работы | EH34: 0 | EJ34: 1 | EK34: 9001 | EL34: Металлические конструкции | EM34: ФЕР-09 | EO34: Поправка: Прил. 9.3, п.5 | EQ34: 0 | ER34: 4111.26 | ES34: 275.88 | ET34: 567.69 | EU34: 32.95 | EV34: 3267.69 | EW34: 324.82 | EX34: 2.48 | EY34: 0 | FQ34: 0 | FR34: =ROUND(IF(AND(BH34=3,BI34=3),P34,0),2) -> 0 | FS34: 0 | FT34: *0,9 | FU34: *0,85 | FX34: 81 | FY34: 72.25 | GD34: 0 | GF34: 95181522 | GG34: 2 | GH34: 1 | GI34: -2 | GJ34: 0 | GK34: =ROUND(R34*(R12)/100,2) -> 0 | GL34: =ROUND(IF(AND(BH34=3,BI34=3,FS34<>0),P34,0),2) -> 0 | GM34: =ROUND(O34+X34+Y34+GK34,2)+GX34 -> 3334.43 | GN34: =IF(OR(BI34=0,BI34=1),ROUND(O34+X34+Y34+GK34,2),0) -> 3334.43 | GO34: =IF(BI34=2,ROUND(O34+X34+Y34+GK34,2),0) -> 0 | GP34: =IF(BI34=4,ROUND(O34+X34+Y34+GK34,2)+GX34,0) -> 0 | GR34: 0 | GS34: 3 | GT34: 0 | GV34: =ROUND(GT34,6) -> 0 | GW34: 1 | GX34: =ROUND(GV34*GW34*I34,2) -> 0 | HA34: 0 | HB34: 0 | IK34: 0
A35: 17 | B35: 1 | C35: =ROW(SmtRes!A42) -> 42 | D35: =ROW(EtalonRes!A56) -> 56 | E35: 4 | F35: 09-03-046-01 | G35: Демонтаж : Монтаж перегородок из алюминиевых сплавов сборно-разборных с остеклением | H35: 100 м2 | I35: =ROUND(53.61/100,9) -> 0.5361 | J35: 0 | O35: =ROUND(CP35,2) -> 9398.65 | P35: =ROUND(CQ35*I35,2) -> 0 | Q35: =ROUND(CR35*I35,2) -> 1391.13 | R35: =ROUND(CS35*I35,2) -> 80.74 | S35: =ROUND(CT35*I35,2) -> 8007.52 | T35: =ROUND(CU35*I35,2) -> 0 | U35: =CV35*I35 -> 121.8952 | V35: =CW35*I35 -> 0.9306696 | W35: =ROUND(CX35*I35,2) -> 0 | X35: =ROUND(CY35,2) -> 6551.49 | Y35: =ROUND(CZ35,2) -> 5823.55 | AA35: 16483255 | AB35: =ROUND((AC35+AD35+AF35),6) -> 2684.766 | AC35: =ROUND(((ES35*0)),6) -> 0 | AD35: =ROUND(((((ET35*0.7))-((EU35*0.7)))+AE35),6) -> 397.383 | AE35: =ROUND(((EU35*0.7)),6) -> 23.065 | AF35: =ROUND(((EV35*0.7)),6) -> 2287.383 | AG35: =ROUND((AP35),6) -> 0 | AH35: =((EW35*0.7)) -> 227.374 | AI35: =((EX35*0.7)) -> 1.736 | AJ35: =ROUND((AS35),6) -> 0 | AK35: 4111.26 | AL35: 275.88 | AM35: 567.69 | AN35: 32.95 | AO35: 3267.69 | AP35: 0 | AQ35: 324.82 | AR35: 2.48 | AS35: 0 | AT35: 81 | AU35: 72 | AV35: 1 | AW35: 1 | AZ35: 6.53 | BA35: 6.53 | BB35: 6.53 | BC35: 6.53 | BH35: 0 | BI35: 1 | BJ35: ФЕР-2001, 09-03-046-01, приказ Минстроя России №1039/пр от 30.12.2016г. | BM35: 9001 | BN35: 0 | BP35: 0 | BQ35: 2 | BR35: 0 | BS35: 6.53 | BT35: 1 | BU35: 1 | BV35: 1 | BW35: 1 | BX35: 1 | BZ35: 90 | CA35: 85 | CF35: 0 | CG35: 0 | CM35: 0 | CN35: Поправка: Прил. 9.3, п.5 Наименование: Разборка (демонтаж) металлических конструкций | CO35: 0 | CP35: =(P35+Q35+S35) -> 9398.65 | CQ35: =AC35*BC35 -> 0 | CR35: =AD35*BB35 -> 2594.911 | CS35: =AE35*BS35 -> 150.61445 | CT35: =AF35*BA35 -> 14936.611 | CU35: =AG35 -> 0 | CV35: =AH35 -> 227.374 | CW35: =AI35 -> 1.736 | CX35: =AJ35 -> 0 | CY35: =(((S35+R35)*AT35)/100) -> 6551.4906 | CZ35: =(((S35+R35)*AU35)/100) -> 5823.5472 | DD35: )*0 | DE35: )*0,7 | DF35: )*0,7 | DG35: )*0,7 | DI35: )*0,7 | DJ35: )*0,7 | DN35: 0 | DO35: 0 | DP35: 1 | DQ35: 1 | DU35: 1005 | DV35: 100 м2 | DW35: 100 м2 | DX35: 100 | EE35: 16510486 | EF35: 2 | EG35: Общестроительные работы | EH35: 0 | EJ35: 1 | EK35: 9001 | EL35: Металлические конструкции | EM35: ФЕР-09 | EO35: Поправка: Прил. 9.3, п.5 | EQ35: 0 | ER35: 4111.26 | ES35: 275.88 | ET35: 567.69 | EU35: 32.95 | EV35: 3267.69 | EW35: 324.82 | EX35: 2.48 | EY35: 0 | FQ35: 0 | FR35: =ROUND(IF(AND(BH35=3,BI35=3),P35,0),2) -> 0 | FS35: 0 | FT35: *0,9 | FU35: *0,85 | FX35: 81 | FY35: 72.25 | GD35: 0 | GF35: 95181522 | GG35: 1 | GH35: 1 | GI35: 4 | GJ35: 0 | GK35: =ROUND(R35*(S12)/100,2) -> 0 | GL35: =ROUND(IF(AND(BH35=3,BI35=3,FS35<>0),P35,0),2) -> 0 | GM35: =ROUND(O35+X35+Y35+GK35,2)+GX35 -> 21773.69 | GN35: =IF(OR(BI35=0,BI35=1),ROUND(O35+X35+Y35+GK35,2),0) -> 21773.69 | GO35: =IF(BI35=2,ROUND(O35+X35+Y35+GK35,2),0) -> 0 | GP35: =IF(BI35=4,ROUND(O35+X35+Y35+GK35,2)+GX35,0) -> 0 | GR35: 0 | GS35: 3 | GT35: 0 | GV35: =ROUND(GT35,6) -> 0 | GW35: 1 | GX35: =ROUND(GV35*GW35*I35,2) -> 0 | HA35: 0 | HB35: 0 | IK35: 0
A36: 17 | B36: 1 | C36: =ROW(SmtRes!A47) -> 47 | D36: =ROW(EtalonRes!A61) -> 61 | E36: 5 | F36: 63-7-3 | G36: Разборка облицовки стен из известковых плит | H36: 100 м2 | I36: =ROUND(138.82/100,9) -> 1.3882 | J36: 0 | O36: =ROUND(CP36,2) -> 6332.48 | P36: =ROUND(CQ36*I36,2) -> 0 | Q36: =ROUND(CR36*I36,2) -> 353.16 | R36: =ROUND(CS36*I36,2) -> 24.18 | S36: =ROUND(CT36*I36,2) -> 5979.32 | T36: =ROUND(CU36*I36,2) -> 0 | U36: =CV36*I36 -> 759.76186 | V36: =CW36*I36 -> 1.790778 | W36: =ROUND(CX36*I36,2) -> 0 | X36: =ROUND(CY36,2) -> 4622.7 | Y36: =ROUND(CZ36,2) -> 3001.75 | AA36: 16483241 | AB36: =ROUND((AC36+AD36+AF36),6) -> 4561.65 | AC36: =ROUND((ES36),6) -> 0 | AD36: =ROUND((((ET36)-(EU36))+AE36),6) -> 254.4 | AE36: =ROUND((EU36),6) -> 17.42 | AF36: =ROUND((EV36),6) -> 4307.25 | AG36: =ROUND((AP36),6) -> 0 | AH36: =(EW36) -> 547.3 | AI36: =(EX36) -> 1.29 | AJ36: =ROUND((AS36),6) -> 0 | AK36: 4561.65 | AL36: 0 | AM36: 254.4 | AN36: 17.42 | AO36: 4307.25 | AP36: 0 | AQ36: 547.3 | AR36: 1.29 | AS36: 0 | AT36: 77 | AU36: 50 | AV36: 1 | AW36: 1 | AZ36: 1 | BA36: 1 | BB36: 1 | BC36: 1 | BH36: 0 | BI36: 1 | BJ36: ФЕР-2001, 63-7-3, приказ Минстроя России №1039/пр от 30.12.2016г. | BM36: 63001 | BN36: 0 | BP36: 0 | BQ36: 6 | BR36: 0 | BS36: 1 | BT36: 1 | BU36: 1 | BV36: 1 | BW36: 1 | BX36: 1 | BZ36: 77 | CA36: 50 | CF36: 0 | CG36: 0 | CM36: 0 | CO36: 0 | CP36: =(P36+Q36+S36) -> 6332.48 | CQ36: =AC36*BC36 -> 0 | CR36: =AD36*BB36 -> 254.4 | CS36: =AE36*BS36 -> 17.42 | CT36: =AF36*BA36 -> 4307.25 | CU36: =AG36 -> 0 | CV36: =AH36 -> 547.3 | CW36: =AI36 -> 1.29 | CX36: =AJ36 -> 0 | CY36: =(((S36+R36)*AT36)/100) -> 4622.695 | CZ36: =(((S36+R36)*AU36)/100) -> 3001.75 | DN36: 0 | DO36: 0 | DP36: 1 | DQ36: 1 | DU36: 1005 | DV36: 100 м2 | DW36: 100 м2 | DX36: 100 | EE36: 16510572 | EF36: 6 | EG36: Ремонтно-строительные работы | EH36: 0 | EJ36: 1 | EK36: 63001 | EL36: Стекольные, обойные, облицовочные работы | EM36: рФЕР-63 | EQ36: 0 | ER36: 4561.65 | ES36: 0 | ET36: 254.4 | EU36: 17.42 | EV36: 4307.25 | EW36: 547.3 | EX36: 1.29 | EY36: 0 | FQ36: 0 | FR36: =ROUND(IF(AND(BH36=3,BI36=3),P36,0),2) -> 0 | FS36: 0 | FX36: 77 | FY36: 50 | GD36: 0 | GF36: -1591007834 | GG36: 2 | GH36: 1 | GI36: -2 | GJ36: 0 | GK36: =ROUND(R36*(R12)/100,2) -> 0 | GL36: =ROUND(IF(AND(BH36=3,BI36=3,FS36<>0),P36,0),2) -> 0 | GM36: =ROUND(O36+X36+Y36+GK36,2)+GX36 -> 13956.93 | GN36: =IF(OR(BI36=0,BI36=1),ROUND(O36+X36+Y36+GK36,2),0) -> 13956.93 | GO36: =IF(BI36=2,ROUND(O36+X36+Y36+GK36,2),0) -> 0 | GP36: =IF(BI36=4,ROUND(O36+X36+Y36+GK36,2)+GX36,0) -> 0 | GR36: 0 | GS36: 3 | GT36: 0 | GV36: =ROUND(GT36,6) -> 0 | GW36: 1 | GX36: =ROUND(GV36*GW36*I36,2) -> 0 | HA36: 0 | HB36: 0 | IK36: 0
A37: 17 | B37: 1 | C37: =ROW(SmtRes!A52) -> 52 | D37: =ROW(EtalonRes!A66) -> 66 | E37: 5 | F37: 63-7-3 | G37: Разборка облицовки стен из известковых плит | H37: 100 м2 | I37: =ROUND(138.82/100,9) -> 1.3882 | J37: 0 | O37: =ROUND(CP37,2) -> 41351.11 | P37: =ROUND(CQ37*I37,2) -> 0 | Q37: =ROUND(CR37*I37,2) -> 2306.12 | R37: =ROUND(CS37*I37,2) -> 157.91 | S37: =ROUND(CT37*I37,2) -> 39044.99 | T37: =ROUND(CU37*I37,2) -> 0 | U37: =CV37*I37 -> 759.76186 | V37: =CW37*I37 -> 1.790778 | W37: =ROUND(CX37*I37,2) -> 0 | X37: =ROUND(CY37,2) -> 30186.23 | Y37: =ROUND(CZ37,2) -> 19601.45 | AA37: 16483255 | AB37: =ROUND((AC37+AD37+AF37),6) -> 4561.65 | AC37: =ROUND((ES37),6) -> 0 | AD37: =ROUND((((ET37)-(EU37))+AE37),6) -> 254.4 | AE37: =ROUND((EU37),6) -> 17.42 | AF37: =ROUND((EV37),6) -> 4307.25 | AG37: =ROUND((AP37),6) -> 0 | AH37: =(EW37) -> 547.3 | AI37: =(EX37) -> 1.29 | AJ37: =ROUND((AS37),6) -> 0 | AK37: 4561.65 | AL37: 0 | AM37: 254.4 | AN37: 17.42 | AO37: 4307.25 | AP37: 0 | AQ37: 547.3 | AR37: 1.29 | AS37: 0 | AT37: 77 | AU37: 50 | AV37: 1 | AW37: 1 | AZ37: 6.53 | BA37: 6.53 | BB37: 6.53 | BC37: 6.53 | BH37: 0 | BI37: 1 | BJ37: ФЕР-2001, 63-7-3, приказ Минстроя России №1039/пр от 30.12.2016г. | BM37: 63001 | BN37: 0 | BP37: 0 | BQ37: 6 | BR37: 0 | BS37: 6.53 | BT37: 1 | BU37: 1 | BV37: 1 | BW37: 1 | BX37: 1 | BZ37: 77 | CA37: 50 | CF37: 0 | CG37: 0 | CM37: 0 | CO37: 0 | CP37: =(P37+Q37+S37) -> 41351.11 | CQ37: =AC37*BC37 -> 0 | CR37: =AD37*BB37 -> 1661.232 | CS37: =AE37*BS37 -> 113.7526 | CT37: =AF37*BA37 -> 28126.343 | CU37: =AG37 -> 0 | CV37: =AH37 -> 547.3 | CW37: =AI37 -> 1.29 | CX37: =AJ37 -> 0 | CY37: =(((S37+R37)*AT37)/100) -> 30186.233 | CZ37: =(((S37+R37)*AU37)/100) -> 19601.45 | DN37: 0 | DO37: 0 | DP37: 1 | DQ37: 1 | DU37: 1005 | DV37: 100 м2 | DW37: 100 м2 | DX37: 100 | EE37: 16510572 | EF37: 6 | EG37: Ремонтно-строительные работы | EH37: 0 | EJ37: 1 | EK37: 63001 | EL37: Стекольные, обойные, облицовочные работы | EM37: рФЕР-63 | EQ37: 0 | ER37: 4561.65 | ES37: 0 | ET37: 254.4 | EU37: 17.42 | EV37: 4307.25 | EW37: 547.3 | EX37: 1.29 | EY37: 0 | FQ37: 0 | FR37: =ROUND(IF(AND(BH37=3,BI37=3),P37,0),2) -> 0 | FS37: 0 | FX37: 77 | FY37: 50 | GD37: 0 | GF37: -1591007834 | GG37: 1 | GH37: 1 | GI37: 4 | GJ37: 0 | GK37: =ROUND(R37*(S12)/100,2) -> 0 | GL37: =ROUND(IF(AND(BH37=3,BI37=3,FS37<>0),P37,0),2) -> 0 | GM37: =ROUND(O37+X37+Y37+GK37,2)+GX37 -> 91138.79 | GN37: =IF(OR(BI37=0,BI37=1),ROUND(O37+X37+Y37+GK37,2),0) -> 91138.79 | GO37: =IF(BI37=2,ROUND(O37+X37+Y37+GK37,2),0) -> 0 | GP37: =IF(BI37=4,ROUND(O37+X37+Y37+GK37,2)+GX37,0) -> 0 | GR37: 0 | GS37: 3 | GT37: 0 | GV37: =ROUND(GT37,6) -> 0 | GW37: 1 | GX37: =ROUND(GV37*GW37*I37,2) -> 0 | HA37: 0 | HB37: 0 | IK37: 0
A38: 17 | B38: 1 | C38: =ROW(SmtRes!A53) -> 53 | D38: =ROW(EtalonRes!A67) -> 67 | E38: 6 | F38: 46-02-009-02 | G38: Отбивка штукатурки с поверхностей стен и потолков кирпичных | H38: 100 м2 | I38: =ROUND(165.52/100,9) -> 1.6552 | J38: 0 | O38: =ROUND(CP38,2) -> 294.63 | P38: =ROUND(CQ38*I38,2) -> 0 | Q38: =ROUND(CR38*I38,2) -> 0 | R38: =ROUND(CS38*I38,2) -> 0 | S38: =ROUND(CT38*I38,2) -> 294.63 | T38: =ROUND(CU38*I38,2) -> 0 | U38: =CV38*I38 -> 37.771664 | V38: =CW38*I38 -> 0 | W38: =ROUND(CX38*I38,2) -> 0 | X38: =ROUND(CY38,2) -> 291.68 | Y38: =ROUND(CZ38,2) -> 176.78 | AA38: 16483241 | AB38: =ROUND((AC38+AD38+AF38),6) -> 178 | AC38: =ROUND((ES38),6) -> 0 | AD38: =ROUND((((ET38)-(EU38))+AE38),6) -> 0 | AE38: =ROUND((EU38),6) -> 0 | AF38: =ROUND((EV38),6) -> 178 | AG38: =ROUND((AP38),6) -> 0 | AH38: =(EW38) -> 22.82 | AI38: =(EX38) -> 0 | AJ38: =ROUND((AS38),6) -> 0 | AK38: 178 | AL38: 0 | AM38: 0 | AN38: 0 | AO38: 178 | AP38: 0 | AQ38: 22.82 | AR38: 0 | AS38: 0 | AT38: 99 | AU38: 60 | AV38: 1 | AW38: 1 | AZ38: 1 | BA38: 1 | BB38: 1 | BC38: 1 | BH38: 0 | BI38: 1 | BJ38: ФЕР-2001, 46-02-009-02, приказ Минстроя России №1039/пр от 30.12.2016г. | BM38: 46001 | BN38: 0 | BP38: 0 | BQ38: 2 | BR38: 0 | BS38: 1 | BT38: 1 | BU38: 1 | BV38: 1 | BW38: 1 | BX38: 1 | BZ38: 110 | CA38: 70 | CF38: 0 | CG38: 0 | CM38: 0 | CO38: 0 | CP38: =(P38+Q38+S38) -> 294.63 | CQ38: =AC38*BC38 -> 0 | CR38: =AD38*BB38 -> 0 | CS38: =AE38*BS38 -> 0 | CT38: =AF38*BA38 -> 178 | CU38: =AG38 -> 0 | CV38: =AH38 -> 22.82 | CW38: =AI38 -> 0 | CX38: =AJ38 -> 0 | CY38: =(((S38+R38)*AT38)/100) -> 291.6837 | CZ38: =(((S38+R38)*AU38)/100) -> 176.778 | DN38: 0 | DO38: 0 | DP38: 1 | DQ38: 1 | DU38: 1005 | DV38: 100 м2 | DW38: 100 м2 | DX38: 100 | EE38: 16510555 | EF38: 2 | EG38: Общестроительные работы | EH38: 0 | EJ38: 1 | EK38: 46001 | EL38: Реконструкция зданий и сооружений | EM38: ФЕР-46 | EQ38: 0 | ER38: 178 | ES38: 0 | ET38: 0 | EU38: 0 | EV38: 178 | EW38: 22.82 | EX38: 0 | EY38: 0 | FQ38: 0 | FR38: =ROUND(IF(AND(BH38=3,BI38=3),P38,0),2) -> 0 | FS38: 0 | FT38: *0,9 | FU38: *0,85 | FX38: 99 | FY38: 59.5 | GD38: 0 | GF38: 1716417608 | GG38: 2 | GH38: 1 | GI38: -2 | GJ38: 0 | GK38: =ROUND(R38*(R12)/100,2) -> 0 | GL38: =ROUND(IF(AND(BH38=3,BI38=3,FS38<>0),P38,0),2) -> 0 | GM38: =ROUND(O38+X38+Y38+GK38,2)+GX38 -> 763.09 | GN38: =IF(OR(BI38=0,BI38=1),ROUND(O38+X38+Y38+GK38,2),0) -> 763.09 | GO38: =IF(BI38=2,ROUND(O38+X38+Y38+GK38,2),0) -> 0 | GP38: =IF(BI38=4,ROUND(O38+X38+Y38+GK38,2)+GX38,0) -> 0 | GR38: 0 | GS38: 3 | GT38: 0 | GV38: =ROUND(GT38,6) -> 0 | GW38: 1 | GX38: =ROUND(GV38*GW38*I38,2) -> 0 | HA38: 0 | HB38: 0 | IK38: 0
A39: 17 | B39: 1 | C39: =ROW(SmtRes!A54) -> 54 | D39: =ROW(EtalonRes!A68) -> 68 | E39: 6 | F39: 46-02-009-02 | G39: Отбивка штукатурки с поверхностей стен и потолков кирпичных | H39: 100 м2 | I39: =ROUND(165.52/100,9) -> 1.6552 | J39: 0 | O39: =ROUND(CP39,2) -> 1923.91 | P39: =ROUND(CQ39*I39,2) -> 0 | Q39: =ROUND(CR39*I39,2) -> 0 | R39: =ROUND(CS39*I39,2) -> 0 | S39: =ROUND(CT39*I39,2) -> 1923.91 | T39: =ROUND(CU39*I39,2) -> 0 | U39: =CV39*I39 -> 37.771664 | V39: =CW39*I39 -> 0 | W39: =ROUND(CX39*I39,2) -> 0 | X39: =ROUND(CY39,2) -> 1904.67 | Y39: =ROUND(CZ39,2) -> 1154.35 | AA39: 16483255 | AB39: =ROUND((AC39+AD39+AF39),6) -> 178 | AC39: =ROUND((ES39),6) -> 0 | AD39: =ROUND((((ET39)-(EU39))+AE39),6) -> 0 | AE39: =ROUND((EU39),6) -> 0 | AF39: =ROUND((EV39),6) -> 178 | AG39: =ROUND((AP39),6) -> 0 | AH39: =(EW39) -> 22.82 | AI39: =(EX39) -> 0 | AJ39: =ROUND((AS39),6) -> 0 | AK39: 178 | AL39: 0 | AM39: 0 | AN39: 0 | AO39: 178 | AP39: 0 | AQ39: 22.82 | AR39: 0 | AS39: 0 | AT39: 99 | AU39: 60 | AV39: 1 | AW39: 1 | AZ39: 6.53 | BA39: 6.53 | BB39: 6.53 | BC39: 6.53 | BH39: 0 | BI39: 1 | BJ39: ФЕР-2001, 46-02-009-02, приказ Минстроя России №1039/пр от 30.12.2016г. | BM39: 46001 | BN39: 0 | BP39: 0 | BQ39: 2 | BR39: 0 | BS39: 6.53 | BT39: 1 | BU39: 1 | BV39: 1 | BW39: 1 | BX39: 1 | BZ39: 110 | CA39: 70 | CF39: 0 | CG39: 0 | CM39: 0 | CO39: 0 | CP39: =(P39+Q39+S39) -> 1923.91 | CQ39: =AC39*BC39 -> 0 | CR39: =AD39*BB39 -> 0 | CS39: =AE39*BS39 -> 0 | CT39: =AF39*BA39 -> 1162.34 | CU39: =AG39 -> 0 | CV39: =AH39 -> 22.82 | CW39: =AI39 -> 0 | CX39: =AJ39 -> 0 | CY39: =(((S39+R39)*AT39)/100) -> 1904.6709 | CZ39: =(((S39+R39)*AU39)/100) -> 1154.346 | DN39: 0 | DO39: 0 | DP39: 1 | DQ39: 1 | DU39: 1005 | DV39: 100 м2 | DW39: 100 м2 | DX39: 100 | EE39: 16510555 | EF39: 2 | EG39: Общестроительные работы | EH39: 0 | EJ39: 1 | EK39: 46001 | EL39: Реконструкция зданий и сооружений | EM39: ФЕР-46 | EQ39: 0 | ER39: 178 | ES39: 0 | ET39: 0 | EU39: 0 | EV39: 178 | EW39: 22.82 | EX39: 0 | EY39: 0 | FQ39: 0 | FR39: =ROUND(IF(AND(BH39=3,BI39=3),P39,0),2) -> 0 | FS39: 0 | FT39: *0,9 | FU39: *0,85 | FX39: 99 | FY39: 59.5 | GD39: 0 | GF39: 1716417608 | GG39: 1 | GH39: 1 | GI39: 4 | GJ39: 0 | GK39: =ROUND(R39*(S12)/100,2) -> 0 | GL39: =ROUND(IF(AND(BH39=3,BI39=3,FS39<>0),P39,0),2) -> 0 | GM39: =ROUND(O39+X39+Y39+GK39,2)+GX39 -> 4982.93 | GN39: =IF(OR(BI39=0,BI39=1),ROUND(O39+X39+Y39+GK39,2),0) -> 4982.93 | GO39: =IF(BI39=2,ROUND(O39+X39+Y39+GK39,2),0) -> 0 | GP39: =IF(BI39=4,ROUND(O39+X39+Y39+GK39,2)+GX39,0) -> 0 | GR39: 0 | GS39: 3 | GT39: 0 | GV39: =ROUND(GT39,6) -> 0 | GW39: 1 | GX39: =ROUND(GV39*GW39*I39,2) -> 0 | HA39: 0 | HB39: 0 | IK39: 0
A40: 17 | B40: 1 | C40: =ROW(SmtRes!A57) -> 57 | D40: =ROW(EtalonRes!A71) -> 71 | E40: 7 | F40: 46-04-010-06 | G40: Разборка покрытий полов из металлических плит со стороной квадрата 300 мм | H40: 100 м2 | I40: =ROUND(184.4/100,9) -> 1.844 | J40: 0 | O40: =ROUND(CP40,2) -> 2506.01 | P40: =ROUND(CQ40*I40,2) -> 0 | Q40: =ROUND(CR40*I40,2) -> 1599.67 | R40: =ROUND(CS40*I40,2) -> 178.83 | S40: =ROUND(CT40*I40,2) -> 906.34 | T40: =ROUND(CU40*I40,2) -> 0 | U40: =CV40*I40 -> 122.8104 | V40: =CW40*I40 -> 17.77616 | W40: =ROUND(CX40*I40,2) -> 0 | X40: =ROUND(CY40,2) -> 1074.32 | Y40: =ROUND(CZ40,2) -> 651.1 | AA40: 16483241 | AB40: =ROUND((AC40+AD40+AF40),6) -> 1359.01 | AC40: =ROUND((ES40),6) -> 0 | AD40: =ROUND((((ET40)-(EU40))+AE40),6) -> 867.5 | AE40: =ROUND((EU40),6) -> 96.98 | AF40: =ROUND((EV40),6) -> 491.51 | AG40: =ROUND((AP40),6) -> 0 | AH40: =(EW40) -> 66.6 | AI40: =(EX40) -> 9.64 | AJ40: =ROUND((AS40),6) -> 0 | AK40: 1359.01 | AL40: 0 | AM40: 867.5 | AN40: 96.98 | AO40: 491.51 | AP40: 0 | AQ40: 66.6 | AR40: 9.64 | AS40: 0 | AT40: 99 | AU40: 60 | AV40: 1 | AW40: 1 | AZ40: 1 | BA40: 1 | BB40: 1 | BC40: 1 | BH40: 0 | BI40: 1 | BJ40: ФЕР-2001, 46-04-010-06, приказ Минстроя России №1039/пр от 30.12.2016г. | BM40: 46001 | BN40: 0 | BP40: 0 | BQ40: 2 | BR40: 0 | BS40: 1 | BT40: 1 | BU40: 1 | BV40: 1 | BW40: 1 | BX40: 1 | BZ40: 110 | CA40: 70 | CF40: 0 | CG40: 0 | CM40: 0 | CO40: 0 | CP40: =(P40+Q40+S40) -> 2506.01 | CQ40: =AC40*BC40 -> 0 | CR40: =AD40*BB40 -> 867.5 | CS40: =AE40*BS40 -> 96.98 | CT40: =AF40*BA40 -> 491.51 | CU40: =AG40 -> 0 | CV40: =AH40 -> 66.6 | CW40: =AI40 -> 9.64 | CX40: =AJ40 -> 0 | CY40: =(((S40+R40)*AT40)/100) -> 1074.3183 | CZ40: =(((S40+R40)*AU40)/100) -> 651.102 | DN40: 0 | DO40: 0 | DP40: 1 | DQ40: 1 | DU40: 1005 | DV40: 100 м2 | DW40: 100 м2 | DX40: 100 | EE40: 16510555 | EF40: 2 | EG40: Общестроительные работы | EH40: 0 | EJ40: 1 | EK40: 46001 | EL40: Реконструкция зданий и сооружений | EM40: ФЕР-46 | EQ40: 0 | ER40: 1359.01 | ES40: 0 | ET40: 867.5 | EU40: 96.98 | EV40: 491.51 | EW40: 66.6 | EX40: 9.64 | EY40: 0 | FQ40: 0 | FR40: =ROUND(IF(AND(BH40=3,BI40=3),P40,0),2) -> 0 | FS40: 0 | FT40: *0,9 | FU40: *0,85 | FX40: 99 | FY40: 59.5 | GD40: 0 | GF40: -199279800 | GG40: 2 | GH40: 1 | GI40: -2 | GJ40: 0 | GK40: =ROUND(R40*(R12)/100,2) -> 0 | GL40: =ROUND(IF(AND(BH40=3,BI40=3,FS40<>0),P40,0),2) -> 0 | GM40: =ROUND(O40+X40+Y40+GK40,2)+GX40 -> 4231.43 | GN40: =IF(OR(BI40=0,BI40=1),ROUND(O40+X40+Y40+GK40,2),0) -> 4231.43 | GO40: =IF(BI40=2,ROUND(O40+X40+Y40+GK40,2),0) -> 0 | GP40: =IF(BI40=4,ROUND(O40+X40+Y40+GK40,2)+GX40,0) -> 0 | GR40: 0 | GS40: 3 | GT40: 0 | GV40: =ROUND(GT40,6) -> 0 | GW40: 1 | GX40: =ROUND(GV40*GW40*I40,2) -> 0 | HA40: 0 | HB40: 0 | IK40: 0
A41: 17 | B41: 1 | C41: =ROW(SmtRes!A60) -> 60 | D41: =ROW(EtalonRes!A74) -> 74 | E41: 7 | F41: 46-04-010-06 | G41: Разборка покрытий полов из металлических плит со стороной квадрата 300 мм | H41: 100 м2 | I41: =ROUND(184.4/100,9) -> 1.844 | J41: 0 | O41: =ROUND(CP41,2) -> 16364.28 | P41: =ROUND(CQ41*I41,2) -> 0 | Q41: =ROUND(CR41*I41,2) -> 10445.85 | R41: =ROUND(CS41*I41,2) -> 1167.77 | S41: =ROUND(CT41*I41,2) -> 5918.43 | T41: =ROUND(CU41*I41,2) -> 0 | U41: =CV41*I41 -> 122.8104 | V41: =CW41*I41 -> 17.77616 | W41: =ROUND(CX41*I41,2) -> 0 | X41: =ROUND(CY41,2) -> 7015.34 | Y41: =ROUND(CZ41,2) -> 4251.72 | AA41: 16483255 | AB41: =ROUND((AC41+AD41+AF41),6) -> 1359.01 | AC41: =ROUND((ES41),6) -> 0 | AD41: =ROUND((((ET41)-(EU41))+AE41),6) -> 867.5 | AE41: =ROUND((EU41),6) -> 96.98 | AF41: =ROUND((EV41),6) -> 491.51 | AG41: =ROUND((AP41),6) -> 0 | AH41: =(EW41) -> 66.6 | AI41: =(EX41) -> 9.64 | AJ41: =ROUND((AS41),6) -> 0 | AK41: 1359.01 | AL41: 0 | AM41: 867.5 | AN41: 96.98 | AO41: 491.51 | AP41: 0 | AQ41: 66.6 | AR41: 9.64 | AS41: 0 | AT41: 99 | AU41: 60 | AV41: 1 | AW41: 1 | AZ41: 6.53 | BA41: 6.53 | BB41: 6.53 | BC41: 6.53 | BH41: 0 | BI41: 1 | BJ41: ФЕР-2001, 46-04-010-06, приказ Минстроя России №1039/пр от 30.12.2016г. | BM41: 46001 | BN41: 0 | BP41: 0 | BQ41: 2 | BR41: 0 | BS41: 6.53 | BT41: 1 | BU41: 1 | BV41: 1 | BW41: 1 | BX41: 1 | BZ41: 110 | CA41: 70 | CF41: 0 | CG41: 0 | CM41: 0 | CO41: 0 | CP41: =(P41+Q41+S41) -> 16364.28 | CQ41: =AC41*BC41 -> 0 | CR41: =AD41*BB41 -> 5664.775 | CS41: =AE41*BS41 -> 633.2794 | CT41: =AF41*BA41 -> 3209.5603 | CU41: =AG41 -> 0 | CV41: =AH41 -> 66.6 | CW41: =AI41 -> 9.64 | CX41: =AJ41 -> 0 | CY41: =(((S41+R41)*AT41)/100) -> 7015.338 | CZ41: =(((S41+R41)*AU41)/100) -> 4251.72 | DN41: 0 | DO41: 0 | DP41: 1 | DQ41: 1 | DU41: 1005 | DV41: 100 м2 | DW41: 100 м2 | DX41: 100 | EE41: 16510555 | EF41: 2 | EG41: Общестроительные работы | EH41: 0 | EJ41: 1 | EK41: 46001 | EL41: Реконструкция зданий и сооружений | EM41: ФЕР-46 | EQ41: 0 | ER41: 1359.01 | ES41: 0 | ET41: 867.5 | EU41: 96.98 | EV41: 491.51 | EW41: 66.6 | EX41: 9.64 | EY41: 0 | FQ41: 0 | FR41: =ROUND(IF(AND(BH41=3,BI41=3),P41,0),2) -> 0 | FS41: 0 | FT41: *0,9 | FU41: *0,85 | FX41: 99 | FY41: 59.5 | GD41: 0 | GF41: -199279800 | GG41: 1 | GH41: 1 | GI41: 4 | GJ41: 0 | GK41: =ROUND(R41*(S12)/100,2) -> 0 | GL41: =ROUND(IF(AND(BH41=3,BI41=3,FS41<>0),P41,0),2) -> 0 | GM41: =ROUND(O41+X41+Y41+GK41,2)+GX41 -> 27631.34 | GN41: =IF(OR(BI41=0,BI41=1),ROUND(O41+X41+Y41+GK41,2),0) -> 27631.34 | GO41: =IF(BI41=2,ROUND(O41+X41+Y41+GK41,2),0) -> 0 | GP41: =IF(BI41=4,ROUND(O41+X41+Y41+GK41,2)+GX41,0) -> 0 | GR41: 0 | GS41: 3 | GT41: 0 | GV41: =ROUND(GT41,6) -> 0 | GW41: 1 | GX41: =ROUND(GV41*GW41*I41,2) -> 0 | HA41: 0 | HB41: 0 | IK41: 0
A42: 17 | B42: 1 | C42: =ROW(SmtRes!A63) -> 63 | D42: =ROW(EtalonRes!A78) -> 78 | E42: 8 | F42: 57-2-1 | G42: Разборка покрытий полов из линолеума и релина | H42: 100 м2 | I42: =ROUND(184.4/100,9) -> 1.844 | J42: 0 | O42: =ROUND(CP42,2) -> 171.31 | P42: =ROUND(CQ42*I42,2) -> 0 | Q42: =ROUND(CR42*I42,2) -> 7.49 | R42: =ROUND(CS42*I42,2) -> 3.25 | S42: =ROUND(CT42*I42,2) -> 163.82 | T42: =ROUND(CU42*I42,2) -> 0 | U42: =CV42*I42 -> 21.00316 | V42: =CW42*I42 -> 0.23972 | W42: =ROUND(CX42*I42,2) -> 0 | X42: =ROUND(CY42,2) -> 133.66 | Y42: =ROUND(CZ42,2) -> 113.61 | AA42: 16483241 | AB42: =ROUND((AC42+AD42+AF42),6) -> 92.9 | AC42: =ROUND((ES42),6) -> 0 | AD42: =ROUND((((ET42)-(EU42))+AE42),6) -> 4.06 | AE42: =ROUND((EU42),6) -> 1.76 | AF42: =ROUND((EV42),6) -> 88.84 | AG42: =ROUND((AP42),6) -> 0 | AH42: =(EW42) -> 11.39 | AI42: =(EX42) -> 0.13 | AJ42: =ROUND((AS42),6) -> 0 | AK42: 92.9 | AL42: 0 | AM42: 4.06 | AN42: 1.76 | AO42: 88.84 | AP42: 0 | AQ42: 11.39 | AR42: 0.13 | AS42: 0 | AT42: 80 | AU42: 68 | AV42: 1 | AW42: 1 | AZ42: 1 | BA42: 1 | BB42: 1 | BC42: 1 | BH42: 0 | BI42: 1 | BJ42: ФЕР-2001, 57-2-1, приказ Минстроя России №1039/пр от 30.12.2016г. | BM42: 57001 | BN42: 0 | BP42: 0 | BQ42: 6 | BR42: 0 | BS42: 1 | BT42: 1 | BU42: 1 | BV42: 1 | BW42: 1 | BX42: 1 | BZ42: 80 | CA42: 68 | CF42: 0 | CG42: 0 | CM42: 0 | CO42: 0 | CP42: =(P42+Q42+S42) -> 171.31 | CQ42: =AC42*BC42 -> 0 | CR42: =AD42*BB42 -> 4.06 | CS42: =AE42*BS42 -> 1.76 | CT42: =AF42*BA42 -> 88.84 | CU42: =AG42 -> 0 | CV42: =AH42 -> 11.39 | CW42: =AI42 -> 0.13 | CX42: =AJ42 -> 0 | CY42: =(((S42+R42)*AT42)/100) -> 133.656 | CZ42: =(((S42+R42)*AU42)/100) -> 113.6076 | DN42: 0 | DO42: 0 | DP42: 1 | DQ42: 1 | DU42: 1005 | DV42: 100 м2 | DW42: 100 м2 | DX42: 100 | EE42: 16510566 | EF42: 6 | EG42: Ремонтно-строительные работы | EH42: 0 | EJ42: 1 | EK42: 57001 | EL42: Полы | EM42: рФЕР-57 | EQ42: 0 | ER42: 92.9 | ES42: 0 | ET42: 4.06 | EU42: 1.76 | EV42: 88.84 | EW42: 11.39 | EX42: 0.13 | EY42: 0 | FQ42: 0 | FR42: =ROUND(IF(AND(BH42=3,BI42=3),P42,0),2) -> 0 | FS42: 0 | FX42: 80 | FY42: 68 | GD42: 0 | GF42: -1228944231 | GG42: 2 | GH42: 1 | GI42: -2 | GJ42: 0 | GK42: =ROUND(R42*(R12)/100,2) -> 0 | GL42: =ROUND(IF(AND(BH42=3,BI42=3,FS42<>0),P42,0),2) -> 0 | GM42: =ROUND(O42+X42+Y42+GK42,2)+GX42 -> 418.58 | GN42: =IF(OR(BI42=0,BI42=1),ROUND(O42+X42+Y42+GK42,2),0) -> 418.58 | GO42: =IF(BI42=2,ROUND(O42+X42+Y42+GK42,2),0) -> 0 | GP42: =IF(BI42=4,ROUND(O42+X42+Y42+GK42,2)+GX42,0) -> 0 | GR42: 0 | GS42: 3 | GT42: 0 | GV42: =ROUND(GT42,6) -> 0 | GW42: 1 | GX42: =ROUND(GV42*GW42*I42,2) -> 0 | HA42: 0 | HB42: 0 | IK42: 0
A43: 17 | B43: 1 | C43: =ROW(SmtRes!A66) -> 66 | D43: =ROW(EtalonRes!A82) -> 82 | E43: 8 | F43: 57-2-1 | G43: Разборка покрытий полов из линолеума и релина | H43: 100 м2 | I43: =ROUND(184.4/100,9) -> 1.844 | J43: 0 | O43: =ROUND(CP43,2) -> 1118.64 | P43: =ROUND(CQ43*I43,2) -> 0 | Q43: =ROUND(CR43*I43,2) -> 48.89 | R43: =ROUND(CS43*I43,2) -> 21.19 | S43: =ROUND(CT43*I43,2) -> 1069.75 | T43: =ROUND(CU43*I43,2) -> 0 | U43: =CV43*I43 -> 21.00316 | V43: =CW43*I43 -> 0.23972 | W43: =ROUND(CX43*I43,2) -> 0 | X43: =ROUND(CY43,2) -> 872.75 | Y43: =ROUND(CZ43,2) -> 741.84 | AA43: 16483255 | AB43: =ROUND((AC43+AD43+AF43),6) -> 92.9 | AC43: =ROUND((ES43),6) -> 0 | AD43: =ROUND((((ET43)-(EU43))+AE43),6) -> 4.06 | AE43: =ROUND((EU43),6) -> 1.76 | AF43: =ROUND((EV43),6) -> 88.84 | AG43: =ROUND((AP43),6) -> 0 | AH43: =(EW43) -> 11.39 | AI43: =(EX43) -> 0.13 | AJ43: =ROUND((AS43),6) -> 0 | AK43: 92.9 | AL43: 0 | AM43: 4.06 | AN43: 1.76 | AO43: 88.84 | AP43: 0 | AQ43: 11.39 | AR43: 0.13 | AS43: 0 | AT43: 80 | AU43: 68 | AV43: 1 | AW43: 1 | AZ43: 6.53 | BA43: 6.53 | BB43: 6.53 | BC43: 6.53 | BH43: 0 | BI43: 1 | BJ43: ФЕР-2001, 57-2-1, приказ Минстроя России №1039/пр от 30.12.2016г. | BM43: 57001 | BN43: 0 | BP43: 0 | BQ43: 6 | BR43: 0 | BS43: 6.53 | BT43: 1 | BU43: 1 | BV43: 1 | BW43: 1 | BX43: 1 | BZ43: 80 | CA43: 68 | CF43: 0 | CG43: 0 | CM43: 0 | CO43: 0 | CP43: =(P43+Q43+S43) -> 1118.64 | CQ43: =AC43*BC43 -> 0 | CR43: =AD43*BB43 -> 26.5118 | CS43: =AE43*BS43 -> 11.4928 | CT43: =AF43*BA43 -> 580.1252 | CU43: =AG43 -> 0 | CV43: =AH43 -> 11.39 | CW43: =AI43 -> 0.13 | CX43: =AJ43 -> 0 | CY43: =(((S43+R43)*AT43)/100) -> 872.752 | CZ43: =(((S43+R43)*AU43)/100) -> 741.8392 | DN43: 0 | DO43: 0 | DP43: 1 | DQ43: 1 | DU43: 1005 | DV43: 100 м2 | DW43: 100 м2 | DX43: 100 | EE43: 16510566 | EF43: 6 | EG43: Ремонтно-строительные работы | EH43: 0 | EJ43: 1 | EK43: 57001 | EL43: Полы | EM43: рФЕР-57 | EQ43: 0 | ER43: 92.9 | ES43: 0 | ET43: 4.06 | EU43: 1.76 | EV43: 88.84 | EW43: 11.39 | EX43: 0.13 | EY43: 0 | FQ43: 0 | FR43: =ROUND(IF(AND(BH43=3,BI43=3),P43,0),2) -> 0 | FS43: 0 | FX43: 80 | FY43: 68 | GD43: 0 | GF43: -1228944231 | GG43: 1 | GH43: 1 | GI43: 4 | GJ43: 0 | GK43: =ROUND(R43*(S12)/100,2) -> 0 | GL43: =ROUND(IF(AND(BH43=3,BI43=3,FS43<>0),P43,0),2) -> 0 | GM43: =ROUND(O43+X43+Y43+GK43,2)+GX43 -> 2733.23 | GN43: =IF(OR(BI43=0,BI43=1),ROUND(O43+X43+Y43+GK43,2),0) -> 2733.23 | GO43: =IF(BI43=2,ROUND(O43+X43+Y43+GK43,2),0) -> 0 | GP43: =IF(BI43=4,ROUND(O43+X43+Y43+GK43,2)+GX43,0) -> 0 | GR43: 0 | GS43: 3 | GT43: 0 | GV43: =ROUND(GT43,6) -> 0 | GW43: 1 | GX43: =ROUND(GV43*GW43*I43,2) -> 0 | HA43: 0 | HB43: 0 | IK43: 0
A44: 17 | B44: 1 | C44: =ROW(SmtRes!A69) -> 69 | D44: =ROW(EtalonRes!A85) -> 85 | E44: 9 | F44: 63-10-2 | G44: Разборка облицовки потолков | H44: 100 м2 | I44: =ROUND(176/100,9) -> 1.76 | J44: 0 | O44: =ROUND(CP44,2) -> 156.68 | P44: =ROUND(CQ44*I44,2) -> 0 | Q44: =ROUND(CR44*I44,2) -> 11 | R44: =ROUND(CS44*I44,2) -> 4.75 | S44: =ROUND(CT44*I44,2) -> 145.68 | T44: =ROUND(CU44*I44,2) -> 0 | U44: =CV44*I44 -> 16.8608 | V44: =CW44*I44 -> 0.352 | W44: =ROUND(CX44*I44,2) -> 0 | X44: =ROUND(CY44,2) -> 115.83 | Y44: =ROUND(CZ44,2) -> 75.22 | AA44: 16483241 | AB44: =ROUND((AC44+AD44+AF44),6) -> 89.02 | AC44: =ROUND((ES44),6) -> 0 | AD44: =ROUND((((ET44)-(EU44))+AE44),6) -> 6.25 | AE44: =ROUND((EU44),6) -> 2.7 | AF44: =ROUND((EV44),6) -> 82.77 | AG44: =ROUND((AP44),6) -> 0 | AH44: =(EW44) -> 9.58 | AI44: =(EX44) -> 0.2 | AJ44: =ROUND((AS44),6) -> 0 | AK44: 89.02 | AL44: 0 | AM44: 6.25 | AN44: 2.7 | AO44: 82.77 | AP44: 0 | AQ44: 9.58 | AR44: 0.2 | AS44: 0 | AT44: 77 | AU44: 50 | AV44: 1 | AW44: 1 | AZ44: 1 | BA44: 1 | BB44: 1 | BC44: 1 | BH44: 0 | BI44: 1 | BJ44: ФЕР-2001, 63-10-2, приказ Минстроя России №1039/пр от 30.12.2016г. | BM44: 63001 | BN44: 0 | BP44: 0 | BQ44: 6 | BR44: 0 | BS44: 1 | BT44: 1 | BU44: 1 | BV44: 1 | BW44: 1 | BX44: 1 | BZ44: 77 | CA44: 50 | CF44: 0 | CG44: 0 | CM44: 0 | CO44: 0 | CP44: =(P44+Q44+S44) -> 156.68 | CQ44: =AC44*BC44 -> 0 | CR44: =AD44*BB44 -> 6.25 | CS44: =AE44*BS44 -> 2.7 | CT44: =AF44*BA44 -> 82.77 | CU44: =AG44 -> 0 | CV44: =AH44 -> 9.58 | CW44: =AI44 -> 0.2 | CX44: =AJ44 -> 0 | CY44: =(((S44+R44)*AT44)/100) -> 115.8311 | CZ44: =(((S44+R44)*AU44)/100) -> 75.215 | DN44: 0 | DO44: 0 | DP44: 1 | DQ44: 1 | DU44: 1005 | DV44: 100 м2 | DW44: 100 м2 | DX44: 100 | EE44: 16510572 | EF44: 6 | EG44: Ремонтно-строительные работы | EH44: 0 | EJ44: 1 | EK44: 63001 | EL44: Стекольные, обойные, облицовочные работы | EM44: рФЕР-63 | EQ44: 0 | ER44: 89.02 | ES44: 0 | ET44: 6.25 | EU44: 2.7 | EV44: 82.77 | EW44: 9.58 | EX44: 0.2 | EY44: 0 | FQ44: 0 | FR44: =ROUND(IF(AND(BH44=3,BI44=3),P44,0),2) -> 0 | FS44: 0 | FX44: 77 | FY44: 50 | GD44: 0 | GF44: 735218215 | GG44: 2 | GH44: 1 | GI44: -2 | GJ44: 0 | GK44: =ROUND(R44*(R12)/100,2) -> 0 | GL44: =ROUND(IF(AND(BH44=3,BI44=3,FS44<>0),P44,0),2) -> 0 | GM44: =ROUND(O44+X44+Y44+GK44,2)+GX44 -> 347.73 | GN44: =IF(OR(BI44=0,BI44=1),ROUND(O44+X44+Y44+GK44,2),0) -> 347.73 | GO44: =IF(BI44=2,ROUND(O44+X44+Y44+GK44,2),0) -> 0 | GP44: =IF(BI44=4,ROUND(O44+X44+Y44+GK44,2)+GX44,0) -> 0 | GR44: 0 | GS44: 3 | GT44: 0 | GV44: =ROUND(GT44,6) -> 0 | GW44: 1 | GX44: =ROUND(GV44*GW44*I44,2) -> 0 | HA44: 0 | HB44: 0 | IK44: 0
A45: 17 | B45: 1 | C45: =ROW(SmtRes!A72) -> 72 | D45: =ROW(EtalonRes!A88) -> 88 | E45: 9 | F45: 63-10-2 | G45: Разборка облицовки потолков | H45: 100 м2 | I45: =ROUND(176/100,9) -> 1.76 | J45: 0 | O45: =ROUND(CP45,2) -> 1023.09 | P45: =ROUND(CQ45*I45,2) -> 0 | Q45: =ROUND(CR45*I45,2) -> 71.83 | R45: =ROUND(CS45*I45,2) -> 31.03 | S45: =ROUND(CT45*I45,2) -> 951.26 | T45: =ROUND(CU45*I45,2) -> 0 | U45: =CV45*I45 -> 16.8608 | V45: =CW45*I45 -> 0.352 | W45: =ROUND(CX45*I45,2) -> 0 | X45: =ROUND(CY45,2) -> 756.36 | Y45: =ROUND(CZ45,2) -> 491.15 | AA45: 16483255 | AB45: =ROUND((AC45+AD45+AF45),6) -> 89.02 | AC45: =ROUND((ES45),6) -> 0 | AD45: =ROUND((((ET45)-(EU45))+AE45),6) -> 6.25 | AE45: =ROUND((EU45),6) -> 2.7 | AF45: =ROUND((EV45),6) -> 82.77 | AG45: =ROUND((AP45),6) -> 0 | AH45: =(EW45) -> 9.58 | AI45: =(EX45) -> 0.2 | AJ45: =ROUND((AS45),6) -> 0 | AK45: 89.02 | AL45: 0 | AM45: 6.25 | AN45: 2.7 | AO45: 82.77 | AP45: 0 | AQ45: 9.58 | AR45: 0.2 | AS45: 0 | AT45: 77 | AU45: 50 | AV45: 1 | AW45: 1 | AZ45: 6.53 | BA45: 6.53 | BB45: 6.53 | BC45: 6.53 | BH45: 0 | BI45: 1 | BJ45: ФЕР-2001, 63-10-2, приказ Минстроя России №1039/пр от 30.12.2016г. | BM45: 63001 | BN45: 0 | BP45: 0 | BQ45: 6 | BR45: 0 | BS45: 6.53 | BT45: 1 | BU45: 1 | BV45: 1 | BW45: 1 | BX45: 1 | BZ45: 77 | CA45: 50 | CF45: 0 | CG45: 0 | CM45: 0 | CO45: 0 | CP45: =(P45+Q45+S45) -> 1023.09 | CQ45: =AC45*BC45 -> 0 | CR45: =AD45*BB45 -> 40.8125 | CS45: =AE45*BS45 -> 17.631 | CT45: =AF45*BA45 -> 540.4881 | CU45: =AG45 -> 0 | CV45: =AH45 -> 9.58 | CW45: =AI45 -> 0.2 | CX45: =AJ45 -> 0 | CY45: =(((S45+R45)*AT45)/100) -> 756.3633 | CZ45: =(((S45+R45)*AU45)/100) -> 491.145 | DN45: 0 | DO45: 0 | DP45: 1 | DQ45: 1 | DU45: 1005 | DV45: 100 м2 | DW45: 100 м2 | DX45: 100 | EE45: 16510572 | EF45: 6 | EG45: Ремонтно-строительные работы | EH45: 0 | EJ45: 1 | EK45: 63001 | EL45: Стекольные, обойные, облицовочные работы | EM45: рФЕР-63 | EQ45: 0 | ER45: 89.02 | ES45: 0 | ET45: 6.25 | EU45: 2.7 | EV45: 82.77 | EW45: 9.58 | EX45: 0.2 | EY45: 0 | FQ45: 0 | FR45: =ROUND(IF(AND(BH45=3,BI45=3),P45,0),2) -> 0 | FS45: 0 | FX45: 77 | FY45: 50 | GD45: 0 | GF45: 735218215 | GG45: 1 | GH45: 1 | GI45: 4 | GJ45: 0 | GK45: =ROUND(R45*(S12)/100,2) -> 0 | GL45: =ROUND(IF(AND(BH45=3,BI45=3,FS45<>0),P45,0),2) -> 0 | GM45: =ROUND(O45+X45+Y45+GK45,2)+GX45 -> 2270.6 | GN45: =IF(OR(BI45=0,BI45=1),ROUND(O45+X45+Y45+GK45,2),0) -> 2270.6 | GO45: =IF(BI45=2,ROUND(O45+X45+Y45+GK45,2),0) -> 0 | GP45: =IF(BI45=4,ROUND(O45+X45+Y45+GK45,2)+GX45,0) -> 0 | GR45: 0 | GS45: 3 | GT45: 0 | GV45: =ROUND(GT45,6) -> 0 | GW45: 1 | GX45: =ROUND(GV45*GW45*I45,2) -> 0 | HA45: 0 | HB45: 0 | IK45: 0
A46: 17 | B46: 1 | C46: =ROW(SmtRes!A81) -> 81 | D46: =ROW(EtalonRes!A97) -> 97 | E46: 10 | F46: 09-04-012-01 | G46: Установка металлических дверных блоков в готовые проемы | H46: м2 | I46: 13.8 | J46: 0 | O46: =ROUND(CP46,2) -> 981.37 | P46: =ROUND(CQ46*I46,2) -> 354.94 | Q46: =ROUND(CR46*I46,2) -> 248.57 | R46: =ROUND(CS46*I46,2) -> 33.98 | S46: =ROUND(CT46*I46,2) -> 377.86 | T46: =ROUND(CU46*I46,2) -> 0 | U46: =CV46*I46 -> 38.088 | V46: =CW46*I46 -> 2.9325 | W46: =ROUND(CX46*I46,2) -> 0 | X46: =ROUND(CY46,2) -> 333.59 | Y46: =ROUND(CZ46,2) -> 296.52 | AA46: 16483241 | AB46: =ROUND((AC46+AD46+AF46),6) -> 71.114 | AC46: =ROUND((ES46),6) -> 25.72 | AD46: =ROUND(((((ET46*1.25))-((EU46*1.25)))+AE46),6) -> 18.0125 | AE46: =ROUND(((EU46*1.25)),6) -> 2.4625 | AF46: =ROUND(((EV46*1.15)),6) -> 27.3815 | AG46: =ROUND((AP46),6) -> 0 | AH46: =((EW46*1.15)) -> 2.76 | AI46: =((EX46*1.25)) -> 0.2125 | AJ46: =ROUND((AS46),6) -> 0 | AK46: 63.94 | AL46: 25.72 | AM46: 14.41 | AN46: 1.97 | AO46: 23.81 | AP46: 0 | AQ46: 2.4 | AR46: 0.17 | AS46: 0 | AT46: 81 | AU46: 72 | AV46: 1 | AW46: 1 | AZ46: 1 | BA46: 1 | BB46: 1 | BC46: 1 | BH46: 0 | BI46: 1 | BJ46: ФЕР-2001, 09-04-012-01, приказ Минстроя России №1039/пр от 30.12.2016г. | BM46: 9001 | BN46: 0 | BP46: 0 | BQ46: 2 | BR46: 0 | BS46: 1 | BT46: 1 | BU46: 1 | BV46: 1 | BW46: 1 | BX46: 1 | BZ46: 90 | CA46: 85 | CF46: 0 | CG46: 0 | CM46: 0 | CN46: Поправка: МДС 81-35.2004, п.4.7 Наименование: Работы, выполняемые при реконструкции зданий и сооружений работы, аналогичные технологическим процессам в новом строительстве (в том числе возведение новых конструктивных элементов) стоимость которых определена по соответствующим сборникам ФЕР, кроме сборника № 46 «Работы при реконструкции зданий и сооружений» | CO46: 0 | CP46: =(P46+Q46+S46) -> 981.37 | CQ46: =AC46*BC46 -> 25.72 | CR46: =AD46*BB46 -> 18.0125 | CS46: =AE46*BS46 -> 2.4625 | CT46: =AF46*BA46 -> 27.3815 | CU46: =AG46 -> 0 | CV46: =AH46 -> 2.76 | CW46: =AI46 -> 0.2125 | CX46: =AJ46 -> 0 | CY46: =(((S46+R46)*AT46)/100) -> 333.5904 | CZ46: =(((S46+R46)*AU46)/100) -> 296.5248 | DE46: )*1,25 | DF46: )*1,25 | DG46: )*1,15 | DI46: )*1,15 | DJ46: )*1,25 | DN46: 0 | DO46: 0 | DP46: 1 | DQ46: 1 | DU46: 1005 | DV46: м2 | DW46: м2 | DX46: 1 | EE46: 16510486 | EF46: 2 | EG46: Общестроительные работы | EH46: 0 | EJ46: 1 | EK46: 9001 | EL46: Металлические конструкции | EM46: ФЕР-09 | EO46: Поправка: МДС 81-35.2004, п.4.7 | EQ46: 0 | ER46: 63.94 | ES46: 25.72 | ET46: 14.41 | EU46: 1.97 | EV46: 23.81 | EW46: 2.4 | EX46: 0.17 | EY46: 0 | FQ46: 0 | FR46: =ROUND(IF(AND(BH46=3,BI46=3),P46,0),2) -> 0 | FS46: 0 | FT46: *0,9 | FU46: *0,85 | FX46: 81 | FY46: 72.25 | GD46: 0 | GF46: 1555078569 | GG46: 2 | GH46: 1 | GI46: -2 | GJ46: 0 | GK46: =ROUND(R46*(R12)/100,2) -> 0 | GL46: =ROUND(IF(AND(BH46=3,BI46=3,FS46<>0),P46,0),2) -> 0 | GM46: =ROUND(O46+X46+Y46+GK46,2)+GX46 -> 1611.48 | GN46: =IF(OR(BI46=0,BI46=1),ROUND(O46+X46+Y46+GK46,2),0) -> 1611.48 | GO46: =IF(BI46=2,ROUND(O46+X46+Y46+GK46,2),0) -> 0 | GP46: =IF(BI46=4,ROUND(O46+X46+Y46+GK46,2)+GX46,0) -> 0 | GR46: 0 | GS46: 3 | GT46: 0 | GV46: =ROUND(GT46,6) -> 0 | GW46: 1 | GX46: =ROUND(GV46*GW46*I46,2) -> 0 | HA46: 0 | HB46: 0 | IK46: 0
A47: 17 | B47: 1 | C47: =ROW(SmtRes!A90) -> 90 | D47: =ROW(EtalonRes!A106) -> 106 | E47: 10 | F47: 09-04-012-01 | G47: Установка металлических дверных блоков в готовые проемы | H47: м2 | I47: 13.8 | J47: 0 | O47: =ROUND(CP47,2) -> 6408.37 | P47: =ROUND(CQ47*I47,2) -> 2317.73 | Q47: =ROUND(CR47*I47,2) -> 1623.18 | R47: =ROUND(CS47*I47,2) -> 221.91 | S47: =ROUND(CT47*I47,2) -> 2467.46 | T47: =ROUND(CU47*I47,2) -> 0 | U47: =CV47*I47 -> 38.088 | V47: =CW47*I47 -> 2.9325 | W47: =ROUND(CX47*I47,2) -> 0 | X47: =ROUND(CY47,2) -> 2178.39 | Y47: =ROUND(CZ47,2) -> 1936.35 | AA47: 16483255 | AB47: =ROUND((AC47+AD47+AF47),6) -> 71.114 | AC47: =ROUND((ES47),6) -> 25.72 | AD47: =ROUND(((((ET47*1.25))-((EU47*1.25)))+AE47),6) -> 18.0125 | AE47: =ROUND(((EU47*1.25)),6) -> 2.4625 | AF47: =ROUND(((EV47*1.15)),6) -> 27.3815 | AG47: =ROUND((AP47),6) -> 0 | AH47: =((EW47*1.15)) -> 2.76 | AI47: =((EX47*1.25)) -> 0.2125 | AJ47: =ROUND((AS47),6) -> 0 | AK47: 63.94 | AL47: 25.72 | AM47: 14.41 | AN47: 1.97 | AO47: 23.81 | AP47: 0 | AQ47: 2.4 | AR47: 0.17 | AS47: 0 | AT47: 81 | AU47: 72 | AV47: 1 | AW47: 1 | AZ47: 6.53 | BA47: 6.53 | BB47: 6.53 | BC47: 6.53 | BH47: 0 | BI47: 1 | BJ47: ФЕР-2001, 09-04-012-01, приказ Минстроя России №1039/пр от 30.12.2016г. | BM47: 9001 | BN47: 0 | BP47: 0 | BQ47: 2 | BR47: 0 | BS47: 6.53 | BT47: 1 | BU47: 1 | BV47: 1 | BW47: 1 | BX47: 1 | BZ47: 90 | CA47: 85 | CF47: 0 | CG47: 0 | CM47: 0 | CN47: Поправка: МДС 81-35.2004, п.4.7 Наименование: Работы, выполняемые при реконструкции зданий и сооружений работы, аналогичные технологическим процессам в новом строительстве (в том числе возведение новых конструктивных элементов) стоимость которых определена по соответствующим сборникам ФЕР, кроме сборника № 46 «Работы при реконструкции зданий и сооружений» | CO47: 0 | CP47: =(P47+Q47+S47) -> 6408.37 | CQ47: =AC47*BC47 -> 167.9516 | CR47: =AD47*BB47 -> 117.62162 | CS47: =AE47*BS47 -> 16.080125 | CT47: =AF47*BA47 -> 178.8012 | CU47: =AG47 -> 0 | CV47: =AH47 -> 2.76 | CW47: =AI47 -> 0.2125 | CX47: =AJ47 -> 0 | CY47: =(((S47+R47)*AT47)/100) -> 2178.3897 | CZ47: =(((S47+R47)*AU47)/100) -> 1936.3464 | DE47: )*1,25 | DF47: )*1,25 | DG47: )*1,15 | DI47: )*1,15 | DJ47: )*1,25 | DN47: 0 | DO47: 0 | DP47: 1 | DQ47: 1 | DU47: 1005 | DV47: м2 | DW47: м2 | DX47: 1 | EE47: 16510486 | EF47: 2 | EG47: Общестроительные работы | EH47: 0 | EJ47: 1 | EK47: 9001 | EL47: Металлические конструкции | EM47: ФЕР-09 | EO47: Поправка: МДС 81-35.2004, п.4.7 | EQ47: 0 | ER47: 63.94 | ES47: 25.72 | ET47: 14.41 | EU47: 1.97 | EV47: 23.81 | EW47: 2.4 | EX47: 0.17 | EY47: 0 | FQ47: 0 | FR47: =ROUND(IF(AND(BH47=3,BI47=3),P47,0),2) -> 0 | FS47: 0 | FT47: *0,9 | FU47: *0,85 | FX47: 81 | FY47: 72.25 | GD47: 0 | GF47: 1555078569 | GG47: 1 | GH47: 1 | GI47: 4 | GJ47: 0 | GK47: =ROUND(R47*(S12)/100,2) -> 0 | GL47: =ROUND(IF(AND(BH47=3,BI47=3,FS47<>0),P47,0),2) -> 0 | GM47: =ROUND(O47+X47+Y47+GK47,2)+GX47 -> 10523.11 | GN47: =IF(OR(BI47=0,BI47=1),ROUND(O47+X47+Y47+GK47,2),0) -> 10523.11 | GO47: =IF(BI47=2,ROUND(O47+X47+Y47+GK47,2),0) -> 0 | GP47: =IF(BI47=4,ROUND(O47+X47+Y47+GK47,2)+GX47,0) -> 0 | GR47: 0 | GS47: 3 | GT47: 0 | GV47: =ROUND(GT47,6) -> 0 | GW47: 1 | GX47: =ROUND(GV47*GW47*I47,2) -> 0 | HA47: 0 | HB47: 0 | IK47: 0
A48: 18 | B48: 1 | C48: 79 | E48: 10,1 | F48: 07.1.01.01-0008 | G48: Дверь металлическая двупольная ДПМ-02/60, размером 1500х2300 мм | H48: шт. | I48: =I46*J48 -> 4 | J48: 0.28985507 | O48: =ROUND(CP48,2) -> 21804.84 | P48: =ROUND(CQ48*I48,2) -> 21804.84 | Q48: =ROUND(CR48*I48,2) -> 0 | R48: =ROUND(CS48*I48,2) -> 0 | S48: =ROUND(CT48*I48,2) -> 0 | T48: =ROUND(CU48*I48,2) -> 0 | U48: =CV48*I48 -> 0 | V48: =CW48*I48 -> 0 | W48: =ROUND(CX48*I48,2) -> 0 | X48: =ROUND(CY48,2) -> 0 | Y48: =ROUND(CZ48,2) -> 0 | AA48: 16483241 | AB48: =ROUND((AC48+AD48+AF48),6) -> 5451.21 | AC48: =ROUND((ES48),6) -> 5451.21 | AD48: =ROUND((((ET48)-(EU48))+AE48),6) -> 0 | AE48: =ROUND((EU48),6) -> 0 | AF48: =ROUND((EV48),6) -> 0 | AG48: =ROUND((AP48),6) -> 0 | AH48: =(EW48) -> 0 | AI48: =(EX48) -> 0 | AJ48: =ROUND((AS48),6) -> 0 | AK48: 5451.21 | AL48: 5451.21 | AM48: 0 | AN48: 0 | AO48: 0 | AP48: 0 | AQ48: 0 | AR48: 0 | AS48: 0 | AT48: 81 | AU48: 72 | AV48: 1 | AW48: 1 | AZ48: 1 | BA48: 1 | BB48: 1 | BC48: 1 | BH48: 3 | BI48: 1 | BJ48: ФССЦ-2001, 07.1.01.01-0008, приказ Минстроя России №1039/пр от 30.12.2016г. | BM48: 9001 | BN48: 0 | BP48: 0 | BQ48: 2 | BR48: 0 | BS48: 1 | BT48: 1 | BU48: 1 | BV48: 1 | BW48: 1 | BX48: 1 | BZ48: 90 | CA48: 85 | CF48: 0 | CG48: 0 | CM48: 0 | CO48: 0 | CP48: =(P48+Q48+S48) -> 21804.84 | CQ48: =AC48*BC48 -> 5451.21 | CR48: =AD48*BB48 -> 0 | CS48: =AE48*BS48 -> 0 | CT48: =AF48*BA48 -> 0 | CU48: =AG48 -> 0 | CV48: =AH48 -> 0 | CW48: =AI48 -> 0 | CX48: =AJ48 -> 0 | CY48: =(((S48+R48)*AT48)/100) -> 0 | CZ48: =(((S48+R48)*AU48)/100) -> 0 | DN48: 0 | DO48: 0 | DP48: 1 | DQ48: 1 | DU48: 1010 | DV48: шт. | DW48: шт. | DX48: 1 | EE48: 16510486 | EF48: 2 | EG48: Общестроительные работы | EH48: 0 | EJ48: 1 | EK48: 9001 | EL48: Металлические конструкции | EM48: ФЕР-09 | EQ48: 0 | ER48: 5451.21 | ES48: 5451.21 | ET48: 0 | EU48: 0 | EV48: 0 | EW48: 0 | EX48: 0 | FQ48: 0 | FR48: =ROUND(IF(AND(BH48=3,BI48=3),P48,0),2) -> 0 | FS48: 0 | FT48: *0,9 | FU48: *0,85 | FX48: 81 | FY48: 72.25 | GD48: 0 | GF48: 1777032064 | GG48: 2 | GH48: 1 | GI48: -2 | GJ48: 0 | GK48: =ROUND(R48*(R12)/100,2) -> 0 | GL48: =ROUND(IF(AND(BH48=3,BI48=3,FS48<>0),P48,0),2) -> 0 | GM48: =ROUND(O48+X48+Y48+GK48,2)+GX48 -> 21804.84 | GN48: =IF(OR(BI48=0,BI48=1),ROUND(O48+X48+Y48+GK48,2),0) -> 21804.84 | GO48: =IF(BI48=2,ROUND(O48+X48+Y48+GK48,2),0) -> 0 | GP48: =IF(BI48=4,ROUND(O48+X48+Y48+GK48,2)+GX48,0) -> 0 | GR48: 0 | GS48: 3 | GT48: 0 | GV48: =ROUND(GT48,6) -> 0 | GW48: 1 | GX48: =ROUND(GV48*GW48*I48,2) -> 0 | HA48: 0 | HB48: 0 | IK48: 0
A49: 18 | B49: 1 | C49: 88 | E49: 10,1 | F49: 07.1.01.01-0008 | G49: Дверь металлическая двупольная ДПМ-02/60, размером 1500х2300 мм | H49: шт. | I49: =I47*J49 -> 4 | J49: 0.28985507 | O49: =ROUND(CP49,2) -> 142385.61 | P49: =ROUND(CQ49*I49,2) -> 142385.61 | Q49: =ROUND(CR49*I49,2) -> 0 | R49: =ROUND(CS49*I49,2) -> 0 | S49: =ROUND(CT49*I49,2) -> 0 | T49: =ROUND(CU49*I49,2) -> 0 | U49: =CV49*I49 -> 0 | V49: =CW49*I49 -> 0 | W49: =ROUND(CX49*I49,2) -> 0 | X49: =ROUND(CY49,2) -> 0 | Y49: =ROUND(CZ49,2) -> 0 | AA49: 16483255 | AB49: =ROUND((AC49+AD49+AF49),6) -> 5451.21 | AC49: =ROUND((ES49),6) -> 5451.21 | AD49: =ROUND((((ET49)-(EU49))+AE49),6) -> 0 | AE49: =ROUND((EU49),6) -> 0 | AF49: =ROUND((EV49),6) -> 0 | AG49: =ROUND((AP49),6) -> 0 | AH49: =(EW49) -> 0 | AI49: =(EX49) -> 0 | AJ49: =ROUND((AS49),6) -> 0 | AK49: 5451.21 | AL49: 5451.21 | AM49: 0 | AN49: 0 | AO49: 0 | AP49: 0 | AQ49: 0 | AR49: 0 | AS49: 0 | AT49: 81 | AU49: 72 | AV49: 1 | AW49: 1 | AZ49: 6.53 | BA49: 1 | BB49: 1 | BC49: 6.53 | BH49: 3 | BI49: 1 | BJ49: ФССЦ-2001, 07.1.01.01-0008, приказ Минстроя России №1039/пр от 30.12.2016г. | BM49: 9001 | BN49: 0 | BP49: 0 | BQ49: 2 | BR49: 0 | BS49: 1 | BT49: 1 | BU49: 1 | BV49: 1 | BW49: 1 | BX49: 1 | BZ49: 90 | CA49: 85 | CF49: 0 | CG49: 0 | CM49: 0 | CO49: 0 | CP49: =(P49+Q49+S49) -> 142385.61 | CQ49: =AC49*BC49 -> 35596.401 | CR49: =AD49*BB49 -> 0 | CS49: =AE49*BS49 -> 0 | CT49: =AF49*BA49 -> 0 | CU49: =AG49 -> 0 | CV49: =AH49 -> 0 | CW49: =AI49 -> 0 | CX49: =AJ49 -> 0 | CY49: =(((S49+R49)*AT49)/100) -> 0 | CZ49: =(((S49+R49)*AU49)/100) -> 0 | DN49: 0 | DO49: 0 | DP49: 1 | DQ49: 1 | DU49: 1010 | DV49: шт. | DW49: шт. | DX49: 1 | EE49: 16510486 | EF49: 2 | EG49: Общестроительные работы | EH49: 0 | EJ49: 1 | EK49: 9001 | EL49: Металлические конструкции | EM49: ФЕР-09 | EQ49: 0 | ER49: 5451.21 | ES49: 5451.21 | ET49: 0 | EU49: 0 | EV49: 0 | EW49: 0 | EX49: 0 | FQ49: 0 | FR49: =ROUND(IF(AND(BH49=3,BI49=3),P49,0),2) -> 0 | FS49: 0 | FT49: *0,9 | FU49: *0,85 | FX49: 81 | FY49: 72.25 | GD49: 0 | GF49: 1777032064 | GG49: 1 | GH49: 1 | GI49: 4 | GJ49: 0 | GK49: =ROUND(R49*(S12)/100,2) -> 0 | GL49: =ROUND(IF(AND(BH49=3,BI49=3,FS49<>0),P49,0),2) -> 0 | GM49: =ROUND(O49+X49+Y49+GK49,2)+GX49 -> 142385.61 | GN49: =IF(OR(BI49=0,BI49=1),ROUND(O49+X49+Y49+GK49,2),0) -> 142385.61 | GO49: =IF(BI49=2,ROUND(O49+X49+Y49+GK49,2),0) -> 0 | GP49: =IF(BI49=4,ROUND(O49+X49+Y49+GK49,2)+GX49,0) -> 0 | GR49: 0 | GS49: 3 | GT49: 0 | GV49: =ROUND(GT49,6) -> 0 | GW49: 1 | GX49: =ROUND(GV49*GW49*I49,2) -> 0 | HA49: 0 | HB49: 0 | IK49: 0
A50: 18 | B50: 1 | C50: 77 | E50: 10,2 | F50: 01.7.04.07-0001 | G50: Скобяные изделия для блоков входных дверей в здание двупольных | H50: компл. | I50: =I46*J50 -> 4 | J50: 0.28985507 | O50: =ROUND(CP50,2) -> 378.72 | P50: =ROUND(CQ50*I50,2) -> 378.72 | Q50: =ROUND(CR50*I50,2) -> 0 | R50: =ROUND(CS50*I50,2) -> 0 | S50: =ROUND(CT50*I50,2) -> 0 | T50: =ROUND(CU50*I50,2) -> 0 | U50: =CV50*I50 -> 0 | V50: =CW50*I50 -> 0 | W50: =ROUND(CX50*I50,2) -> 0 | X50: =ROUND(CY50,2) -> 0 | Y50: =ROUND(CZ50,2) -> 0 | AA50: 16483241 | AB50: =ROUND((AC50+AD50+AF50),6) -> 94.68 | AC50: =ROUND((ES50),6) -> 94.68 | AD50: =ROUND((((ET50)-(EU50))+AE50),6) -> 0 | AE50: =ROUND((EU50),6) -> 0 | AF50: =ROUND((EV50),6) -> 0 | AG50: =ROUND((AP50),6) -> 0 | AH50: =(EW50) -> 0 | AI50: =(EX50) -> 0 | AJ50: =ROUND((AS50),6) -> 0 | AK50: 94.68 | AL50: 94.68 | AM50: 0 | AN50: 0 | AO50: 0 | AP50: 0 | AQ50: 0 | AR50: 0 | AS50: 0 | AT50: 81 | AU50: 72 | AV50: 1 | AW50: 1 | AZ50: 1 | BA50: 1 | BB50: 1 | BC50: 1 | BH50: 3 | BI50: 1 | BJ50: ФССЦ-2001, 01.7.04.07-0001, приказ Минстроя России №1039/пр от 30.12.2016г. | BM50: 9001 | BN50: 0 | BP50: 0 | BQ50: 2 | BR50: 0 | BS50: 1 | BT50: 1 | BU50: 1 | BV50: 1 | BW50: 1 | BX50: 1 | BZ50: 90 | CA50: 85 | CF50: 0 | CG50: 0 | CM50: 0 | CO50: 0 | CP50: =(P50+Q50+S50) -> 378.72 | CQ50: =AC50*BC50 -> 94.68 | CR50: =AD50*BB50 -> 0 | CS50: =AE50*BS50 -> 0 | CT50: =AF50*BA50 -> 0 | CU50: =AG50 -> 0 | CV50: =AH50 -> 0 | CW50: =AI50 -> 0 | CX50: =AJ50 -> 0 | CY50: =(((S50+R50)*AT50)/100) -> 0 | CZ50: =(((S50+R50)*AU50)/100) -> 0 | DN50: 0 | DO50: 0 | DP50: 1 | DQ50: 1 | DU50: 1013 | DV50: компл. | DW50: компл. | DX50: 1 | EE50: 16510486 | EF50: 2 | EG50: Общестроительные работы | EH50: 0 | EJ50: 1 | EK50: 9001 | EL50: Металлические конструкции | EM50: ФЕР-09 | EQ50: 0 | ER50: 94.68 | ES50: 94.68 | ET50: 0 | EU50: 0 | EV50: 0 | EW50: 0 | EX50: 0 | FQ50: 0 | FR50: =ROUND(IF(AND(BH50=3,BI50=3),P50,0),2) -> 0 | FS50: 0 | FT50: *0,9 | FU50: *0,85 | FX50: 81 | FY50: 72.25 | GD50: 0 | GF50: -2137607551 | GG50: 2 | GH50: 1 | GI50: -2 | GJ50: 0 | GK50: =ROUND(R50*(R12)/100,2) -> 0 | GL50: =ROUND(IF(AND(BH50=3,BI50=3,FS50<>0),P50,0),2) -> 0 | GM50: =ROUND(O50+X50+Y50+GK50,2)+GX50 -> 378.72 | GN50: =IF(OR(BI50=0,BI50=1),ROUND(O50+X50+Y50+GK50,2),0) -> 378.72 | GO50: =IF(BI50=2,ROUND(O50+X50+Y50+GK50,2),0) -> 0 | GP50: =IF(BI50=4,ROUND(O50+X50+Y50+GK50,2)+GX50,0) -> 0 | GR50: 0 | GS50: 3 | GT50: 0 | GV50: =ROUND(GT50,6) -> 0 | GW50: 1 | GX50: =ROUND(GV50*GW50*I50,2) -> 0 | HA50: 0 | HB50: 0 | IK50: 0
A51: 18 | B51: 1 | C51: 86 | E51: 10,2 | F51: 01.7.04.07-0001 | G51: Скобяные изделия для блоков входных дверей в здание двупольных | H51: компл. | I51: =I47*J51 -> 4 | J51: 0.28985507 | O51: =ROUND(CP51,2) -> 2473.04 | P51: =ROUND(CQ51*I51,2) -> 2473.04 | Q51: =ROUND(CR51*I51,2) -> 0 | R51: =ROUND(CS51*I51,2) -> 0 | S51: =ROUND(CT51*I51,2) -> 0 | T51: =ROUND(CU51*I51,2) -> 0 | U51: =CV51*I51 -> 0 | V51: =CW51*I51 -> 0 | W51: =ROUND(CX51*I51,2) -> 0 | X51: =ROUND(CY51,2) -> 0 | Y51: =ROUND(CZ51,2) -> 0 | AA51: 16483255 | AB51: =ROUND((AC51+AD51+AF51),6) -> 94.68 | AC51: =ROUND((ES51),6) -> 94.68 | AD51: =ROUND((((ET51)-(EU51))+AE51),6) -> 0 | AE51: =ROUND((EU51),6) -> 0 | AF51: =ROUND((EV51),6) -> 0 | AG51: =ROUND((AP51),6) -> 0 | AH51: =(EW51) -> 0 | AI51: =(EX51) -> 0 | AJ51: =ROUND((AS51),6) -> 0 | AK51: 94.68 | AL51: 94.68 | AM51: 0 | AN51: 0 | AO51: 0 | AP51: 0 | AQ51: 0 | AR51: 0 | AS51: 0 | AT51: 81 | AU51: 72 | AV51: 1 | AW51: 1 | AZ51: 6.53 | BA51: 1 | BB51: 1 | BC51: 6.53 | BH51: 3 | BI51: 1 | BJ51: ФССЦ-2001, 01.7.04.07-0001, приказ Минстроя России №1039/пр от 30.12.2016г. | BM51: 9001 | BN51: 0 | BP51: 0 | BQ51: 2 | BR51: 0 | BS51: 1 | BT51: 1 | BU51: 1 | BV51: 1 | BW51: 1 | BX51: 1 | BZ51: 90 | CA51: 85 | CF51: 0 | CG51: 0 | CM51: 0 | CO51: 0 | CP51: =(P51+Q51+S51) -> 2473.04 | CQ51: =AC51*BC51 -> 618.2604 | CR51: =AD51*BB51 -> 0 | CS51: =AE51*BS51 -> 0 | CT51: =AF51*BA51 -> 0 | CU51: =AG51 -> 0 | CV51: =AH51 -> 0 | CW51: =AI51 -> 0 | CX51: =AJ51 -> 0 | CY51: =(((S51+R51)*AT51)/100) -> 0 | CZ51: =(((S51+R51)*AU51)/100) -> 0 | DN51: 0 | DO51: 0 | DP51: 1 | DQ51: 1 | DU51: 1013 | DV51: компл. | DW51: компл. | DX51: 1 | EE51: 16510486 | EF51: 2 | EG51: Общестроительные работы | EH51: 0 | EJ51: 1 | EK51: 9001 | EL51: Металлические конструкции | EM51: ФЕР-09 | EQ51: 0 | ER51: 94.68 | ES51: 94.68 | ET51: 0 | EU51: 0 | EV51: 0 | EW51: 0 | EX51: 0 | FQ51: 0 | FR51: =ROUND(IF(AND(BH51=3,BI51=3),P51,0),2) -> 0 | FS51: 0 | FT51: *0,9 | FU51: *0,85 | FX51: 81 | FY51: 72.25 | GD51: 0 | GF51: -2137607551 | GG51: 1 | GH51: 1 | GI51: 4 | GJ51: 0 | GK51: =ROUND(R51*(S12)/100,2) -> 0 | GL51: =ROUND(IF(AND(BH51=3,BI51=3,FS51<>0),P51,0),2) -> 0 | GM51: =ROUND(O51+X51+Y51+GK51,2)+GX51 -> 2473.04 | GN51: =IF(OR(BI51=0,BI51=1),ROUND(O51+X51+Y51+GK51,2),0) -> 2473.04 | GO51: =IF(BI51=2,ROUND(O51+X51+Y51+GK51,2),0) -> 0 | GP51: =IF(BI51=4,ROUND(O51+X51+Y51+GK51,2)+GX51,0) -> 0 | GR51: 0 | GS51: 3 | GT51: 0 | GV51: =ROUND(GT51,6) -> 0 | GW51: 1 | GX51: =ROUND(GV51*GW51*I51,2) -> 0 | HA51: 0 | HB51: 0 | IK51: 0
A52: 17 | B52: 1 | C52: =ROW(SmtRes!A100) -> 100 | D52: =ROW(EtalonRes!A117) -> 117 | E52: 11 | F52: 10-01-039-02 | G52: Установка блоков в наружных и внутренних дверных проемах в каменных стенах, площадь проема более 3 м2 | H52: 100 м2 | I52: =ROUND(13.8/100,9) -> 0.138 | J52: 0 | O52: =ROUND(CP52,2) -> 411.72 | P52: =ROUND(CQ52*I52,2) -> 161.77 | Q52: =ROUND(CR52*I52,2) -> 128.98 | R52: =ROUND(CS52*I52,2) -> 20.63 | S52: =ROUND(CT52*I52,2) -> 120.97 | T52: =ROUND(CU52*I52,2) -> 0 | U52: =CV52*I52 -> 12.868983 | V52: =CW52*I52 -> 1.578375 | W52: =ROUND(CX52*I52,2) -> 0 | X52: =ROUND(CY52,2) -> 150.1 | Y52: =ROUND(CZ52,2) -> 76.46 | AA52: 16483241 | AB52: =ROUND((AC52+AD52+AF52),6) -> 2983.47 | AC52: =ROUND((ES52),6) -> 1172.22 | AD52: =ROUND(((((ET52*1.25))-((EU52*1.25)))+AE52),6) -> 934.6625 | AE52: =ROUND(((EU52*1.25)),6) -> 149.4875 | AF52: =ROUND(((EV52*1.15)),6) -> 876.5875 | AG52: =ROUND((AP52),6) -> 0 | AH52: =((EW52*1.15)) -> 93.2535 | AI52: =((EX52*1.25)) -> 11.4375 | AJ52: =ROUND((AS52),6) -> 0 | AK52: 2682.2 | AL52: 1172.22 | AM52: 747.73 | AN52: 119.59 | AO52: 762.25 | AP52: 0 | AQ52: 81.09 | AR52: 9.15 | AS52: 0 | AT52: 106 | AU52: 54 | AV52: 1 | AW52: 1 | AZ52: 1 | BA52: 1 | BB52: 1 | BC52: 1 | BH52: 0 | BI52: 1 | BJ52: ФЕР-2001, 10-01-039-02, приказ Минстроя России №1039/пр от 30.12.2016г. | BM52: 10001 | BN52: 0 | BP52: 0 | BQ52: 2 | BR52: 0 | BS52: 1 | BT52: 1 | BU52: 1 | BV52: 1 | BW52: 1 | BX52: 1 | BZ52: 118 | CA52: 63 | CF52: 0 | CG52: 0 | CM52: 0 | CN52: Поправка: МДС 81-35.2004, п.4.7 Наименование: Работы, выполняемые при реконструкции зданий и сооружений работы, аналогичные технологическим процессам в новом строительстве (в том числе возведение новых конструктивных элементов) стоимость которых определена по соответствующим сборникам ФЕР, кроме сборника № 46 «Работы при реконструкции зданий и сооружений» | CO52: 0 | CP52: =(P52+Q52+S52) -> 411.72 | CQ52: =AC52*BC52 -> 1172.22 | CR52: =AD52*BB52 -> 934.6625 | CS52: =AE52*BS52 -> 149.4875 | CT52: =AF52*BA52 -> 876.5875 | CU52: =AG52 -> 0 | CV52: =AH52 -> 93.2535 | CW52: =AI52 -> 11.4375 | CX52: =AJ52 -> 0 | CY52: =(((S52+R52)*AT52)/100) -> 150.096 | CZ52: =(((S52+R52)*AU52)/100) -> 76.464 | DE52: )*1,25 | DF52: )*1,25 | DG52: )*1,15 | DI52: )*1,15 | DJ52: )*1,25 | DN52: 0 | DO52: 0 | DP52: 1 | DQ52: 1 | DU52: 1005 | DV52: 100 м2 | DW52: 100 м2 | DX52: 100 | EE52: 16510487 | EF52: 2 | EG52: Общестроительные работы | EH52: 0 | EJ52: 1 | EK52: 10001 | EL52: Деревянные конструкции | EM52: ФЕР-10 | EO52: Поправка: МДС 81-35.2004, п.4.7 | EQ52: 0 | ER52: 2682.2 | ES52: 1172.22 | ET52: 747.73 | EU52: 119.59 | EV52: 762.25 | EW52: 81.09 | EX52: 9.15 | EY52: 0 | FQ52: 0 | FR52: =ROUND(IF(AND(BH52=3,BI52=3),P52,0),2) -> 0 | FS52: 0 | FT52: *0,9 | FU52: *0,85 | FX52: 106.2 | FY52: 53.55 | GD52: 0 | GF52: -230469743 | GG52: 2 | GH52: 1 | GI52: -2 | GJ52: 0 | GK52: =ROUND(R52*(R12)/100,2) -> 0 | GL52: =ROUND(IF(AND(BH52=3,BI52=3,FS52<>0),P52,0),2) -> 0 | GM52: =ROUND(O52+X52+Y52+GK52,2)+GX52 -> 638.28 | GN52: =IF(OR(BI52=0,BI52=1),ROUND(O52+X52+Y52+GK52,2),0) -> 638.28 | GO52: =IF(BI52=2,ROUND(O52+X52+Y52+GK52,2),0) -> 0 | GP52: =IF(BI52=4,ROUND(O52+X52+Y52+GK52,2)+GX52,0) -> 0 | GR52: 0 | GS52: 3 | GT52: 0 | GV52: =ROUND(GT52,6) -> 0 | GW52: 1 | GX52: =ROUND(GV52*GW52*I52,2) -> 0 | HA52: 0 | HB52: 0 | IK52: 0
A53: 17 | B53: 1 | C53: =ROW(SmtRes!A110) -> 110 | D53: =ROW(EtalonRes!A128) -> 128 | E53: 11 | F53: 10-01-039-02 | G53: Установка блоков в наружных и внутренних дверных проемах в каменных стенах, площадь проема более 3 м2 | H53: 100 м2 | I53: =ROUND(13.8/100,9) -> 0.138 | J53: 0 | O53: =ROUND(CP53,2) -> 2688.52 | P53: =ROUND(CQ53*I53,2) -> 1056.33 | Q53: =ROUND(CR53*I53,2) -> 842.26 | R53: =ROUND(CS53*I53,2) -> 134.71 | S53: =ROUND(CT53*I53,2) -> 789.93 | T53: =ROUND(CU53*I53,2) -> 0 | U53: =CV53*I53 -> 12.868983 | V53: =CW53*I53 -> 1.578375 | W53: =ROUND(CX53*I53,2) -> 0 | X53: =ROUND(CY53,2) -> 980.12 | Y53: =ROUND(CZ53,2) -> 499.31 | AA53: 16483255 | AB53: =ROUND((AC53+AD53+AF53),6) -> 2983.47 | AC53: =ROUND((ES53),6) -> 1172.22 | AD53: =ROUND(((((ET53*1.25))-((EU53*1.25)))+AE53),6) -> 934.6625 | AE53: =ROUND(((EU53*1.25)),6) -> 149.4875 | AF53: =ROUND(((EV53*1.15)),6) -> 876.5875 | AG53: =ROUND((AP53),6) -> 0 | AH53: =((EW53*1.15)) -> 93.2535 | AI53: =((EX53*1.25)) -> 11.4375 | AJ53: =ROUND((AS53),6) -> 0 | AK53: 2682.2 | AL53: 1172.22 | AM53: 747.73 | AN53: 119.59 | AO53: 762.25 | AP53: 0 | AQ53: 81.09 | AR53: 9.15 | AS53: 0 | AT53: 106 | AU53: 54 | AV53: 1 | AW53: 1 | AZ53: 6.53 | BA53: 6.53 | BB53: 6.53 | BC53: 6.53 | BH53: 0 | BI53: 1 | BJ53: ФЕР-2001, 10-01-039-02, приказ Минстроя России №1039/пр от 30.12.2016г. | BM53: 10001 | BN53: 0 | BP53: 0 | BQ53: 2 | BR53: 0 | BS53: 6.53 | BT53: 1 | BU53: 1 | BV53: 1 | BW53: 1 | BX53: 1 | BZ53: 118 | CA53: 63 | CF53: 0 | CG53: 0 | CM53: 0 | CN53: Поправка: МДС 81-35.2004, п.4.7 Наименование: Работы, выполняемые при реконструкции зданий и сооружений работы, аналогичные технологическим процессам в новом строительстве (в том числе возведение новых конструктивных элементов) стоимость которых определена по соответствующим сборникам ФЕР, кроме сборника № 46 «Работы при реконструкции зданий и сооружений» | CO53: 0 | CP53: =(P53+Q53+S53) -> 2688.52 | CQ53: =AC53*BC53 -> 7654.5966 | CR53: =AD53*BB53 -> 6103.3461 | CS53: =AE53*BS53 -> 976.15338 | CT53: =AF53*BA53 -> 5724.1164 | CU53: =AG53 -> 0 | CV53: =AH53 -> 93.2535 | CW53: =AI53 -> 11.4375 | CX53: =AJ53 -> 0 | CY53: =(((S53+R53)*AT53)/100) -> 980.1184 | CZ53: =(((S53+R53)*AU53)/100) -> 499.3056 | DE53: )*1,25 | DF53: )*1,25 | DG53: )*1,15 | DI53: )*1,15 | DJ53: )*1,25 | DN53: 0 | DO53: 0 | DP53: 1 | DQ53: 1 | DU53: 1005 | DV53: 100 м2 | DW53: 100 м2 | DX53: 100 | EE53: 16510487 | EF53: 2 | EG53: Общестроительные работы | EH53: 0 | EJ53: 1 | EK53: 10001 | EL53: Деревянные конструкции | EM53: ФЕР-10 | EO53: Поправка: МДС 81-35.2004, п.4.7 | EQ53: 0 | ER53: 2682.2 | ES53: 1172.22 | ET53: 747.73 | EU53: 119.59 | EV53: 762.25 | EW53: 81.09 | EX53: 9.15 | EY53: 0 | FQ53: 0 | FR53: =ROUND(IF(AND(BH53=3,BI53=3),P53,0),2) -> 0 | FS53: 0 | FT53: *0,9 | FU53: *0,85 | FX53: 106.2 | FY53: 53.55 | GD53: 0 | GF53: -230469743 | GG53: 1 | GH53: 1 | GI53: 4 | GJ53: 0 | GK53: =ROUND(R53*(S12)/100,2) -> 0 | GL53: =ROUND(IF(AND(BH53=3,BI53=3,FS53<>0),P53,0),2) -> 0 | GM53: =ROUND(O53+X53+Y53+GK53,2)+GX53 -> 4167.95 | GN53: =IF(OR(BI53=0,BI53=1),ROUND(O53+X53+Y53+GK53,2),0) -> 4167.95 | GO53: =IF(BI53=2,ROUND(O53+X53+Y53+GK53,2),0) -> 0 | GP53: =IF(BI53=4,ROUND(O53+X53+Y53+GK53,2)+GX53,0) -> 0 | GR53: 0 | GS53: 3 | GT53: 0 | GV53: =ROUND(GT53,6) -> 0 | GW53: 1 | GX53: =ROUND(GV53*GW53*I53,2) -> 0 | HA53: 0 | HB53: 0 | IK53: 0
A54: 18 | B54: 1 | C54: 95 | E54: 11,1 | F54: 01.7.04.07-0001 | G54: Скобяные изделия для блоков входных дверей в здание двупольных | H54: компл. | I54: =I52*J54 -> 4 | J54: 28.985507 | O54: =ROUND(CP54,2) -> 378.72 | P54: =ROUND(CQ54*I54,2) -> 378.72 | Q54: =ROUND(CR54*I54,2) -> 0 | R54: =ROUND(CS54*I54,2) -> 0 | S54: =ROUND(CT54*I54,2) -> 0 | T54: =ROUND(CU54*I54,2) -> 0 | U54: =CV54*I54 -> 0 | V54: =CW54*I54 -> 0 | W54: =ROUND(CX54*I54,2) -> 0 | X54: =ROUND(CY54,2) -> 0 | Y54: =ROUND(CZ54,2) -> 0 | AA54: 16483241 | AB54: =ROUND((AC54+AD54+AF54),6) -> 94.68 | AC54: =ROUND((ES54),6) -> 94.68 | AD54: =ROUND((((ET54)-(EU54))+AE54),6) -> 0 | AE54: =ROUND((EU54),6) -> 0 | AF54: =ROUND((EV54),6) -> 0 | AG54: =ROUND((AP54),6) -> 0 | AH54: =(EW54) -> 0 | AI54: =(EX54) -> 0 | AJ54: =ROUND((AS54),6) -> 0 | AK54: 94.68 | AL54: 94.68 | AM54: 0 | AN54: 0 | AO54: 0 | AP54: 0 | AQ54: 0 | AR54: 0 | AS54: 0 | AT54: 81 | AU54: 72 | AV54: 1 | AW54: 1 | AZ54: 1 | BA54: 1 | BB54: 1 | BC54: 1 | BH54: 3 | BI54: 1 | BJ54: ФССЦ-2001, 01.7.04.07-0001, приказ Минстроя России №1039/пр от 30.12.2016г. | BM54: 9001 | BN54: 0 | BP54: 0 | BQ54: 2 | BR54: 0 | BS54: 1 | BT54: 1 | BU54: 1 | BV54: 1 | BW54: 1 | BX54: 1 | BZ54: 90 | CA54: 85 | CF54: 0 | CG54: 0 | CM54: 0 | CO54: 0 | CP54: =(P54+Q54+S54) -> 378.72 | CQ54: =AC54*BC54 -> 94.68 | CR54: =AD54*BB54 -> 0 | CS54: =AE54*BS54 -> 0 | CT54: =AF54*BA54 -> 0 | CU54: =AG54 -> 0 | CV54: =AH54 -> 0 | CW54: =AI54 -> 0 | CX54: =AJ54 -> 0 | CY54: =(((S54+R54)*AT54)/100) -> 0 | CZ54: =(((S54+R54)*AU54)/100) -> 0 | DN54: 0 | DO54: 0 | DP54: 1 | DQ54: 1 | DU54: 1013 | DV54: компл. | DW54: компл. | DX54: 1 | EE54: 16510486 | EF54: 2 | EG54: Общестроительные работы | EH54: 0 | EJ54: 1 | EK54: 9001 | EL54: Металлические конструкции | EM54: ФЕР-09 | EQ54: 0 | ER54: 94.68 | ES54: 94.68 | ET54: 0 | EU54: 0 | EV54: 0 | EW54: 0 | EX54: 0 | FQ54: 0 | FR54: =ROUND(IF(AND(BH54=3,BI54=3),P54,0),2) -> 0 | FS54: 0 | FT54: *0,9 | FU54: *0,85 | FX54: 81 | FY54: 72.25 | GD54: 0 | GF54: -2137607551 | GG54: 2 | GH54: 1 | GI54: -2 | GJ54: 0 | GK54: =ROUND(R54*(R12)/100,2) -> 0 | GL54: =ROUND(IF(AND(BH54=3,BI54=3,FS54<>0),P54,0),2) -> 0 | GM54: =ROUND(O54+X54+Y54+GK54,2)+GX54 -> 378.72 | GN54: =IF(OR(BI54=0,BI54=1),ROUND(O54+X54+Y54+GK54,2),0) -> 378.72 | GO54: =IF(BI54=2,ROUND(O54+X54+Y54+GK54,2),0) -> 0 | GP54: =IF(BI54=4,ROUND(O54+X54+Y54+GK54,2)+GX54,0) -> 0 | GR54: 0 | GS54: 3 | GT54: 0 | GV54: =ROUND(GT54,6) -> 0 | GW54: 1 | GX54: =ROUND(GV54*GW54*I54,2) -> 0 | HA54: 0 | HB54: 0 | IK54: 0
A55: 18 | B55: 1 | C55: 105 | E55: 11,1 | F55: 01.7.04.07-0001 | G55: Скобяные изделия для блоков входных дверей в здание двупольных | H55: компл. | I55: =I53*J55 -> 4 | J55: 28.985507 | O55: =ROUND(CP55,2) -> 2473.04 | P55: =ROUND(CQ55*I55,2) -> 2473.04 | Q55: =ROUND(CR55*I55,2) -> 0 | R55: =ROUND(CS55*I55,2) -> 0 | S55: =ROUND(CT55*I55,2) -> 0 | T55: =ROUND(CU55*I55,2) -> 0 | U55: =CV55*I55 -> 0 | V55: =CW55*I55 -> 0 | W55: =ROUND(CX55*I55,2) -> 0 | X55: =ROUND(CY55,2) -> 0 | Y55: =ROUND(CZ55,2) -> 0 | AA55: 16483255 | AB55: =ROUND((AC55+AD55+AF55),6) -> 94.68 | AC55: =ROUND((ES55),6) -> 94.68 | AD55: =ROUND((((ET55)-(EU55))+AE55),6) -> 0 | AE55: =ROUND((EU55),6) -> 0 | AF55: =ROUND((EV55),6) -> 0 | AG55: =ROUND((AP55),6) -> 0 | AH55: =(EW55) -> 0 | AI55: =(EX55) -> 0 | AJ55: =ROUND((AS55),6) -> 0 | AK55: 94.68 | AL55: 94.68 | AM55: 0 | AN55: 0 | AO55: 0 | AP55: 0 | AQ55: 0 | AR55: 0 | AS55: 0 | AT55: 81 | AU55: 72 | AV55: 1 | AW55: 1 | AZ55: 6.53 | BA55: 1 | BB55: 1 | BC55: 6.53 | BH55: 3 | BI55: 1 | BJ55: ФССЦ-2001, 01.7.04.07-0001, приказ Минстроя России №1039/пр от 30.12.2016г. | BM55: 9001 | BN55: 0 | BP55: 0 | BQ55: 2 | BR55: 0 | BS55: 1 | BT55: 1 | BU55: 1 | BV55: 1 | BW55: 1 | BX55: 1 | BZ55: 90 | CA55: 85 | CF55: 0 | CG55: 0 | CM55: 0 | CO55: 0 | CP55: =(P55+Q55+S55) -> 2473.04 | CQ55: =AC55*BC55 -> 618.2604 | CR55: =AD55*BB55 -> 0 | CS55: =AE55*BS55 -> 0 | CT55: =AF55*BA55 -> 0 | CU55: =AG55 -> 0 | CV55: =AH55 -> 0 | CW55: =AI55 -> 0 | CX55: =AJ55 -> 0 | CY55: =(((S55+R55)*AT55)/100) -> 0 | CZ55: =(((S55+R55)*AU55)/100) -> 0 | DN55: 0 | DO55: 0 | DP55: 1 | DQ55: 1 | DU55: 1013 | DV55: компл. | DW55: компл. | DX55: 1 | EE55: 16510486 | EF55: 2 | EG55: Общестроительные работы | EH55: 0 | EJ55: 1 | EK55: 9001 | EL55: Металлические конструкции | EM55: ФЕР-09 | EQ55: 0 | ER55: 94.68 | ES55: 94.68 | ET55: 0 | EU55: 0 | EV55: 0 | EW55: 0 | EX55: 0 | FQ55: 0 | FR55: =ROUND(IF(AND(BH55=3,BI55=3),P55,0),2) -> 0 | FS55: 0 | FT55: *0,9 | FU55: *0,85 | FX55: 81 | FY55: 72.25 | GD55: 0 | GF55: -2137607551 | GG55: 1 | GH55: 1 | GI55: 4 | GJ55: 0 | GK55: =ROUND(R55*(S12)/100,2) -> 0 | GL55: =ROUND(IF(AND(BH55=3,BI55=3,FS55<>0),P55,0),2) -> 0 | GM55: =ROUND(O55+X55+Y55+GK55,2)+GX55 -> 2473.04 | GN55: =IF(OR(BI55=0,BI55=1),ROUND(O55+X55+Y55+GK55,2),0) -> 2473.04 | GO55: =IF(BI55=2,ROUND(O55+X55+Y55+GK55,2),0) -> 0 | GP55: =IF(BI55=4,ROUND(O55+X55+Y55+GK55,2)+GX55,0) -> 0 | GR55: 0 | GS55: 3 | GT55: 0 | GV55: =ROUND(GT55,6) -> 0 | GW55: 1 | GX55: =ROUND(GV55*GW55*I55,2) -> 0 | HA55: 0 | HB55: 0 | IK55: 0
A56: 18 | B56: 1 | C56: 99 | E56: 11,2 | F56: 11.2.02.01-0021 | G56: Блоки дверные внутренние двупольные глухие шлифованные, из массива сосны, без покрытия | H56: м2 | I56: =I52*J56 -> 13.8 | J56: 100 | O56: =ROUND(CP56,2) -> 13731.41 | P56: =ROUND(CQ56*I56,2) -> 13731.41 | Q56: =ROUND(CR56*I56,2) -> 0 | R56: =ROUND(CS56*I56,2) -> 0 | S56: =ROUND(CT56*I56,2) -> 0 | T56: =ROUND(CU56*I56,2) -> 0 | U56: =CV56*I56 -> 0 | V56: =CW56*I56 -> 0 | W56: =ROUND(CX56*I56,2) -> 0 | X56: =ROUND(CY56,2) -> 0 | Y56: =ROUND(CZ56,2) -> 0 | AA56: 16483241 | AB56: =ROUND((AC56+AD56+AF56),6) -> 995.03 | AC56: =ROUND((ES56),6) -> 995.03 | AD56: =ROUND((((ET56)-(EU56))+AE56),6) -> 0 | AE56: =ROUND((EU56),6) -> 0 | AF56: =ROUND((EV56),6) -> 0 | AG56: =ROUND((AP56),6) -> 0 | AH56: =(EW56) -> 0 | AI56: =(EX56) -> 0 | AJ56: =ROUND((AS56),6) -> 0 | AK56: 995.03 | AL56: 995.03 | AM56: 0 | AN56: 0 | AO56: 0 | AP56: 0 | AQ56: 0 | AR56: 0 | AS56: 0 | AT56: 106 | AU56: 54 | AV56: 1 | AW56: 1 | AZ56: 1 | BA56: 1 | BB56: 1 | BC56: 1 | BH56: 3 | BI56: 1 | BJ56: ФССЦ-2001, 11.2.02.01-0021, приказ Минстроя России №1039/пр от 30.12.2016г. | BM56: 10001 | BN56: 0 | BP56: 0 | BQ56: 2 | BR56: 0 | BS56: 1 | BT56: 1 | BU56: 1 | BV56: 1 | BW56: 1 | BX56: 1 | BZ56: 118 | CA56: 63 | CF56: 0 | CG56: 0 | CM56: 0 | CO56: 0 | CP56: =(P56+Q56+S56) -> 13731.41 | CQ56: =AC56*BC56 -> 995.03 | CR56: =AD56*BB56 -> 0 | CS56: =AE56*BS56 -> 0 | CT56: =AF56*BA56 -> 0 | CU56: =AG56 -> 0 | CV56: =AH56 -> 0 | CW56: =AI56 -> 0 | CX56: =AJ56 -> 0 | CY56: =(((S56+R56)*AT56)/100) -> 0 | CZ56: =(((S56+R56)*AU56)/100) -> 0 | DN56: 0 | DO56: 0 | DP56: 1 | DQ56: 1 | DU56: 1005 | DV56: м2 | DW56: м2 | DX56: 1 | EE56: 16510487 | EF56: 2 | EG56: Общестроительные работы | EH56: 0 | EJ56: 1 | EK56: 10001 | EL56: Деревянные конструкции | EM56: ФЕР-10 | EQ56: 0 | ER56: 995.03 | ES56: 995.03 | ET56: 0 | EU56: 0 | EV56: 0 | EW56: 0 | EX56: 0 | FQ56: 0 | FR56: =ROUND(IF(AND(BH56=3,BI56=3),P56,0),2) -> 0 | FS56: 0 | FT56: *0,9 | FU56: *0,85 | FX56: 106.2 | FY56: 53.55 | GD56: 0 | GF56: 372894191 | GG56: 2 | GH56: 1 | GI56: -2 | GJ56: 0 | GK56: =ROUND(R56*(R12)/100,2) -> 0 | GL56: =ROUND(IF(AND(BH56=3,BI56=3,FS56<>0),P56,0),2) -> 0 | GM56: =ROUND(O56+X56+Y56+GK56,2)+GX56 -> 13731.41 | GN56: =IF(OR(BI56=0,BI56=1),ROUND(O56+X56+Y56+GK56,2),0) -> 13731.41 | GO56: =IF(BI56=2,ROUND(O56+X56+Y56+GK56,2),0) -> 0 | GP56: =IF(BI56=4,ROUND(O56+X56+Y56+GK56,2)+GX56,0) -> 0 | GR56: 0 | GS56: 3 | GT56: 0 | GV56: =ROUND(GT56,6) -> 0 | GW56: 1 | GX56: =ROUND(GV56*GW56*I56,2) -> 0 | HA56: 0 | HB56: 0 | IK56: 0
A57: 18 | B57: 1 | C57: 109 | E57: 11,2 | F57: 11.2.02.01-0021 | G57: Блоки дверные внутренние двупольные глухие шлифованные, из массива сосны, без покрытия | H57: м2 | I57: =I53*J57 -> 13.8 | J57: 100 | O57: =ROUND(CP57,2) -> 89666.13 | P57: =ROUND(CQ57*I57,2) -> 89666.13 | Q57: =ROUND(CR57*I57,2) -> 0 | R57: =ROUND(CS57*I57,2) -> 0 | S57: =ROUND(CT57*I57,2) -> 0 | T57: =ROUND(CU57*I57,2) -> 0 | U57: =CV57*I57 -> 0 | V57: =CW57*I57 -> 0 | W57: =ROUND(CX57*I57,2) -> 0 | X57: =ROUND(CY57,2) -> 0 | Y57: =ROUND(CZ57,2) -> 0 | AA57: 16483255 | AB57: =ROUND((AC57+AD57+AF57),6) -> 995.03 | AC57: =ROUND((ES57),6) -> 995.03 | AD57: =ROUND((((ET57)-(EU57))+AE57),6) -> 0 | AE57: =ROUND((EU57),6) -> 0 | AF57: =ROUND((EV57),6) -> 0 | AG57: =ROUND((AP57),6) -> 0 | AH57: =(EW57) -> 0 | AI57: =(EX57) -> 0 | AJ57: =ROUND((AS57),6) -> 0 | AK57: 995.03 | AL57: 995.03 | AM57: 0 | AN57: 0 | AO57: 0 | AP57: 0 | AQ57: 0 | AR57: 0 | AS57: 0 | AT57: 106 | AU57: 54 | AV57: 1 | AW57: 1 | AZ57: 6.53 | BA57: 1 | BB57: 1 | BC57: 6.53 | BH57: 3 | BI57: 1 | BJ57: ФССЦ-2001, 11.2.02.01-0021, приказ Минстроя России №1039/пр от 30.12.2016г. | BM57: 10001 | BN57: 0 | BP57: 0 | BQ57: 2 | BR57: 0 | BS57: 1 | BT57: 1 | BU57: 1 | BV57: 1 | BW57: 1 | BX57: 1 | BZ57: 118 | CA57: 63 | CF57: 0 | CG57: 0 | CM57: 0 | CO57: 0 | CP57: =(P57+Q57+S57) -> 89666.13 | CQ57: =AC57*BC57 -> 6497.5459 | CR57: =AD57*BB57 -> 0 | CS57: =AE57*BS57 -> 0 | CT57: =AF57*BA57 -> 0 | CU57: =AG57 -> 0 | CV57: =AH57 -> 0 | CW57: =AI57 -> 0 | CX57: =AJ57 -> 0 | CY57: =(((S57+R57)*AT57)/100) -> 0 | CZ57: =(((S57+R57)*AU57)/100) -> 0 | DN57: 0 | DO57: 0 | DP57: 1 | DQ57: 1 | DU57: 1005 | DV57: м2 | DW57: м2 | DX57: 1 | EE57: 16510487 | EF57: 2 | EG57: Общестроительные работы | EH57: 0 | EJ57: 1 | EK57: 10001 | EL57: Деревянные конструкции | EM57: ФЕР-10 | EQ57: 0 | ER57: 995.03 | ES57: 995.03 | ET57: 0 | EU57: 0 | EV57: 0 | EW57: 0 | EX57: 0 | FQ57: 0 | FR57: =ROUND(IF(AND(BH57=3,BI57=3),P57,0),2) -> 0 | FS57: 0 | FT57: *0,9 | FU57: *0,85 | FX57: 106.2 | FY57: 53.55 | GD57: 0 | GF57: 372894191 | GG57: 1 | GH57: 1 | GI57: 4 | GJ57: 0 | GK57: =ROUND(R57*(S12)/100,2) -> 0 | GL57: =ROUND(IF(AND(BH57=3,BI57=3,FS57<>0),P57,0),2) -> 0 | GM57: =ROUND(O57+X57+Y57+GK57,2)+GX57 -> 89666.13 | GN57: =IF(OR(BI57=0,BI57=1),ROUND(O57+X57+Y57+GK57,2),0) -> 89666.13 | GO57: =IF(BI57=2,ROUND(O57+X57+Y57+GK57,2),0) -> 0 | GP57: =IF(BI57=4,ROUND(O57+X57+Y57+GK57,2)+GX57,0) -> 0 | GR57: 0 | GS57: 3 | GT57: 0 | GV57: =ROUND(GT57,6) -> 0 | GW57: 1 | GX57: =ROUND(GV57*GW57*I57,2) -> 0 | HA57: 0 | HB57: 0 | IK57: 0
A58: 17 | B58: 1 | C58: =ROW(SmtRes!A116) -> 116 | D58: =ROW(EtalonRes!A133) -> 133 | E58: 12 | F58: 09-04-012-02 | G58: Установка дверного доводчика к металлическим дверям | H58: ШТ | I58: 4 | J58: 0 | O58: =ROUND(CP58,2) -> 64.08 | P58: =ROUND(CQ58*I58,2) -> 2.88 | Q58: =ROUND(CR58*I58,2) -> 10.55 | R58: =ROUND(CS58*I58,2) -> 0 | S58: =ROUND(CT58*I58,2) -> 50.65 | T58: =ROUND(CU58*I58,2) -> 0 | U58: =CV58*I58 -> 5.106 | V58: =CW58*I58 -> 0 | W58: =ROUND(CX58*I58,2) -> 0 | X58: =ROUND(CY58,2) -> 41.03 | Y58: =ROUND(CZ58,2) -> 36.47 | AA58: 16483241 | AB58: =ROUND((AC58+AD58+AF58),6) -> 16.019 | AC58: =ROUND((ES58),6) -> 0.72 | AD58: =ROUND(((((ET58*1.25))-((EU58*1.25)))+AE58),6) -> 2.6375 | AE58: =ROUND(((EU58*1.25)),6) -> 0 | AF58: =ROUND(((EV58*1.15)),6) -> 12.6615 | AG58: =ROUND((AP58),6) -> 0 | AH58: =((EW58*1.15)) -> 1.2765 | AI58: =((EX58*1.25)) -> 0 | AJ58: =ROUND((AS58),6) -> 0 | AK58: 13.84 | AL58: 0.72 | AM58: 2.11 | AN58: 0 | AO58: 11.01 | AP58: 0 | AQ58: 1.11 | AR58: 0 | AS58: 0 | AT58: 81 | AU58: 72 | AV58: 1 | AW58: 1 | AZ58: 1 | BA58: 1 | BB58: 1 | BC58: 1 | BH58: 0 | BI58: 1 | BJ58: ФЕР-2001, 09-04-012-02, приказ Минстроя России №1039/пр от 30.12.2016г. | BM58: 9001 | BN58: 0 | BP58: 0 | BQ58: 2 | BR58: 0 | BS58: 1 | BT58: 1 | BU58: 1 | BV58: 1 | BW58: 1 | BX58: 1 | BZ58: 90 | CA58: 85 | CF58: 0 | CG58: 0 | CM58: 0 | CN58: Поправка: МДС 81-35.2004, п.4.7 Наименование: Работы, выполняемые при реконструкции зданий и сооружений работы, аналогичные технологическим процессам в новом строительстве (в том числе возведение новых конструктивных элементов) стоимость которых определена по соответствующим сборникам ФЕР, кроме сборника № 46 «Работы при реконструкции зданий и сооружений» | CO58: 0 | CP58: =(P58+Q58+S58) -> 64.08 | CQ58: =AC58*BC58 -> 0.72 | CR58: =AD58*BB58 -> 2.6375 | CS58: =AE58*BS58 -> 0 | CT58: =AF58*BA58 -> 12.6615 | CU58: =AG58 -> 0 | CV58: =AH58 -> 1.2765 | CW58: =AI58 -> 0 | CX58: =AJ58 -> 0 | CY58: =(((S58+R58)*AT58)/100) -> 41.0265 | CZ58: =(((S58+R58)*AU58)/100) -> 36.468 | DE58: )*1,25 | DF58: )*1,25 | DG58: )*1,15 | DI58: )*1,15 | DJ58: )*1,25 | DN58: 0 | DO58: 0 | DP58: 1 | DQ58: 1 | DU58: 1013 | DV58: ШТ | DW58: ШТ | DX58: 1 | EE58: 16510486 | EF58: 2 | EG58: Общестроительные работы | EH58: 0 | EJ58: 1 | EK58: 9001 | EL58: Металлические конструкции | EM58: ФЕР-09 | EO58: Поправка: МДС 81-35.2004, п.4.7 | EQ58: 0 | ER58: 13.84 | ES58: 0.72 | ET58: 2.11 | EU58: 0 | EV58: 11.01 | EW58: 1.11 | EX58: 0 | EY58: 0 | FQ58: 0 | FR58: =ROUND(IF(AND(BH58=3,BI58=3),P58,0),2) -> 0 | FS58: 0 | FT58: *0,9 | FU58: *0,85 | FX58: 81 | FY58: 72.25 | GD58: 0 | GF58: -418508909 | GG58: 2 | GH58: 1 | GI58: -2 | GJ58: 0 | GK58: =ROUND(R58*(R12)/100,2) -> 0 | GL58: =ROUND(IF(AND(BH58=3,BI58=3,FS58<>0),P58,0),2) -> 0 | GM58: =ROUND(O58+X58+Y58+GK58,2)+GX58 -> 141.58 | GN58: =IF(OR(BI58=0,BI58=1),ROUND(O58+X58+Y58+GK58,2),0) -> 141.58 | GO58: =IF(BI58=2,ROUND(O58+X58+Y58+GK58,2),0) -> 0 | GP58: =IF(BI58=4,ROUND(O58+X58+Y58+GK58,2)+GX58,0) -> 0 | GR58: 0 | GS58: 3 | GT58: 0 | GV58: =ROUND(GT58,6) -> 0 | GW58: 1 | GX58: =ROUND(GV58*GW58*I58,2) -> 0 | HA58: 0 | HB58: 0 | IK58: 0
A59: 17 | B59: 1 | C59: =ROW(SmtRes!A122) -> 122 | D59: =ROW(EtalonRes!A138) -> 138 | E59: 12 | F59: 09-04-012-02 | G59: Установка дверного доводчика к металлическим дверям | H59: ШТ | I59: 4 | J59: 0 | O59: =ROUND(CP59,2) -> 418.42 | P59: =ROUND(CQ59*I59,2) -> 18.81 | Q59: =ROUND(CR59*I59,2) -> 68.89 | R59: =ROUND(CS59*I59,2) -> 0 | S59: =ROUND(CT59*I59,2) -> 330.72 | T59: =ROUND(CU59*I59,2) -> 0 | U59: =CV59*I59 -> 5.106 | V59: =CW59*I59 -> 0 | W59: =ROUND(CX59*I59,2) -> 0 | X59: =ROUND(CY59,2) -> 267.88 | Y59: =ROUND(CZ59,2) -> 238.12 | AA59: 16483255 | AB59: =ROUND((AC59+AD59+AF59),6) -> 16.019 | AC59: =ROUND((ES59),6) -> 0.72 | AD59: =ROUND(((((ET59*1.25))-((EU59*1.25)))+AE59),6) -> 2.6375 | AE59: =ROUND(((EU59*1.25)),6) -> 0 | AF59: =ROUND(((EV59*1.15)),6) -> 12.6615 | AG59: =ROUND((AP59),6) -> 0 | AH59: =((EW59*1.15)) -> 1.2765 | AI59: =((EX59*1.25)) -> 0 | AJ59: =ROUND((AS59),6) -> 0 | AK59: 13.84 | AL59: 0.72 | AM59: 2.11 | AN59: 0 | AO59: 11.01 | AP59: 0 | AQ59: 1.11 | AR59: 0 | AS59: 0 | AT59: 81 | AU59: 72 | AV59: 1 | AW59: 1 | AZ59: 6.53 | BA59: 6.53 | BB59: 6.53 | BC59: 6.53 | BH59: 0 | BI59: 1 | BJ59: ФЕР-2001, 09-04-012-02, приказ Минстроя России №1039/пр от 30.12.2016г. | BM59: 9001 | BN59: 0 | BP59: 0 | BQ59: 2 | BR59: 0 | BS59: 6.53 | BT59: 1 | BU59: 1 | BV59: 1 | BW59: 1 | BX59: 1 | BZ59: 90 | CA59: 85 | CF59: 0 | CG59: 0 | CM59: 0 | CN59: Поправка: МДС 81-35.2004, п.4.7 Наименование: Работы, выполняемые при реконструкции зданий и сооружений работы, аналогичные технологическим процессам в новом строительстве (в том числе возведение новых конструктивных элементов) стоимость которых определена по соответствующим сборникам ФЕР, кроме сборника № 46 «Работы при реконструкции зданий и сооружений» | CO59: 0 | CP59: =(P59+Q59+S59) -> 418.42 | CQ59: =AC59*BC59 -> 4.7016 | CR59: =AD59*BB59 -> 17.222875 | CS59: =AE59*BS59 -> 0 | CT59: =AF59*BA59 -> 82.679595 | CU59: =AG59 -> 0 | CV59: =AH59 -> 1.2765 | CW59: =AI59 -> 0 | CX59: =AJ59 -> 0 | CY59: =(((S59+R59)*AT59)/100) -> 267.8832 | CZ59: =(((S59+R59)*AU59)/100) -> 238.1184 | DE59: )*1,25 | DF59: )*1,25 | DG59: )*1,15 | DI59: )*1,15 | DJ59: )*1,25 | DN59: 0 | DO59: 0 | DP59: 1 | DQ59: 1 | DU59: 1013 | DV59: ШТ | DW59: ШТ | DX59: 1 | EE59: 16510486 | EF59: 2 | EG59: Общестроительные работы | EH59: 0 | EJ59: 1 | EK59: 9001 | EL59: Металлические конструкции | EM59: ФЕР-09 | EO59: Поправка: МДС 81-35.2004, п.4.7 | EQ59: 0 | ER59: 13.84 | ES59: 0.72 | ET59: 2.11 | EU59: 0 | EV59: 11.01 | EW59: 1.11 | EX59: 0 | EY59: 0 | FQ59: 0 | FR59: =ROUND(IF(AND(BH59=3,BI59=3),P59,0),2) -> 0 | FS59: 0 | FT59: *0,9 | FU59: *0,85 | FX59: 81 | FY59: 72.25 | GD59: 0 | GF59: -418508909 | GG59: 1 | GH59: 1 | GI59: 4 | GJ59: 0 | GK59: =ROUND(R59*(S12)/100,2) -> 0 | GL59: =ROUND(IF(AND(BH59=3,BI59=3,FS59<>0),P59,0),2) -> 0 | GM59: =ROUND(O59+X59+Y59+GK59,2)+GX59 -> 924.42 | GN59: =IF(OR(BI59=0,BI59=1),ROUND(O59+X59+Y59+GK59,2),0) -> 924.42 | GO59: =IF(BI59=2,ROUND(O59+X59+Y59+GK59,2),0) -> 0 | GP59: =IF(BI59=4,ROUND(O59+X59+Y59+GK59,2)+GX59,0) -> 0 | GR59: 0 | GS59: 3 | GT59: 0 | GV59: =ROUND(GT59,6) -> 0 | GW59: 1 | GX59: =ROUND(GV59*GW59*I59,2) -> 0 | HA59: 0 | HB59: 0 | IK59: 0
A60: 18 | B60: 1 | C60: 113 | E60: 12,1 | F60: 01.7.04.01-0002 | G60: Доводчик дверной гидравлический TS-68 с зубчатым приводом (нагрузка до 90 кг) | H60: шт. | I60: =I58*J60 -> 4 | J60: 1 | O60: =ROUND(CP60,2) -> 1088.88 | P60: =ROUND(CQ60*I60,2) -> 1088.88 | Q60: =ROUND(CR60*I60,2) -> 0 | R60: =ROUND(CS60*I60,2) -> 0 | S60: =ROUND(CT60*I60,2) -> 0 | T60: =ROUND(CU60*I60,2) -> 0 | U60: =CV60*I60 -> 0 | V60: =CW60*I60 -> 0 | W60: =ROUND(CX60*I60,2) -> 0 | X60: =ROUND(CY60,2) -> 0 | Y60: =ROUND(CZ60,2) -> 0 | AA60: 16483241 | AB60: =ROUND((AC60+AD60+AF60),6) -> 272.22 | AC60: =ROUND((ES60),6) -> 272.22 | AD60: =ROUND((((ET60)-(EU60))+AE60),6) -> 0 | AE60: =ROUND((EU60),6) -> 0 | AF60: =ROUND((EV60),6) -> 0 | AG60: =ROUND((AP60),6) -> 0 | AH60: =(EW60) -> 0 | AI60: =(EX60) -> 0 | AJ60: =ROUND((AS60),6) -> 0 | AK60: 272.22 | AL60: 272.22 | AM60: 0 | AN60: 0 | AO60: 0 | AP60: 0 | AQ60: 0 | AR60: 0 | AS60: 0 | AT60: 81 | AU60: 72 | AV60: 1 | AW60: 1 | AZ60: 1 | BA60: 1 | BB60: 1 | BC60: 1 | BH60: 3 | BI60: 1 | BJ60: ФССЦ-2001, 01.7.04.01-0002, приказ Минстроя России №1039/пр от 30.12.2016г. | BM60: 9001 | BN60: 0 | BP60: 0 | BQ60: 2 | BR60: 0 | BS60: 1 | BT60: 1 | BU60: 1 | BV60: 1 | BW60: 1 | BX60: 1 | BZ60: 90 | CA60: 85 | CF60: 0 | CG60: 0 | CM60: 0 | CO60: 0 | CP60: =(P60+Q60+S60) -> 1088.88 | CQ60: =AC60*BC60 -> 272.22 | CR60: =AD60*BB60 -> 0 | CS60: =AE60*BS60 -> 0 | CT60: =AF60*BA60 -> 0 | CU60: =AG60 -> 0 | CV60: =AH60 -> 0 | CW60: =AI60 -> 0 | CX60: =AJ60 -> 0 | CY60: =(((S60+R60)*AT60)/100) -> 0 | CZ60: =(((S60+R60)*AU60)/100) -> 0 | DN60: 0 | DO60: 0 | DP60: 1 | DQ60: 1 | DU60: 1010 | DV60: шт. | DW60: шт. | DX60: 1 | EE60: 16510486 | EF60: 2 | EG60: Общестроительные работы | EH60: 0 | EJ60: 1 | EK60: 9001 | EL60: Металлические конструкции | EM60: ФЕР-09 | EQ60: 0 | ER60: 272.22 | ES60: 272.22 | ET60: 0 | EU60: 0 | EV60: 0 | EW60: 0 | EX60: 0 | FQ60: 0 | FR60: =ROUND(IF(AND(BH60=3,BI60=3),P60,0),2) -> 0 | FS60: 0 | FT60: *0,9 | FU60: *0,85 | FX60: 81 | FY60: 72.25 | GD60: 0 | GF60: 735354979 | GG60: 2 | GH60: 1 | GI60: -2 | GJ60: 0 | GK60: =ROUND(R60*(R12)/100,2) -> 0 | GL60: =ROUND(IF(AND(BH60=3,BI60=3,FS60<>0),P60,0),2) -> 0 | GM60: =ROUND(O60+X60+Y60+GK60,2)+GX60 -> 1088.88 | GN60: =IF(OR(BI60=0,BI60=1),ROUND(O60+X60+Y60+GK60,2),0) -> 1088.88 | GO60: =IF(BI60=2,ROUND(O60+X60+Y60+GK60,2),0) -> 0 | GP60: =IF(BI60=4,ROUND(O60+X60+Y60+GK60,2)+GX60,0) -> 0 | GR60: 0 | GS60: 3 | GT60: 0 | GV60: =ROUND(GT60,6) -> 0 | GW60: 1 | GX60: =ROUND(GV60*GW60*I60,2) -> 0 | HA60: 0 | HB60: 0 | IK60: 0
A61: 18 | B61: 1 | C61: 119 | E61: 12,1 | F61: 01.7.04.01-0002 | G61: Доводчик дверной гидравлический TS-68 с зубчатым приводом (нагрузка до 90 кг) | H61: шт. | I61: =I59*J61 -> 4 | J61: 1 | O61: =ROUND(CP61,2) -> 7110.39 | P61: =ROUND(CQ61*I61,2) -> 7110.39 | Q61: =ROUND(CR61*I61,2) -> 0 | R61: =ROUND(CS61*I61,2) -> 0 | S61: =ROUND(CT61*I61,2) -> 0 | T61: =ROUND(CU61*I61,2) -> 0 | U61: =CV61*I61 -> 0 | V61: =CW61*I61 -> 0 | W61: =ROUND(CX61*I61,2) -> 0 | X61: =ROUND(CY61,2) -> 0 | Y61: =ROUND(CZ61,2) -> 0 | AA61: 16483255 | AB61: =ROUND((AC61+AD61+AF61),6) -> 272.22 | AC61: =ROUND((ES61),6) -> 272.22 | AD61: =ROUND((((ET61)-(EU61))+AE61),6) -> 0 | AE61: =ROUND((EU61),6) -> 0 | AF61: =ROUND((EV61),6) -> 0 | AG61: =ROUND((AP61),6) -> 0 | AH61: =(EW61) -> 0 | AI61: =(EX61) -> 0 | AJ61: =ROUND((AS61),6) -> 0 | AK61: 272.22 | AL61: 272.22 | AM61: 0 | AN61: 0 | AO61: 0 | AP61: 0 | AQ61: 0 | AR61: 0 | AS61: 0 | AT61: 81 | AU61: 72 | AV61: 1 | AW61: 1 | AZ61: 6.53 | BA61: 1 | BB61: 1 | BC61: 6.53 | BH61: 3 | BI61: 1 | BJ61: ФССЦ-2001, 01.7.04.01-0002, приказ Минстроя России №1039/пр от 30.12.2016г. | BM61: 9001 | BN61: 0 | BP61: 0 | BQ61: 2 | BR61: 0 | BS61: 1 | BT61: 1 | BU61: 1 | BV61: 1 | BW61: 1 | BX61: 1 | BZ61: 90 | CA61: 85 | CF61: 0 | CG61: 0 | CM61: 0 | CO61: 0 | CP61: =(P61+Q61+S61) -> 7110.39 | CQ61: =AC61*BC61 -> 1777.5966 | CR61: =AD61*BB61 -> 0 | CS61: =AE61*BS61 -> 0 | CT61: =AF61*BA61 -> 0 | CU61: =AG61 -> 0 | CV61: =AH61 -> 0 | CW61: =AI61 -> 0 | CX61: =AJ61 -> 0 | CY61: =(((S61+R61)*AT61)/100) -> 0 | CZ61: =(((S61+R61)*AU61)/100) -> 0 | DN61: 0 | DO61: 0 | DP61: 1 | DQ61: 1 | DU61: 1010 | DV61: шт. | DW61: шт. | DX61: 1 | EE61: 16510486 | EF61: 2 | EG61: Общестроительные работы | EH61: 0 | EJ61: 1 | EK61: 9001 | EL61: Металлические конструкции | EM61: ФЕР-09 | EQ61: 0 | ER61: 272.22 | ES61: 272.22 | ET61: 0 | EU61: 0 | EV61: 0 | EW61: 0 | EX61: 0 | FQ61: 0 | FR61: =ROUND(IF(AND(BH61=3,BI61=3),P61,0),2) -> 0 | FS61: 0 | FT61: *0,9 | FU61: *0,85 | FX61: 81 | FY61: 72.25 | GD61: 0 | GF61: 735354979 | GG61: 1 | GH61: 1 | GI61: 4 | GJ61: 0 | GK61: =ROUND(R61*(S12)/100,2) -> 0 | GL61: =ROUND(IF(AND(BH61=3,BI61=3,FS61<>0),P61,0),2) -> 0 | GM61: =ROUND(O61+X61+Y61+GK61,2)+GX61 -> 7110.39 | GN61: =IF(OR(BI61=0,BI61=1),ROUND(O61+X61+Y61+GK61,2),0) -> 7110.39 | GO61: =IF(BI61=2,ROUND(O61+X61+Y61+GK61,2),0) -> 0 | GP61: =IF(BI61=4,ROUND(O61+X61+Y61+GK61,2)+GX61,0) -> 0 | GR61: 0 | GS61: 3 | GT61: 0 | GV61: =ROUND(GT61,6) -> 0 | GW61: 1 | GX61: =ROUND(GV61*GW61*I61,2) -> 0 | HA61: 0 | HB61: 0 | IK61: 0
A62: 18 | B62: 1 | C62: 114 | E62: 12,2 | F62: 01.7.04.11-0041 | G62: Упор стальной | H62: компл. | I62: =I58*J62 -> 4 | J62: 1 | O62: =ROUND(CP62,2) -> 33.2 | P62: =ROUND(CQ62*I62,2) -> 33.2 | Q62: =ROUND(CR62*I62,2) -> 0 | R62: =ROUND(CS62*I62,2) -> 0 | S62: =ROUND(CT62*I62,2) -> 0 | T62: =ROUND(CU62*I62,2) -> 0 | U62: =CV62*I62 -> 0 | V62: =CW62*I62 -> 0 | W62: =ROUND(CX62*I62,2) -> 0 | X62: =ROUND(CY62,2) -> 0 | Y62: =ROUND(CZ62,2) -> 0 | AA62: 16483241 | AB62: =ROUND((AC62+AD62+AF62),6) -> 8.3 | AC62: =ROUND((ES62),6) -> 8.3 | AD62: =ROUND((((ET62)-(EU62))+AE62),6) -> 0 | AE62: =ROUND((EU62),6) -> 0 | AF62: =ROUND((EV62),6) -> 0 | AG62: =ROUND((AP62),6) -> 0 | AH62: =(EW62) -> 0 | AI62: =(EX62) -> 0 | AJ62: =ROUND((AS62),6) -> 0 | AK62: 8.3 | AL62: 8.3 | AM62: 0 | AN62: 0 | AO62: 0 | AP62: 0 | AQ62: 0 | AR62: 0 | AS62: 0 | AT62: 81 | AU62: 72 | AV62: 1 | AW62: 1 | AZ62: 1 | BA62: 1 | BB62: 1 | BC62: 1 | BH62: 3 | BI62: 1 | BJ62: ФССЦ-2001, 01.7.04.11-0041, приказ Минстроя России №1039/пр от 30.12.2016г. | BM62: 9001 | BN62: 0 | BP62: 0 | BQ62: 2 | BR62: 0 | BS62: 1 | BT62: 1 | BU62: 1 | BV62: 1 | BW62: 1 | BX62: 1 | BZ62: 90 | CA62: 85 | CF62: 0 | CG62: 0 | CM62: 0 | CO62: 0 | CP62: =(P62+Q62+S62) -> 33.2 | CQ62: =AC62*BC62 -> 8.3 | CR62: =AD62*BB62 -> 0 | CS62: =AE62*BS62 -> 0 | CT62: =AF62*BA62 -> 0 | CU62: =AG62 -> 0 | CV62: =AH62 -> 0 | CW62: =AI62 -> 0 | CX62: =AJ62 -> 0 | CY62: =(((S62+R62)*AT62)/100) -> 0 | CZ62: =(((S62+R62)*AU62)/100) -> 0 | DN62: 0 | DO62: 0 | DP62: 1 | DQ62: 1 | DU62: 1013 | DV62: компл. | DW62: компл. | DX62: 1 | EE62: 16510486 | EF62: 2 | EG62: Общестроительные работы | EH62: 0 | EJ62: 1 | EK62: 9001 | EL62: Металлические конструкции | EM62: ФЕР-09 | EQ62: 0 | ER62: 8.3 | ES62: 8.3 | ET62: 0 | EU62: 0 | EV62: 0 | EW62: 0 | EX62: 0 | FQ62: 0 | FR62: =ROUND(IF(AND(BH62=3,BI62=3),P62,0),2) -> 0 | FS62: 0 | FT62: *0,9 | FU62: *0,85 | FX62: 81 | FY62: 72.25 | GD62: 0 | GF62: -35948077 | GG62: 2 | GH62: 1 | GI62: -2 | GJ62: 0 | GK62: =ROUND(R62*(R12)/100,2) -> 0 | GL62: =ROUND(IF(AND(BH62=3,BI62=3,FS62<>0),P62,0),2) -> 0 | GM62: =ROUND(O62+X62+Y62+GK62,2)+GX62 -> 33.2 | GN62: =IF(OR(BI62=0,BI62=1),ROUND(O62+X62+Y62+GK62,2),0) -> 33.2 | GO62: =IF(BI62=2,ROUND(O62+X62+Y62+GK62,2),0) -> 0 | GP62: =IF(BI62=4,ROUND(O62+X62+Y62+GK62,2)+GX62,0) -> 0 | GR62: 0 | GS62: 3 | GT62: 0 | GV62: =ROUND(GT62,6) -> 0 | GW62: 1 | GX62: =ROUND(GV62*GW62*I62,2) -> 0 | HA62: 0 | HB62: 0 | IK62: 0
A63: 18 | B63: 1 | C63: 120 | E63: 12,2 | F63: 01.7.04.11-0041 | G63: Упор стальной | H63: компл. | I63: =I59*J63 -> 4 | J63: 1 | O63: =ROUND(CP63,2) -> 216.8 | P63: =ROUND(CQ63*I63,2) -> 216.8 | Q63: =ROUND(CR63*I63,2) -> 0 | R63: =ROUND(CS63*I63,2) -> 0 | S63: =ROUND(CT63*I63,2) -> 0 | T63: =ROUND(CU63*I63,2) -> 0 | U63: =CV63*I63 -> 0 | V63: =CW63*I63 -> 0 | W63: =ROUND(CX63*I63,2) -> 0 | X63: =ROUND(CY63,2) -> 0 | Y63: =ROUND(CZ63,2) -> 0 | AA63: 16483255 | AB63: =ROUND((AC63+AD63+AF63),6) -> 8.3 | AC63: =ROUND((ES63),6) -> 8.3 | AD63: =ROUND((((ET63)-(EU63))+AE63),6) -> 0 | AE63: =ROUND((EU63),6) -> 0 | AF63: =ROUND((EV63),6) -> 0 | AG63: =ROUND((AP63),6) -> 0 | AH63: =(EW63) -> 0 | AI63: =(EX63) -> 0 | AJ63: =ROUND((AS63),6) -> 0 | AK63: 8.3 | AL63: 8.3 | AM63: 0 | AN63: 0 | AO63: 0 | AP63: 0 | AQ63: 0 | AR63: 0 | AS63: 0 | AT63: 81 | AU63: 72 | AV63: 1 | AW63: 1 | AZ63: 6.53 | BA63: 1 | BB63: 1 | BC63: 6.53 | BH63: 3 | BI63: 1 | BJ63: ФССЦ-2001, 01.7.04.11-0041, приказ Минстроя России №1039/пр от 30.12.2016г. | BM63: 9001 | BN63: 0 | BP63: 0 | BQ63: 2 | BR63: 0 | BS63: 1 | BT63: 1 | BU63: 1 | BV63: 1 | BW63: 1 | BX63: 1 | BZ63: 90 | CA63: 85 | CF63: 0 | CG63: 0 | CM63: 0 | CO63: 0 | CP63: =(P63+Q63+S63) -> 216.8 | CQ63: =AC63*BC63 -> 54.199 | CR63: =AD63*BB63 -> 0 | CS63: =AE63*BS63 -> 0 | CT63: =AF63*BA63 -> 0 | CU63: =AG63 -> 0 | CV63: =AH63 -> 0 | CW63: =AI63 -> 0 | CX63: =AJ63 -> 0 | CY63: =(((S63+R63)*AT63)/100) -> 0 | CZ63: =(((S63+R63)*AU63)/100) -> 0 | DN63: 0 | DO63: 0 | DP63: 1 | DQ63: 1 | DU63: 1013 | DV63: компл. | DW63: компл. | DX63: 1 | EE63: 16510486 | EF63: 2 | EG63: Общестроительные работы | EH63: 0 | EJ63: 1 | EK63: 9001 | EL63: Металлические конструкции | EM63: ФЕР-09 | EQ63: 0 | ER63: 8.3 | ES63: 8.3 | ET63: 0 | EU63: 0 | EV63: 0 | EW63: 0 | EX63: 0 | FQ63: 0 | FR63: =ROUND(IF(AND(BH63=3,BI63=3),P63,0),2) -> 0 | FS63: 0 | FT63: *0,9 | FU63: *0,85 | FX63: 81 | FY63: 72.25 | GD63: 0 | GF63: -35948077 | GG63: 1 | GH63: 1 | GI63: 4 | GJ63: 0 | GK63: =ROUND(R63*(S12)/100,2) -> 0 | GL63: =ROUND(IF(AND(BH63=3,BI63=3,FS63<>0),P63,0),2) -> 0 | GM63: =ROUND(O63+X63+Y63+GK63,2)+GX63 -> 216.8 | GN63: =IF(OR(BI63=0,BI63=1),ROUND(O63+X63+Y63+GK63,2),0) -> 216.8 | GO63: =IF(BI63=2,ROUND(O63+X63+Y63+GK63,2),0) -> 0 | GP63: =IF(BI63=4,ROUND(O63+X63+Y63+GK63,2)+GX63,0) -> 0 | GR63: 0 | GS63: 3 | GT63: 0 | GV63: =ROUND(GT63,6) -> 0 | GW63: 1 | GX63: =ROUND(GV63*GW63*I63,2) -> 0 | HA63: 0 | HB63: 0 | IK63: 0
A64: 17 | B64: 1 | C64: =ROW(SmtRes!A125) -> 125 | D64: =ROW(EtalonRes!A141) -> 141 | E64: 13 | F64: 10-01-036-01 | G64: Установка уголков ПВХ на клее | H64: 100 м | I64: =ROUND(56.96/100,9) -> 0.5696 | J64: 0 | O64: =ROUND(CP64,2) -> 57.95 | P64: =ROUND(CQ64*I64,2) -> 20.51 | Q64: =ROUND(CR64*I64,2) -> 0 | R64: =ROUND(CS64*I64,2) -> 0 | S64: =ROUND(CT64*I64,2) -> 37.44 | T64: =ROUND(CU64*I64,2) -> 0 | U64: =CV64*I64 -> 4.388768 | V64: =CW64*I64 -> 0 | W64: =ROUND(CX64*I64,2) -> 0 | X64: =ROUND(CY64,2) -> 39.69 | Y64: =ROUND(CZ64,2) -> 20.22 | AA64: 16483241 | AB64: =ROUND((AC64+AD64+AF64),6) -> 101.7225 | AC64: =ROUND((ES64),6) -> 36 | AD64: =ROUND(((((ET64*1.25))-((EU64*1.25)))+AE64),6) -> 0 | AE64: =ROUND(((EU64*1.25)),6) -> 0 | AF64: =ROUND(((EV64*1.15)),6) -> 65.7225 | AG64: =ROUND((AP64),6) -> 0 | AH64: =((EW64*1.15)) -> 7.705 | AI64: =((EX64*1.25)) -> 0 | AJ64: =ROUND((AS64),6) -> 0 | AK64: 93.15 | AL64: 36 | AM64: 0 | AN64: 0 | AO64: 57.15 | AP64: 0 | AQ64: 6.7 | AR64: 0 | AS64: 0 | AT64: 106 | AU64: 54 | AV64: 1 | AW64: 1 | AZ64: 1 | BA64: 1 | BB64: 1 | BC64: 1 | BH64: 0 | BI64: 1 | BJ64: ФЕР-2001, 10-01-036-01, приказ Минстроя России №1039/пр от 30.12.2016г. | BM64: 10001 | BN64: 0 | BP64: 0 | BQ64: 2 | BR64: 0 | BS64: 1 | BT64: 1 | BU64: 1 | BV64: 1 | BW64: 1 | BX64: 1 | BZ64: 118 | CA64: 63 | CF64: 0 | CG64: 0 | CM64: 0 | CN64: Поправка: МДС 81-35.2004, п.4.7 Наименование: Работы, выполняемые при реконструкции зданий и сооружений работы, аналогичные технологическим процессам в новом строительстве (в том числе возведение новых конструктивных элементов) стоимость которых определена по соответствующим сборникам ФЕР, кроме сборника № 46 «Работы при реконструкции зданий и сооружений» | CO64: 0 | CP64: =(P64+Q64+S64) -> 57.95 | CQ64: =AC64*BC64 -> 36 | CR64: =AD64*BB64 -> 0 | CS64: =AE64*BS64 -> 0 | CT64: =AF64*BA64 -> 65.7225 | CU64: =AG64 -> 0 | CV64: =AH64 -> 7.705 | CW64: =AI64 -> 0 | CX64: =AJ64 -> 0 | CY64: =(((S64+R64)*AT64)/100) -> 39.6864 | CZ64: =(((S64+R64)*AU64)/100) -> 20.2176 | DE64: )*1,25 | DF64: )*1,25 | DG64: )*1,15 | DI64: )*1,15 | DJ64: )*1,25 | DN64: 0 | DO64: 0 | DP64: 1 | DQ64: 1 | DU64: 1003 | DV64: 100 м | DW64: 100 м | DX64: 100 | EE64: 16510487 | EF64: 2 | EG64: Общестроительные работы | EH64: 0 | EJ64: 1 | EK64: 10001 | EL64: Деревянные конструкции | EM64: ФЕР-10 | EO64: Поправка: МДС 81-35.2004, п.4.7 | EQ64: 0 | ER64: 93.15 | ES64: 36 | ET64: 0 | EU64: 0 | EV64: 57.15 | EW64: 6.7 | EX64: 0 | EY64: 0 | FQ64: 0 | FR64: =ROUND(IF(AND(BH64=3,BI64=3),P64,0),2) -> 0 | FS64: 0 | FT64: *0,9 | FU64: *0,85 | FX64: 106.2 | FY64: 53.55 | GD64: 0 | GF64: -1862938563 | GG64: 2 | GH64: 1 | GI64: -2 | GJ64: 0 | GK64: =ROUND(R64*(R12)/100,2) -> 0 | GL64: =ROUND(IF(AND(BH64=3,BI64=3,FS64<>0),P64,0),2) -> 0 | GM64: =ROUND(O64+X64+Y64+GK64,2)+GX64 -> 117.86 | GN64: =IF(OR(BI64=0,BI64=1),ROUND(O64+X64+Y64+GK64,2),0) -> 117.86 | GO64: =IF(BI64=2,ROUND(O64+X64+Y64+GK64,2),0) -> 0 | GP64: =IF(BI64=4,ROUND(O64+X64+Y64+GK64,2)+GX64,0) -> 0 | GR64: 0 | GS64: 3 | GT64: 0 | GV64: =ROUND(GT64,6) -> 0 | GW64: 1 | GX64: =ROUND(GV64*GW64*I64,2) -> 0 | HA64: 0 | HB64: 0 | IK64: 0
A65: 17 | B65: 1 | C65: =ROW(SmtRes!A128) -> 128 | D65: =ROW(EtalonRes!A144) -> 144 | E65: 13 | F65: 10-01-036-01 | G65: Установка уголков ПВХ на клее | H65: 100 м | I65: =ROUND(56.96/100,9) -> 0.5696 | J65: 0 | O65: =ROUND(CP65,2) -> 378.35 | P65: =ROUND(CQ65*I65,2) -> 133.9 | Q65: =ROUND(CR65*I65,2) -> 0 | R65: =ROUND(CS65*I65,2) -> 0 | S65: =ROUND(CT65*I65,2) -> 244.45 | T65: =ROUND(CU65*I65,2) -> 0 | U65: =CV65*I65 -> 4.388768 | V65: =CW65*I65 -> 0 | W65: =ROUND(CX65*I65,2) -> 0 | X65: =ROUND(CY65,2) -> 259.12 | Y65: =ROUND(CZ65,2) -> 132 | AA65: 16483255 | AB65: =ROUND((AC65+AD65+AF65),6) -> 101.7225 | AC65: =ROUND((ES65),6) -> 36 | AD65: =ROUND(((((ET65*1.25))-((EU65*1.25)))+AE65),6) -> 0 | AE65: =ROUND(((EU65*1.25)),6) -> 0 | AF65: =ROUND(((EV65*1.15)),6) -> 65.7225 | AG65: =ROUND((AP65),6) -> 0 | AH65: =((EW65*1.15)) -> 7.705 | AI65: =((EX65*1.25)) -> 0 | AJ65: =ROUND((AS65),6) -> 0 | AK65: 93.15 | AL65: 36 | AM65: 0 | AN65: 0 | AO65: 57.15 | AP65: 0 | AQ65: 6.7 | AR65: 0 | AS65: 0 | AT65: 106 | AU65: 54 | AV65: 1 | AW65: 1 | AZ65: 6.53 | BA65: 6.53 | BB65: 6.53 | BC65: 6.53 | BH65: 0 | BI65: 1 | BJ65: ФЕР-2001, 10-01-036-01, приказ Минстроя России №1039/пр от 30.12.2016г. | BM65: 10001 | BN65: 0 | BP65: 0 | BQ65: 2 | BR65: 0 | BS65: 6.53 | BT65: 1 | BU65: 1 | BV65: 1 | BW65: 1 | BX65: 1 | BZ65: 118 | CA65: 63 | CF65: 0 | CG65: 0 | CM65: 0 | CN65: Поправка: МДС 81-35.2004, п.4.7 Наименование: Работы, выполняемые при реконструкции зданий и сооружений работы, аналогичные технологическим процессам в новом строительстве (в том числе возведение новых конструктивных элементов) стоимость которых определена по соответствующим сборникам ФЕР, кроме сборника № 46 «Работы при реконструкции зданий и сооружений» | CO65: 0 | CP65: =(P65+Q65+S65) -> 378.35 | CQ65: =AC65*BC65 -> 235.08 | CR65: =AD65*BB65 -> 0 | CS65: =AE65*BS65 -> 0 | CT65: =AF65*BA65 -> 429.16792 | CU65: =AG65 -> 0 | CV65: =AH65 -> 7.705 | CW65: =AI65 -> 0 | CX65: =AJ65 -> 0 | CY65: =(((S65+R65)*AT65)/100) -> 259.117 | CZ65: =(((S65+R65)*AU65)/100) -> 132.003 | DE65: )*1,25 | DF65: )*1,25 | DG65: )*1,15 | DI65: )*1,15 | DJ65: )*1,25 | DN65: 0 | DO65: 0 | DP65: 1 | DQ65: 1 | DU65: 1003 | DV65: 100 м | DW65: 100 м | DX65: 100 | EE65: 16510487 | EF65: 2 | EG65: Общестроительные работы | EH65: 0 | EJ65: 1 | EK65: 10001 | EL65: Деревянные конструкции | EM65: ФЕР-10 | EO65: Поправка: МДС 81-35.2004, п.4.7 | EQ65: 0 | ER65: 93.15 | ES65: 36 | ET65: 0 | EU65: 0 | EV65: 57.15 | EW65: 6.7 | EX65: 0 | EY65: 0 | FQ65: 0 | FR65: =ROUND(IF(AND(BH65=3,BI65=3),P65,0),2) -> 0 | FS65: 0 | FT65: *0,9 | FU65: *0,85 | FX65: 106.2 | FY65: 53.55 | GD65: 0 | GF65: -1862938563 | GG65: 1 | GH65: 1 | GI65: 4 | GJ65: 0 | GK65: =ROUND(R65*(S12)/100,2) -> 0 | GL65: =ROUND(IF(AND(BH65=3,BI65=3,FS65<>0),P65,0),2) -> 0 | GM65: =ROUND(O65+X65+Y65+GK65,2)+GX65 -> 769.47 | GN65: =IF(OR(BI65=0,BI65=1),ROUND(O65+X65+Y65+GK65,2),0) -> 769.47 | GO65: =IF(BI65=2,ROUND(O65+X65+Y65+GK65,2),0) -> 0 | GP65: =IF(BI65=4,ROUND(O65+X65+Y65+GK65,2)+GX65,0) -> 0 | GR65: 0 | GS65: 3 | GT65: 0 | GV65: =ROUND(GT65,6) -> 0 | GW65: 1 | GX65: =ROUND(GV65*GW65*I65,2) -> 0 | HA65: 0 | HB65: 0 | IK65: 0
A66: 18 | B66: 1 | C66: 124 | E66: 13,1 | F66: 11.3.03.13-0045 | G66: Уголок ПВХ, размером 30х30 мм | H66: 10 м | I66: =I64*J66 -> 5.696 | J66: 10 | O66: =ROUND(CP66,2) -> 184.55 | P66: =ROUND(CQ66*I66,2) -> 184.55 | Q66: =ROUND(CR66*I66,2) -> 0 | R66: =ROUND(CS66*I66,2) -> 0 | S66: =ROUND(CT66*I66,2) -> 0 | T66: =ROUND(CU66*I66,2) -> 0 | U66: =CV66*I66 -> 0 | V66: =CW66*I66 -> 0 | W66: =ROUND(CX66*I66,2) -> 0 | X66: =ROUND(CY66,2) -> 0 | Y66: =ROUND(CZ66,2) -> 0 | AA66: 16483241 | AB66: =ROUND((AC66+AD66+AF66),6) -> 32.4 | AC66: =ROUND((ES66),6) -> 32.4 | AD66: =ROUND((((ET66)-(EU66))+AE66),6) -> 0 | AE66: =ROUND((EU66),6) -> 0 | AF66: =ROUND((EV66),6) -> 0 | AG66: =ROUND((AP66),6) -> 0 | AH66: =(EW66) -> 0 | AI66: =(EX66) -> 0 | AJ66: =ROUND((AS66),6) -> 0 | AK66: 32.4 | AL66: 32.4 | AM66: 0 | AN66: 0 | AO66: 0 | AP66: 0 | AQ66: 0 | AR66: 0 | AS66: 0 | AT66: 106 | AU66: 54 | AV66: 1 | AW66: 1 | AZ66: 1 | BA66: 1 | BB66: 1 | BC66: 1 | BH66: 3 | BI66: 1 | BJ66: ФССЦ-2001, 11.3.03.13-0045, приказ Минстроя России №1039/пр от 30.12.2016г. | BM66: 10001 | BN66: 0 | BP66: 0 | BQ66: 2 | BR66: 0 | BS66: 1 | BT66: 1 | BU66: 1 | BV66: 1 | BW66: 1 | BX66: 1 | BZ66: 118 | CA66: 63 | CF66: 0 | CG66: 0 | CM66: 0 | CO66: 0 | CP66: =(P66+Q66+S66) -> 184.55 | CQ66: =AC66*BC66 -> 32.4 | CR66: =AD66*BB66 -> 0 | CS66: =AE66*BS66 -> 0 | CT66: =AF66*BA66 -> 0 | CU66: =AG66 -> 0 | CV66: =AH66 -> 0 | CW66: =AI66 -> 0 | CX66: =AJ66 -> 0 | CY66: =(((S66+R66)*AT66)/100) -> 0 | CZ66: =(((S66+R66)*AU66)/100) -> 0 | DN66: 0 | DO66: 0 | DP66: 1 | DQ66: 1 | DU66: 1003 | DV66: 10 м | DW66: 10 м | DX66: 10 | EE66: 16510487 | EF66: 2 | EG66: Общестроительные работы | EH66: 0 | EJ66: 1 | EK66: 10001 | EL66: Деревянные конструкции | EM66: ФЕР-10 | EQ66: 0 | ER66: 32.4 | ES66: 32.4 | ET66: 0 | EU66: 0 | EV66: 0 | EW66: 0 | EX66: 0 | FQ66: 0 | FR66: =ROUND(IF(AND(BH66=3,BI66=3),P66,0),2) -> 0 | FS66: 0 | FT66: *0,9 | FU66: *0,85 | FX66: 106.2 | FY66: 53.55 | GD66: 0 | GF66: -125809932 | GG66: 2 | GH66: 1 | GI66: -2 | GJ66: 0 | GK66: =ROUND(R66*(R12)/100,2) -> 0 | GL66: =ROUND(IF(AND(BH66=3,BI66=3,FS66<>0),P66,0),2) -> 0 | GM66: =ROUND(O66+X66+Y66+GK66,2)+GX66 -> 184.55 | GN66: =IF(OR(BI66=0,BI66=1),ROUND(O66+X66+Y66+GK66,2),0) -> 184.55 | GO66: =IF(BI66=2,ROUND(O66+X66+Y66+GK66,2),0) -> 0 | GP66: =IF(BI66=4,ROUND(O66+X66+Y66+GK66,2)+GX66,0) -> 0 | GR66: 0 | GS66: 3 | GT66: 0 | GV66: =ROUND(GT66,6) -> 0 | GW66: 1 | GX66: =ROUND(GV66*GW66*I66,2) -> 0 | HA66: 0 | HB66: 0 | IK66: 0
A67: 18 | B67: 1 | C67: 127 | E67: 13,1 | F67: 11.3.03.13-0045 | G67: Уголок ПВХ, размером 30х30 мм | H67: 10 м | I67: =I65*J67 -> 5.696 | J67: 10 | O67: =ROUND(CP67,2) -> 1205.11 | P67: =ROUND(CQ67*I67,2) -> 1205.11 | Q67: =ROUND(CR67*I67,2) -> 0 | R67: =ROUND(CS67*I67,2) -> 0 | S67: =ROUND(CT67*I67,2) -> 0 | T67: =ROUND(CU67*I67,2) -> 0 | U67: =CV67*I67 -> 0 | V67: =CW67*I67 -> 0 | W67: =ROUND(CX67*I67,2) -> 0 | X67: =ROUND(CY67,2) -> 0 | Y67: =ROUND(CZ67,2) -> 0 | AA67: 16483255 | AB67: =ROUND((AC67+AD67+AF67),6) -> 32.4 | AC67: =ROUND((ES67),6) -> 32.4 | AD67: =ROUND((((ET67)-(EU67))+AE67),6) -> 0 | AE67: =ROUND((EU67),6) -> 0 | AF67: =ROUND((EV67),6) -> 0 | AG67: =ROUND((AP67),6) -> 0 | AH67: =(EW67) -> 0 | AI67: =(EX67) -> 0 | AJ67: =ROUND((AS67),6) -> 0 | AK67: 32.4 | AL67: 32.4 | AM67: 0 | AN67: 0 | AO67: 0 | AP67: 0 | AQ67: 0 | AR67: 0 | AS67: 0 | AT67: 106 | AU67: 54 | AV67: 1 | AW67: 1 | AZ67: 6.53 | BA67: 1 | BB67: 1 | BC67: 6.53 | BH67: 3 | BI67: 1 | BJ67: ФССЦ-2001, 11.3.03.13-0045, приказ Минстроя России №1039/пр от 30.12.2016г. | BM67: 10001 | BN67: 0 | BP67: 0 | BQ67: 2 | BR67: 0 | BS67: 1 | BT67: 1 | BU67: 1 | BV67: 1 | BW67: 1 | BX67: 1 | BZ67: 118 | CA67: 63 | CF67: 0 | CG67: 0 | CM67: 0 | CO67: 0 | CP67: =(P67+Q67+S67) -> 1205.11 | CQ67: =AC67*BC67 -> 211.572 | CR67: =AD67*BB67 -> 0 | CS67: =AE67*BS67 -> 0 | CT67: =AF67*BA67 -> 0 | CU67: =AG67 -> 0 | CV67: =AH67 -> 0 | CW67: =AI67 -> 0 | CX67: =AJ67 -> 0 | CY67: =(((S67+R67)*AT67)/100) -> 0 | CZ67: =(((S67+R67)*AU67)/100) -> 0 | DN67: 0 | DO67: 0 | DP67: 1 | DQ67: 1 | DU67: 1003 | DV67: 10 м | DW67: 10 м | DX67: 10 | EE67: 16510487 | EF67: 2 | EG67: Общестроительные работы | EH67: 0 | EJ67: 1 | EK67: 10001 | EL67: Деревянные конструкции | EM67: ФЕР-10 | EQ67: 0 | ER67: 32.4 | ES67: 32.4 | ET67: 0 | EU67: 0 | EV67: 0 | EW67: 0 | EX67: 0 | FQ67: 0 | FR67: =ROUND(IF(AND(BH67=3,BI67=3),P67,0),2) -> 0 | FS67: 0 | FT67: *0,9 | FU67: *0,85 | FX67: 106.2 | FY67: 53.55 | GD67: 0 | GF67: -125809932 | GG67: 1 | GH67: 1 | GI67: 4 | GJ67: 0 | GK67: =ROUND(R67*(S12)/100,2) -> 0 | GL67: =ROUND(IF(AND(BH67=3,BI67=3,FS67<>0),P67,0),2) -> 0 | GM67: =ROUND(O67+X67+Y67+GK67,2)+GX67 -> 1205.11 | GN67: =IF(OR(BI67=0,BI67=1),ROUND(O67+X67+Y67+GK67,2),0) -> 1205.11 | GO67: =IF(BI67=2,ROUND(O67+X67+Y67+GK67,2),0) -> 0 | GP67: =IF(BI67=4,ROUND(O67+X67+Y67+GK67,2)+GX67,0) -> 0 | GR67: 0 | GS67: 3 | GT67: 0 | GV67: =ROUND(GT67,6) -> 0 | GW67: 1 | GX67: =ROUND(GV67*GW67*I67,2) -> 0 | HA67: 0 | HB67: 0 | IK67: 0
A68: 17 | B68: 1 | C68: =ROW(SmtRes!A138) -> 138 | D68: =ROW(EtalonRes!A154) -> 154 | E68: 14 | F68: 08-02-002-03 | G68: Кладка перегородок из кирпича армированных толщиной в 1/2 кирпича при высоте этажа до 4 м | H68: 100 м2 | I68: =ROUND(3.45/100,9) -> 0.0345 | J68: 0 | O68: =ROUND(CP68,2) -> 136.78 | P68: =ROUND(CQ68*I68,2) -> 63.56 | Q68: =ROUND(CR68*I68,2) -> 15.63 | R68: =ROUND(CS68*I68,2) -> 2.45 | S68: =ROUND(CT68*I68,2) -> 57.59 | T68: =ROUND(CU68*I68,2) -> 0 | U68: =CV68*I68 -> 6.7514947 | V68: =CW68*I68 -> 0.1819875 | W68: =ROUND(CX68*I68,2) -> 0 | X68: =ROUND(CY68,2) -> 66.04 | Y68: =ROUND(CZ68,2) -> 40.83 | AA68: 16483241 | AB68: =ROUND((AC68+AD68+AF68),6) -> 3964.385 | AC68: =ROUND((ES68),6) -> 1842.19 | AD68: =ROUND(((((ET68*1.25))-((EU68*1.25)))+AE68),6) -> 452.9125 | AE68: =ROUND(((EU68*1.25)),6) -> 70.9625 | AF68: =ROUND(((EV68*1.15)),6) -> 1669.2825 | AG68: =ROUND((AP68),6) -> 0 | AH68: =((EW68*1.15)) -> 195.6955 | AI68: =((EX68*1.25)) -> 5.275 | AJ68: =ROUND((AS68),6) -> 0 | AK68: 3656.07 | AL68: 1842.19 | AM68: 362.33 | AN68: 56.77 | AO68: 1451.55 | AP68: 0 | AQ68: 170.17 | AR68: 4.22 | AS68: 0 | AT68: 110 | AU68: 68 | AV68: 1 | AW68: 1 | AZ68: 1 | BA68: 1 | BB68: 1 | BC68: 1 | BH68: 0 | BI68: 1 | BJ68: ФЕР-2001, 08-02-002-03, приказ Минстроя России №1039/пр от 30.12.2016г. | BM68: 8001 | BN68: 0 | BP68: 0 | BQ68: 2 | BR68: 0 | BS68: 1 | BT68: 1 | BU68: 1 | BV68: 1 | BW68: 1 | BX68: 1 | BZ68: 122 | CA68: 80 | CF68: 0 | CG68: 0 | CM68: 0 | CN68: Поправка: МДС 81-35.2004, п.4.7 Наименование: Работы, выполняемые при реконструкции зданий и сооружений работы, аналогичные технологическим процессам в новом строительстве (в том числе возведение новых конструктивных элементов) стоимость которых определена по соответствующим сборникам ФЕР, кроме сборника № 46 «Работы при реконструкции зданий и сооружений» | CO68: 0 | CP68: =(P68+Q68+S68) -> 136.78 | CQ68: =AC68*BC68 -> 1842.19 | CR68: =AD68*BB68 -> 452.9125 | CS68: =AE68*BS68 -> 70.9625 | CT68: =AF68*BA68 -> 1669.2825 | CU68: =AG68 -> 0 | CV68: =AH68 -> 195.6955 | CW68: =AI68 -> 5.275 | CX68: =AJ68 -> 0 | CY68: =(((S68+R68)*AT68)/100) -> 66.044 | CZ68: =(((S68+R68)*AU68)/100) -> 40.8272 | DE68: )*1,25 | DF68: )*1,25 | DG68: )*1,15 | DI68: )*1,15 | DJ68: )*1,25 | DN68: 0 | DO68: 0 | DP68: 1 | DQ68: 1 | DU68: 1005 | DV68: 100 м2 | DW68: 100 м2 | DX68: 100 | EE68: 16510485 | EF68: 2 | EG68: Общестроительные работы | EH68: 0 | EJ68: 1 | EK68: 8001 | EL68: Конструкции из кирпича и блоков | EM68: ФЕР-08 | EO68: Поправка: МДС 81-35.2004, п.4.7 | EQ68: 0 | ER68: 3656.07 | ES68: 1842.19 | ET68: 362.33 | EU68: 56.77 | EV68: 1451.55 | EW68: 170.17 | EX68: 4.22 | EY68: 0 | FQ68: 0 | FR68: =ROUND(IF(AND(BH68=3,BI68=3),P68,0),2) -> 0 | FS68: 0 | FT68: *0,9 | FU68: *0,85 | FX68: 109.8 | FY68: 68 | GD68: 0 | GF68: -1882833486 | GG68: 2 | GH68: 1 | GI68: -2 | GJ68: 0 | GK68: =ROUND(R68*(R12)/100,2) -> 0 | GL68: =ROUND(IF(AND(BH68=3,BI68=3,FS68<>0),P68,0),2) -> 0 | GM68: =ROUND(O68+X68+Y68+GK68,2)+GX68 -> 243.65 | GN68: =IF(OR(BI68=0,BI68=1),ROUND(O68+X68+Y68+GK68,2),0) -> 243.65 | GO68: =IF(BI68=2,ROUND(O68+X68+Y68+GK68,2),0) -> 0 | GP68: =IF(BI68=4,ROUND(O68+X68+Y68+GK68,2)+GX68,0) -> 0 | GR68: 0 | GS68: 3 | GT68: 0 | GV68: =ROUND(GT68,6) -> 0 | GW68: 1 | GX68: =ROUND(GV68*GW68*I68,2) -> 0 | HA68: 0 | HB68: 0 | IK68: 0
A69: 17 | B69: 1 | C69: =ROW(SmtRes!A148) -> 148 | D69: =ROW(EtalonRes!A164) -> 164 | E69: 14 | F69: 08-02-002-03 | G69: Кладка перегородок из кирпича армированных толщиной в 1/2 кирпича при высоте этажа до 4 м | H69: 100 м2 | I69: =ROUND(3.45/100,9) -> 0.0345 | J69: 0 | O69: =ROUND(CP69,2) -> 893.11 | P69: =ROUND(CQ69*I69,2) -> 415.02 | Q69: =ROUND(CR69*I69,2) -> 102.03 | R69: =ROUND(CS69*I69,2) -> 15.99 | S69: =ROUND(CT69*I69,2) -> 376.06 | T69: =ROUND(CU69*I69,2) -> 0 | U69: =CV69*I69 -> 6.7514947 | V69: =CW69*I69 -> 0.1819875 | W69: =ROUND(CX69*I69,2) -> 0 | X69: =ROUND(CY69,2) -> 431.26 | Y69: =ROUND(CZ69,2) -> 266.59 | AA69: 16483255 | AB69: =ROUND((AC69+AD69+AF69),6) -> 3964.385 | AC69: =ROUND((ES69),6) -> 1842.19 | AD69: =ROUND(((((ET69*1.25))-((EU69*1.25)))+AE69),6) -> 452.9125 | AE69: =ROUND(((EU69*1.25)),6) -> 70.9625 | AF69: =ROUND(((EV69*1.15)),6) -> 1669.2825 | AG69: =ROUND((AP69),6) -> 0 | AH69: =((EW69*1.15)) -> 195.6955 | AI69: =((EX69*1.25)) -> 5.275 | AJ69: =ROUND((AS69),6) -> 0 | AK69: 3656.07 | AL69: 1842.19 | AM69: 362.33 | AN69: 56.77 | AO69: 1451.55 | AP69: 0 | AQ69: 170.17 | AR69: 4.22 | AS69: 0 | AT69: 110 | AU69: 68 | AV69: 1 | AW69: 1 | AZ69: 6.53 | BA69: 6.53 | BB69: 6.53 | BC69: 6.53 | BH69: 0 | BI69: 1 | BJ69: ФЕР-2001, 08-02-002-03, приказ Минстроя России №1039/пр от 30.12.2016г. | BM69: 8001 | BN69: 0 | BP69: 0 | BQ69: 2 | BR69: 0 | BS69: 6.53 | BT69: 1 | BU69: 1 | BV69: 1 | BW69: 1 | BX69: 1 | BZ69: 122 | CA69: 80 | CF69: 0 | CG69: 0 | CM69: 0 | CN69: Поправка: МДС 81-35.2004, п.4.7 Наименование: Работы, выполняемые при реконструкции зданий и сооружений работы, аналогичные технологическим процессам в новом строительстве (в том числе возведение новых конструктивных элементов) стоимость которых определена по соответствующим сборникам ФЕР, кроме сборника № 46 «Работы при реконструкции зданий и сооружений» | CO69: 0 | CP69: =(P69+Q69+S69) -> 893.11 | CQ69: =AC69*BC69 -> 12029.501 | CR69: =AD69*BB69 -> 2957.5186 | CS69: =AE69*BS69 -> 463.38513 | CT69: =AF69*BA69 -> 10900.415 | CU69: =AG69 -> 0 | CV69: =AH69 -> 195.6955 | CW69: =AI69 -> 5.275 | CX69: =AJ69 -> 0 | CY69: =(((S69+R69)*AT69)/100) -> 431.255 | CZ69: =(((S69+R69)*AU69)/100) -> 266.594 | DE69: )*1,25 | DF69: )*1,25 | DG69: )*1,15 | DI69: )*1,15 | DJ69: )*1,25 | DN69: 0 | DO69: 0 | DP69: 1 | DQ69: 1 | DU69: 1005 | DV69: 100 м2 | DW69: 100 м2 | DX69: 100 | EE69: 16510485 | EF69: 2 | EG69: Общестроительные работы | EH69: 0 | EJ69: 1 | EK69: 8001 | EL69: Конструкции из кирпича и блоков | EM69: ФЕР-08 | EO69: Поправка: МДС 81-35.2004, п.4.7 | EQ69: 0 | ER69: 3656.07 | ES69: 1842.19 | ET69: 362.33 | EU69: 56.77 | EV69: 1451.55 | EW69: 170.17 | EX69: 4.22 | EY69: 0 | FQ69: 0 | FR69: =ROUND(IF(AND(BH69=3,BI69=3),P69,0),2) -> 0 | FS69: 0 | FT69: *0,9 | FU69: *0,85 | FX69: 109.8 | FY69: 68 | GD69: 0 | GF69: -1882833486 | GG69: 1 | GH69: 1 | GI69: 4 | GJ69: 0 | GK69: =ROUND(R69*(S12)/100,2) -> 0 | GL69: =ROUND(IF(AND(BH69=3,BI69=3,FS69<>0),P69,0),2) -> 0 | GM69: =ROUND(O69+X69+Y69+GK69,2)+GX69 -> 1590.96 | GN69: =IF(OR(BI69=0,BI69=1),ROUND(O69+X69+Y69+GK69,2),0) -> 1590.96 | GO69: =IF(BI69=2,ROUND(O69+X69+Y69+GK69,2),0) -> 0 | GP69: =IF(BI69=4,ROUND(O69+X69+Y69+GK69,2)+GX69,0) -> 0 | GR69: 0 | GS69: 3 | GT69: 0 | GV69: =ROUND(GT69,6) -> 0 | GW69: 1 | GX69: =ROUND(GV69*GW69*I69,2) -> 0 | HA69: 0 | HB69: 0 | IK69: 0
A70: 18 | B70: 1 | C70: 135 | E70: 14,1 | F70: 06.1.01.05-0037 | G70: Кирпич керамический одинарный, размером 250х120х65 мм, марка 150 | H70: 1000 шт. | I70: =I68*J70 -> 0.17388 | J70: 5.04 | O70: =ROUND(CP70,2) -> 352.45 | P70: =ROUND(CQ70*I70,2) -> 352.45 | Q70: =ROUND(CR70*I70,2) -> 0 | R70: =ROUND(CS70*I70,2) -> 0 | S70: =ROUND(CT70*I70,2) -> 0 | T70: =ROUND(CU70*I70,2) -> 0 | U70: =CV70*I70 -> 0 | V70: =CW70*I70 -> 0 | W70: =ROUND(CX70*I70,2) -> 0 | X70: =ROUND(CY70,2) -> 0 | Y70: =ROUND(CZ70,2) -> 0 | AA70: 16483241 | AB70: =ROUND((AC70+AD70+AF70),6) -> 2027 | AC70: =ROUND((ES70),6) -> 2027 | AD70: =ROUND((((ET70)-(EU70))+AE70),6) -> 0 | AE70: =ROUND((EU70),6) -> 0 | AF70: =ROUND((EV70),6) -> 0 | AG70: =ROUND((AP70),6) -> 0 | AH70: =(EW70) -> 0 | AI70: =(EX70) -> 0 | AJ70: =ROUND((AS70),6) -> 0 | AK70: 2027 | AL70: 2027 | AM70: 0 | AN70: 0 | AO70: 0 | AP70: 0 | AQ70: 0 | AR70: 0 | AS70: 0 | AT70: 110 | AU70: 68 | AV70: 1 | AW70: 1 | AZ70: 1 | BA70: 1 | BB70: 1 | BC70: 1 | BH70: 3 | BI70: 1 | BJ70: ФССЦ-2001, 06.1.01.05-0037, приказ Минстроя России №1039/пр от 30.12.2016г. | BM70: 8001 | BN70: 0 | BP70: 0 | BQ70: 2 | BR70: 0 | BS70: 1 | BT70: 1 | BU70: 1 | BV70: 1 | BW70: 1 | BX70: 1 | BZ70: 122 | CA70: 80 | CF70: 0 | CG70: 0 | CM70: 0 | CO70: 0 | CP70: =(P70+Q70+S70) -> 352.45 | CQ70: =AC70*BC70 -> 2027 | CR70: =AD70*BB70 -> 0 | CS70: =AE70*BS70 -> 0 | CT70: =AF70*BA70 -> 0 | CU70: =AG70 -> 0 | CV70: =AH70 -> 0 | CW70: =AI70 -> 0 | CX70: =AJ70 -> 0 | CY70: =(((S70+R70)*AT70)/100) -> 0 | CZ70: =(((S70+R70)*AU70)/100) -> 0 | DN70: 0 | DO70: 0 | DP70: 1 | DQ70: 1 | DU70: 1010 | DV70: 1000 шт. | DW70: 1000 шт. | DX70: 1000 | EE70: 16510485 | EF70: 2 | EG70: Общестроительные работы | EH70: 0 | EJ70: 1 | EK70: 8001 | EL70: Конструкции из кирпича и блоков | EM70: ФЕР-08 | EQ70: 0 | ER70: 2027 | ES70: 2027 | ET70: 0 | EU70: 0 | EV70: 0 | EW70: 0 | EX70: 0 | FQ70: 0 | FR70: =ROUND(IF(AND(BH70=3,BI70=3),P70,0),2) -> 0 | FS70: 0 | FT70: *0,9 | FU70: *0,85 | FX70: 109.8 | FY70: 68 | GD70: 0 | GF70: 193540450 | GG70: 2 | GH70: 1 | GI70: -2 | GJ70: 0 | GK70: =ROUND(R70*(R12)/100,2) -> 0 | GL70: =ROUND(IF(AND(BH70=3,BI70=3,FS70<>0),P70,0),2) -> 0 | GM70: =ROUND(O70+X70+Y70+GK70,2)+GX70 -> 352.45 | GN70: =IF(OR(BI70=0,BI70=1),ROUND(O70+X70+Y70+GK70,2),0) -> 352.45 | GO70: =IF(BI70=2,ROUND(O70+X70+Y70+GK70,2),0) -> 0 | GP70: =IF(BI70=4,ROUND(O70+X70+Y70+GK70,2)+GX70,0) -> 0 | GR70: 0 | GS70: 3 | GT70: 0 | GV70: =ROUND(GT70,6) -> 0 | GW70: 1 | GX70: =ROUND(GV70*GW70*I70,2) -> 0 | HA70: 0 | HB70: 0 | IK70: 0
A71: 18 | B71: 1 | C71: 145 | E71: 14,1 | F71: 06.1.01.05-0037 | G71: Кирпич керамический одинарный, размером 250х120х65 мм, марка 150 | H71: 1000 шт. | I71: =I69*J71 -> 0.17388 | J71: 5.04 | O71: =ROUND(CP71,2) -> 2301.53 | P71: =ROUND(CQ71*I71,2) -> 2301.53 | Q71: =ROUND(CR71*I71,2) -> 0 | R71: =ROUND(CS71*I71,2) -> 0 | S71: =ROUND(CT71*I71,2) -> 0 | T71: =ROUND(CU71*I71,2) -> 0 | U71: =CV71*I71 -> 0 | V71: =CW71*I71 -> 0 | W71: =ROUND(CX71*I71,2) -> 0 | X71: =ROUND(CY71,2) -> 0 | Y71: =ROUND(CZ71,2) -> 0 | AA71: 16483255 | AB71: =ROUND((AC71+AD71+AF71),6) -> 2027 | AC71: =ROUND((ES71),6) -> 2027 | AD71: =ROUND((((ET71)-(EU71))+AE71),6) -> 0 | AE71: =ROUND((EU71),6) -> 0 | AF71: =ROUND((EV71),6) -> 0 | AG71: =ROUND((AP71),6) -> 0 | AH71: =(EW71) -> 0 | AI71: =(EX71) -> 0 | AJ71: =ROUND((AS71),6) -> 0 | AK71: 2027 | AL71: 2027 | AM71: 0 | AN71: 0 | AO71: 0 | AP71: 0 | AQ71: 0 | AR71: 0 | AS71: 0 | AT71: 110 | AU71: 68 | AV71: 1 | AW71: 1 | AZ71: 6.53 | BA71: 1 | BB71: 1 | BC71: 6.53 | BH71: 3 | BI71: 1 | BJ71: ФССЦ-2001, 06.1.01.05-0037, приказ Минстроя России №1039/пр от 30.12.2016г. | BM71: 8001 | BN71: 0 | BP71: 0 | BQ71: 2 | BR71: 0 | BS71: 1 | BT71: 1 | BU71: 1 | BV71: 1 | BW71: 1 | BX71: 1 | BZ71: 122 | CA71: 80 | CF71: 0 | CG71: 0 | CM71: 0 | CO71: 0 | CP71: =(P71+Q71+S71) -> 2301.53 | CQ71: =AC71*BC71 -> 13236.31 | CR71: =AD71*BB71 -> 0 | CS71: =AE71*BS71 -> 0 | CT71: =AF71*BA71 -> 0 | CU71: =AG71 -> 0 | CV71: =AH71 -> 0 | CW71: =AI71 -> 0 | CX71: =AJ71 -> 0 | CY71: =(((S71+R71)*AT71)/100) -> 0 | CZ71: =(((S71+R71)*AU71)/100) -> 0 | DN71: 0 | DO71: 0 | DP71: 1 | DQ71: 1 | DU71: 1010 | DV71: 1000 шт. | DW71: 1000 шт. | DX71: 1000 | EE71: 16510485 | EF71: 2 | EG71: Общестроительные работы | EH71: 0 | EJ71: 1 | EK71: 8001 | EL71: Конструкции из кирпича и блоков | EM71: ФЕР-08 | EQ71: 0 | ER71: 2027 | ES71: 2027 | ET71: 0 | EU71: 0 | EV71: 0 | EW71: 0 | EX71: 0 | FQ71: 0 | FR71: =ROUND(IF(AND(BH71=3,BI71=3),P71,0),2) -> 0 | FS71: 0 | FT71: *0,9 | FU71: *0,85 | FX71: 109.8 | FY71: 68 | GD71: 0 | GF71: 193540450 | GG71: 1 | GH71: 1 | GI71: 4 | GJ71: 0 | GK71: =ROUND(R71*(S12)/100,2) -> 0 | GL71: =ROUND(IF(AND(BH71=3,BI71=3,FS71<>0),P71,0),2) -> 0 | GM71: =ROUND(O71+X71+Y71+GK71,2)+GX71 -> 2301.53 | GN71: =IF(OR(BI71=0,BI71=1),ROUND(O71+X71+Y71+GK71,2),0) -> 2301.53 | GO71: =IF(BI71=2,ROUND(O71+X71+Y71+GK71,2),0) -> 0 | GP71: =IF(BI71=4,ROUND(O71+X71+Y71+GK71,2)+GX71,0) -> 0 | GR71: 0 | GS71: 3 | GT71: 0 | GV71: =ROUND(GT71,6) -> 0 | GW71: 1 | GX71: =ROUND(GV71*GW71*I71,2) -> 0 | HA71: 0 | HB71: 0 | IK71: 0
A72: 17 | B72: 1 | C72: =ROW(SmtRes!A172) -> 172 | D72: =ROW(EtalonRes!A184) -> 184 | E72: 15 | F72: 10-05-002-02 | G72: Устройство перегородок из гипсокартонных листов (ГКЛ) по системе «КНАУФ» с одинарным металлическим каркасом и двухслойной обшивкой с обеих сторон (С 112) с одним дверным проемом | H72: 100 м2 | I72: =ROUND(53.61/100,9) -> 0.5361 | J72: 0 | O72: =ROUND(CP72,2) -> 1519.49 | P72: =ROUND(CQ72*I72,2) -> 755.18 | Q72: =ROUND(CR72*I72,2) -> 3.83 | R72: =ROUND(CS72*I72,2) -> 0 | S72: =ROUND(CT72*I72,2) -> 760.48 | T72: =ROUND(CU72*I72,2) -> 0 | U72: =CV72*I72 -> 83.84604 | V72: =CW72*I72 -> 0 | W72: =ROUND(CX72*I72,2) -> 0 | X72: =ROUND(CY72,2) -> 806.11 | Y72: =ROUND(CZ72,2) -> 410.66 | AA72: 16483241 | AB72: =ROUND((AC72+AD72+AF72),6) -> 2834.3355 | AC72: =ROUND((ES72),6) -> 1408.65 | AD72: =ROUND(((((ET72*1.25))-((EU72*1.25)))+AE72),6) -> 7.1375 | AE72: =ROUND(((EU72*1.25)),6) -> 0 | AF72: =ROUND(((EV72*1.15)),6) -> 1418.548 | AG72: =ROUND((AP72),6) -> 0 | AH72: =((EW72*1.15)) -> 156.4 | AI72: =((EX72*1.25)) -> 0 | AJ72: =ROUND((AS72),6) -> 0 | AK72: 2647.88 | AL72: 1408.65 | AM72: 5.71 | AN72: 0 | AO72: 1233.52 | AP72: 0 | AQ72: 136 | AR72: 0 | AS72: 0 | AT72: 106 | AU72: 54 | AV72: 1 | AW72: 1 | AZ72: 1 | BA72: 1 | BB72: 1 | BC72: 1 | BH72: 0 | BI72: 1 | BJ72: ФЕР-2001, 10-05-002-02, приказ Минстроя России №1039/пр от 30.12.2016г. | BM72: 10001 | BN72: 0 | BP72: 0 | BQ72: 2 | BR72: 0 | BS72: 1 | BT72: 1 | BU72: 1 | BV72: 1 | BW72: 1 | BX72: 1 | BZ72: 118 | CA72: 63 | CF72: 0 | CG72: 0 | CM72: 0 | CN72: Поправка: МДС 81-35.2004, п.4.7 Наименование: Работы, выполняемые при реконструкции зданий и сооружений работы, аналогичные технологическим процессам в новом строительстве (в том числе возведение новых конструктивных элементов) стоимость которых определена по соответствующим сборникам ФЕР, кроме сборника № 46 «Работы при реконструкции зданий и сооружений» | CO72: 0 | CP72: =(P72+Q72+S72) -> 1519.49 | CQ72: =AC72*BC72 -> 1408.65 | CR72: =AD72*BB72 -> 7.1375 | CS72: =AE72*BS72 -> 0 | CT72: =AF72*BA72 -> 1418.548 | CU72: =AG72 -> 0 | CV72: =AH72 -> 156.4 | CW72: =AI72 -> 0 | CX72: =AJ72 -> 0 | CY72: =(((S72+R72)*AT72)/100) -> 806.1088 | CZ72: =(((S72+R72)*AU72)/100) -> 410.6592 | DE72: )*1,25 | DF72: )*1,25 | DG72: )*1,15 | DI72: )*1,15 | DJ72: )*1,25 | DN72: 0 | DO72: 0 | DP72: 1 | DQ72: 1 | DU72: 1005 | DV72: 100 м2 | DW72: 100 м2 | DX72: 100 | EE72: 16510487 | EF72: 2 | EG72: Общестроительные работы | EH72: 0 | EJ72: 1 | EK72: 10001 | EL72: Деревянные конструкции | EM72: ФЕР-10 | EO72: Поправка: МДС 81-35.2004, п.4.7 | EQ72: 0 | ER72: 2647.88 | ES72: 1408.65 | ET72: 5.71 | EU72: 0 | EV72: 1233.52 | EW72: 136 | EX72: 0 | EY72: 0 | FQ72: 0 | FR72: =ROUND(IF(AND(BH72=3,BI72=3),P72,0),2) -> 0 | FS72: 0 | FT72: *0,9 | FU72: *0,85 | FX72: 106.2 | FY72: 53.55 | GD72: 0 | GF72: 1281481625 | GG72: 2 | GH72: 1 | GI72: -2 | GJ72: 0 | GK72: =ROUND(R72*(R12)/100,2) -> 0 | GL72: =ROUND(IF(AND(BH72=3,BI72=3,FS72<>0),P72,0),2) -> 0 | GM72: =ROUND(O72+X72+Y72+GK72,2)+GX72 -> 2736.26 | GN72: =IF(OR(BI72=0,BI72=1),ROUND(O72+X72+Y72+GK72,2),0) -> 2736.26 | GO72: =IF(BI72=2,ROUND(O72+X72+Y72+GK72,2),0) -> 0 | GP72: =IF(BI72=4,ROUND(O72+X72+Y72+GK72,2)+GX72,0) -> 0 | GR72: 0 | GS72: 3 | GT72: 0 | GV72: =ROUND(GT72,6) -> 0 | GW72: 1 | GX72: =ROUND(GV72*GW72*I72,2) -> 0 | HA72: 0 | HB72: 0 | IK72: 0
A73: 17 | B73: 1 | C73: =ROW(SmtRes!A196) -> 196 | D73: =ROW(EtalonRes!A204) -> 204 | E73: 15 | F73: 10-05-002-02 | G73: Устройство перегородок из гипсокартонных листов (ГКЛ) по системе «КНАУФ» с одинарным металлическим каркасом и двухслойной обшивкой с обеих сторон (С 112) с одним дверным проемом | H73: 100 м2 | I73: =ROUND(53.61/100,9) -> 0.5361 | J73: 0 | O73: =ROUND(CP73,2) -> 9922.26 | P73: =ROUND(CQ73*I73,2) -> 4931.31 | Q73: =ROUND(CR73*I73,2) -> 24.99 | R73: =ROUND(CS73*I73,2) -> 0 | S73: =ROUND(CT73*I73,2) -> 4965.96 | T73: =ROUND(CU73*I73,2) -> 0 | U73: =CV73*I73 -> 83.84604 | V73: =CW73*I73 -> 0 | W73: =ROUND(CX73*I73,2) -> 0 | X73: =ROUND(CY73,2) -> 5263.92 | Y73: =ROUND(CZ73,2) -> 2681.62 | AA73: 16483255 | AB73: =ROUND((AC73+AD73+AF73),6) -> 2834.3355 | AC73: =ROUND((ES73),6) -> 1408.65 | AD73: =ROUND(((((ET73*1.25))-((EU73*1.25)))+AE73),6) -> 7.1375 | AE73: =ROUND(((EU73*1.25)),6) -> 0 | AF73: =ROUND(((EV73*1.15)),6) -> 1418.548 | AG73: =ROUND((AP73),6) -> 0 | AH73: =((EW73*1.15)) -> 156.4 | AI73: =((EX73*1.25)) -> 0 | AJ73: =ROUND((AS73),6) -> 0 | AK73: 2647.88 | AL73: 1408.65 | AM73: 5.71 | AN73: 0 | AO73: 1233.52 | AP73: 0 | AQ73: 136 | AR73: 0 | AS73: 0 | AT73: 106 | AU73: 54 | AV73: 1 | AW73: 1 | AZ73: 6.53 | BA73: 6.53 | BB73: 6.53 | BC73: 6.53 | BH73: 0 | BI73: 1 | BJ73: ФЕР-2001, 10-05-002-02, приказ Минстроя России №1039/пр от 30.12.2016г. | BM73: 10001 | BN73: 0 | BP73: 0 | BQ73: 2 | BR73: 0 | BS73: 6.53 | BT73: 1 | BU73: 1 | BV73: 1 | BW73: 1 | BX73: 1 | BZ73: 118 | CA73: 63 | CF73: 0 | CG73: 0 | CM73: 0 | CN73: Поправка: МДС 81-35.2004, п.4.7 Наименование: Работы, выполняемые при реконструкции зданий и сооружений работы, аналогичные технологическим процессам в новом строительстве (в том числе возведение новых конструктивных элементов) стоимость которых определена по соответствующим сборникам ФЕР, кроме сборника № 46 «Работы при реконструкции зданий и сооружений» | CO73: 0 | CP73: =(P73+Q73+S73) -> 9922.26 | CQ73: =AC73*BC73 -> 9198.4845 | CR73: =AD73*BB73 -> 46.607875 | CS73: =AE73*BS73 -> 0 | CT73: =AF73*BA73 -> 9263.1184 | CU73: =AG73 -> 0 | CV73: =AH73 -> 156.4 | CW73: =AI73 -> 0 | CX73: =AJ73 -> 0 | CY73: =(((S73+R73)*AT73)/100) -> 5263.9176 | CZ73: =(((S73+R73)*AU73)/100) -> 2681.6184 | DE73: )*1,25 | DF73: )*1,25 | DG73: )*1,15 | DI73: )*1,15 | DJ73: )*1,25 | DN73: 0 | DO73: 0 | DP73: 1 | DQ73: 1 | DU73: 1005 | DV73: 100 м2 | DW73: 100 м2 | DX73: 100 | EE73: 16510487 | EF73: 2 | EG73: Общестроительные работы | EH73: 0 | EJ73: 1 | EK73: 10001 | EL73: Деревянные конструкции | EM73: ФЕР-10 | EO73: Поправка: МДС 81-35.2004, п.4.7 | EQ73: 0 | ER73: 2647.88 | ES73: 1408.65 | ET73: 5.71 | EU73: 0 | EV73: 1233.52 | EW73: 136 | EX73: 0 | EY73: 0 | FQ73: 0 | FR73: =ROUND(IF(AND(BH73=3,BI73=3),P73,0),2) -> 0 | FS73: 0 | FT73: *0,9 | FU73: *0,85 | FX73: 106.2 | FY73: 53.55 | GD73: 0 | GF73: 1281481625 | GG73: 1 | GH73: 1 | GI73: 4 | GJ73: 0 | GK73: =ROUND(R73*(S12)/100,2) -> 0 | GL73: =ROUND(IF(AND(BH73=3,BI73=3,FS73<>0),P73,0),2) -> 0 | GM73: =ROUND(O73+X73+Y73+GK73,2)+GX73 -> 17867.8 | GN73: =IF(OR(BI73=0,BI73=1),ROUND(O73+X73+Y73+GK73,2),0) -> 17867.8 | GO73: =IF(BI73=2,ROUND(O73+X73+Y73+GK73,2),0) -> 0 | GP73: =IF(BI73=4,ROUND(O73+X73+Y73+GK73,2)+GX73,0) -> 0 | GR73: 0 | GS73: 3 | GT73: 0 | GV73: =ROUND(GT73,6) -> 0 | GW73: 1 | GX73: =ROUND(GV73*GW73*I73,2) -> 0 | HA73: 0 | HB73: 0 | IK73: 0
A74: 18 | B74: 1 | C74: 151 | E74: 15,1 | F74: 01.6.01.02 | G74: Листы гипсокартонные | H74: м2 | I74: =I72*J74 -> 240.7089 | J74: 449 | O74: =ROUND(CP74,2) -> 0 | P74: =ROUND(CQ74*I74,2) -> 0 | Q74: =ROUND(CR74*I74,2) -> 0 | R74: =ROUND(CS74*I74,2) -> 0 | S74: =ROUND(CT74*I74,2) -> 0 | T74: =ROUND(CU74*I74,2) -> 0 | U74: =CV74*I74 -> 0 | V74: =CW74*I74 -> 0 | W74: =ROUND(CX74*I74,2) -> 0 | X74: =ROUND(CY74,2) -> 0 | Y74: =ROUND(CZ74,2) -> 0 | AA74: 16483241 | AB74: =ROUND((AC74+AD74+AF74),6) -> 0 | AC74: =ROUND((ES74),6) -> 0 | AD74: =ROUND((((ET74)-(EU74))+AE74),6) -> 0 | AE74: =ROUND((EU74),6) -> 0 | AF74: =ROUND((EV74),6) -> 0 | AG74: =ROUND((AP74),6) -> 0 | AH74: =(EW74) -> 0 | AI74: =(EX74) -> 0 | AJ74: =ROUND((AS74),6) -> 0 | AK74: 0 | AL74: 0 | AM74: 0 | AN74: 0 | AO74: 0 | AP74: 0 | AQ74: 0 | AR74: 0 | AS74: 0 | AT74: 106 | AU74: 54 | AV74: 1 | AW74: 1 | AZ74: 1 | BA74: 1 | BB74: 1 | BC74: 1 | BH74: 3 | BI74: 1 | BM74: 10001 | BN74: 0 | BP74: 0 | BQ74: 2 | BR74: 0 | BS74: 1 | BT74: 1 | BU74: 1 | BV74: 1 | BW74: 1 | BX74: 1 | BZ74: 118 | CA74: 63 | CF74: 0 | CG74: 0 | CM74: 0 | CO74: 0 | CP74: =(P74+Q74+S74) -> 0 | CQ74: =AC74*BC74 -> 0 | CR74: =AD74*BB74 -> 0 | CS74: =AE74*BS74 -> 0 | CT74: =AF74*BA74 -> 0 | CU74: =AG74 -> 0 | CV74: =AH74 -> 0 | CW74: =AI74 -> 0 | CX74: =AJ74 -> 0 | CY74: =(((S74+R74)*AT74)/100) -> 0 | CZ74: =(((S74+R74)*AU74)/100) -> 0 | DN74: 0 | DO74: 0 | DP74: 1 | DQ74: 1 | DU74: 1005 | DV74: м2 | DW74: м2 | DX74: 1 | EE74: 16510487 | EF74: 2 | EG74: Общестроительные работы | EH74: 0 | EJ74: 1 | EK74: 10001 | EL74: Деревянные конструкции | EM74: ФЕР-10 | EQ74: 0 | ER74: 0 | ES74: 0 | ET74: 0 | EU74: 0 | EV74: 0 | EW74: 0 | EX74: 0 | FQ74: 0 | FR74: =ROUND(IF(AND(BH74=3,BI74=3),P74,0),2) -> 0 | FS74: 0 | FT74: *0,9 | FU74: *0,85 | FX74: 106.2 | FY74: 53.55 | GD74: 0 | GF74: -354280000 | GG74: 2 | GH74: 1 | GI74: -2 | GJ74: 0 | GK74: =ROUND(R74*(R12)/100,2) -> 0 | GL74: =ROUND(IF(AND(BH74=3,BI74=3,FS74<>0),P74,0),2) -> 0 | GM74: =ROUND(O74+X74+Y74+GK74,2)+GX74 -> 0 | GN74: =IF(OR(BI74=0,BI74=1),ROUND(O74+X74+Y74+GK74,2),0) -> 0 | GO74: =IF(BI74=2,ROUND(O74+X74+Y74+GK74,2),0) -> 0 | GP74: =IF(BI74=4,ROUND(O74+X74+Y74+GK74,2)+GX74,0) -> 0 | GR74: 0 | GS74: 3 | GT74: 0 | GV74: =ROUND(GT74,6) -> 0 | GW74: 1 | GX74: =ROUND(GV74*GW74*I74,2) -> 0 | HA74: 0 | HB74: 0 | IK74: 0
A75: 18 | B75: 1 | C75: 175 | E75: 15,1 | F75: 01.6.01.02 | G75: Листы гипсокартонные | H75: м2 | I75: =I73*J75 -> 240.7089 | J75: 449 | O75: =ROUND(CP75,2) -> 0 | P75: =ROUND(CQ75*I75,2) -> 0 | Q75: =ROUND(CR75*I75,2) -> 0 | R75: =ROUND(CS75*I75,2) -> 0 | S75: =ROUND(CT75*I75,2) -> 0 | T75: =ROUND(CU75*I75,2) -> 0 | U75: =CV75*I75 -> 0 | V75: =CW75*I75 -> 0 | W75: =ROUND(CX75*I75,2) -> 0 | X75: =ROUND(CY75,2) -> 0 | Y75: =ROUND(CZ75,2) -> 0 | AA75: 16483255 | AB75: =ROUND((AC75+AD75+AF75),6) -> 0 | AC75: =ROUND((ES75),6) -> 0 | AD75: =ROUND((((ET75)-(EU75))+AE75),6) -> 0 | AE75: =ROUND((EU75),6) -> 0 | AF75: =ROUND((EV75),6) -> 0 | AG75: =ROUND((AP75),6) -> 0 | AH75: =(EW75) -> 0 | AI75: =(EX75) -> 0 | AJ75: =ROUND((AS75),6) -> 0 | AK75: 0 | AL75: 0 | AM75: 0 | AN75: 0 | AO75: 0 | AP75: 0 | AQ75: 0 | AR75: 0 | AS75: 0 | AT75: 106 | AU75: 54 | AV75: 1 | AW75: 1 | AZ75: 6.53 | BA75: 1 | BB75: 1 | BC75: 6.53 | BH75: 3 | BI75: 1 | BM75: 10001 | BN75: 0 | BP75: 0 | BQ75: 2 | BR75: 0 | BS75: 1 | BT75: 1 | BU75: 1 | BV75: 1 | BW75: 1 | BX75: 1 | BZ75: 118 | CA75: 63 | CF75: 0 | CG75: 0 | CM75: 0 | CO75: 0 | CP75: =(P75+Q75+S75) -> 0 | CQ75: =AC75*BC75 -> 0 | CR75: =AD75*BB75 -> 0 | CS75: =AE75*BS75 -> 0 | CT75: =AF75*BA75 -> 0 | CU75: =AG75 -> 0 | CV75: =AH75 -> 0 | CW75: =AI75 -> 0 | CX75: =AJ75 -> 0 | CY75: =(((S75+R75)*AT75)/100) -> 0 | CZ75: =(((S75+R75)*AU75)/100) -> 0 | DN75: 0 | DO75: 0 | DP75: 1 | DQ75: 1 | DU75: 1005 | DV75: м2 | DW75: м2 | DX75: 1 | EE75: 16510487 | EF75: 2 | EG75: Общестроительные работы | EH75: 0 | EJ75: 1 | EK75: 10001 | EL75: Деревянные конструкции | EM75: ФЕР-10 | EQ75: 0 | ER75: 0 | ES75: 0 | ET75: 0 | EU75: 0 | EV75: 0 | EW75: 0 | EX75: 0 | FQ75: 0 | FR75: =ROUND(IF(AND(BH75=3,BI75=3),P75,0),2) -> 0 | FS75: 0 | FT75: *0,9 | FU75: *0,85 | FX75: 106.2 | FY75: 53.55 | GD75: 0 | GF75: -354280000 | GG75: 1 | GH75: 1 | GI75: 4 | GJ75: 0 | GK75: =ROUND(R75*(S12)/100,2) -> 0 | GL75: =ROUND(IF(AND(BH75=3,BI75=3,FS75<>0),P75,0),2) -> 0 | GM75: =ROUND(O75+X75+Y75+GK75,2)+GX75 -> 0 | GN75: =IF(OR(BI75=0,BI75=1),ROUND(O75+X75+Y75+GK75,2),0) -> 0 | GO75: =IF(BI75=2,ROUND(O75+X75+Y75+GK75,2),0) -> 0 | GP75: =IF(BI75=4,ROUND(O75+X75+Y75+GK75,2)+GX75,0) -> 0 | GR75: 0 | GS75: 3 | GT75: 0 | GV75: =ROUND(GT75,6) -> 0 | GW75: 1 | GX75: =ROUND(GV75*GW75*I75,2) -> 0 | HA75: 0 | HB75: 0 | IK75: 0
A76: 18 | B76: 1 | C76: 152 | E76: 15,2 | F76: 01.6.01.02-0003 | G76: Листы гипсокартонные влагостойкие, КНАУФ, толщиной 10 мм | H76: м2 | I76: =I72*J76 -> 240.7089 | J76: 449 | O76: =ROUND(CP76,2) -> 3471.02 | P76: =ROUND(CQ76*I76,2) -> 3471.02 | Q76: =ROUND(CR76*I76,2) -> 0 | R76: =ROUND(CS76*I76,2) -> 0 | S76: =ROUND(CT76*I76,2) -> 0 | T76: =ROUND(CU76*I76,2) -> 0 | U76: =CV76*I76 -> 0 | V76: =CW76*I76 -> 0 | W76: =ROUND(CX76*I76,2) -> 0 | X76: =ROUND(CY76,2) -> 0 | Y76: =ROUND(CZ76,2) -> 0 | AA76: 16483241 | AB76: =ROUND((AC76+AD76+AF76),6) -> 14.42 | AC76: =ROUND((ES76),6) -> 14.42 | AD76: =ROUND((((ET76)-(EU76))+AE76),6) -> 0 | AE76: =ROUND((EU76),6) -> 0 | AF76: =ROUND((EV76),6) -> 0 | AG76: =ROUND((AP76),6) -> 0 | AH76: =(EW76) -> 0 | AI76: =(EX76) -> 0 | AJ76: =ROUND((AS76),6) -> 0 | AK76: 14.42 | AL76: 14.42 | AM76: 0 | AN76: 0 | AO76: 0 | AP76: 0 | AQ76: 0 | AR76: 0 | AS76: 0 | AT76: 106 | AU76: 54 | AV76: 1 | AW76: 1 | AZ76: 1 | BA76: 1 | BB76: 1 | BC76: 1 | BH76: 3 | BI76: 1 | BJ76: ФССЦ-2001, 01.6.01.02-0003, приказ Минстроя России №1039/пр от 30.12.2016г. | BM76: 10001 | BN76: 0 | BP76: 0 | BQ76: 2 | BR76: 0 | BS76: 1 | BT76: 1 | BU76: 1 | BV76: 1 | BW76: 1 | BX76: 1 | BZ76: 118 | CA76: 63 | CF76: 0 | CG76: 0 | CM76: 0 | CO76: 0 | CP76: =(P76+Q76+S76) -> 3471.02 | CQ76: =AC76*BC76 -> 14.42 | CR76: =AD76*BB76 -> 0 | CS76: =AE76*BS76 -> 0 | CT76: =AF76*BA76 -> 0 | CU76: =AG76 -> 0 | CV76: =AH76 -> 0 | CW76: =AI76 -> 0 | CX76: =AJ76 -> 0 | CY76: =(((S76+R76)*AT76)/100) -> 0 | CZ76: =(((S76+R76)*AU76)/100) -> 0 | DN76: 0 | DO76: 0 | DP76: 1 | DQ76: 1 | DU76: 1005 | DV76: м2 | DW76: м2 | DX76: 1 | EE76: 16510487 | EF76: 2 | EG76: Общестроительные работы | EH76: 0 | EJ76: 1 | EK76: 10001 | EL76: Деревянные конструкции | EM76: ФЕР-10 | EQ76: 0 | ER76: 14.42 | ES76: 14.42 | ET76: 0 | EU76: 0 | EV76: 0 | EW76: 0 | EX76: 0 | FQ76: 0 | FR76: =ROUND(IF(AND(BH76=3,BI76=3),P76,0),2) -> 0 | FS76: 0 | FT76: *0,9 | FU76: *0,85 | FX76: 106.2 | FY76: 53.55 | GD76: 0 | GF76: -699365668 | GG76: 2 | GH76: 1 | GI76: -2 | GJ76: 0 | GK76: =ROUND(R76*(R12)/100,2) -> 0 | GL76: =ROUND(IF(AND(BH76=3,BI76=3,FS76<>0),P76,0),2) -> 0 | GM76: =ROUND(O76+X76+Y76+GK76,2)+GX76 -> 3471.02 | GN76: =IF(OR(BI76=0,BI76=1),ROUND(O76+X76+Y76+GK76,2),0) -> 3471.02 | GO76: =IF(BI76=2,ROUND(O76+X76+Y76+GK76,2),0) -> 0 | GP76: =IF(BI76=4,ROUND(O76+X76+Y76+GK76,2)+GX76,0) -> 0 | GR76: 0 | GS76: 3 | GT76: 0 | GV76: =ROUND(GT76,6) -> 0 | GW76: 1 | GX76: =ROUND(GV76*GW76*I76,2) -> 0 | HA76: 0 | HB76: 0 | IK76: 0
A77: 18 | B77: 1 | C77: 176 | E77: 15,2 | F77: 01.6.01.02-0003 | G77: Листы гипсокартонные влагостойкие, КНАУФ, толщиной 10 мм | H77: м2 | I77: =I73*J77 -> 240.7089 | J77: 449 | O77: =ROUND(CP77,2) -> 22665.78 | P77: =ROUND(CQ77*I77,2) -> 22665.78 | Q77: =ROUND(CR77*I77,2) -> 0 | R77: =ROUND(CS77*I77,2) -> 0 | S77: =ROUND(CT77*I77,2) -> 0 | T77: =ROUND(CU77*I77,2) -> 0 | U77: =CV77*I77 -> 0 | V77: =CW77*I77 -> 0 | W77: =ROUND(CX77*I77,2) -> 0 | X77: =ROUND(CY77,2) -> 0 | Y77: =ROUND(CZ77,2) -> 0 | AA77: 16483255 | AB77: =ROUND((AC77+AD77+AF77),6) -> 14.42 | AC77: =ROUND((ES77),6) -> 14.42 | AD77: =ROUND((((ET77)-(EU77))+AE77),6) -> 0 | AE77: =ROUND((EU77),6) -> 0 | AF77: =ROUND((EV77),6) -> 0 | AG77: =ROUND((AP77),6) -> 0 | AH77: =(EW77) -> 0 | AI77: =(EX77) -> 0 | AJ77: =ROUND((AS77),6) -> 0 | AK77: 14.42 | AL77: 14.42 | AM77: 0 | AN77: 0 | AO77: 0 | AP77: 0 | AQ77: 0 | AR77: 0 | AS77: 0 | AT77: 106 | AU77: 54 | AV77: 1 | AW77: 1 | AZ77: 6.53 | BA77: 1 | BB77: 1 | BC77: 6.53 | BH77: 3 | BI77: 1 | BJ77: ФССЦ-2001, 01.6.01.02-0003, приказ Минстроя России №1039/пр от 30.12.2016г. | BM77: 10001 | BN77: 0 | BP77: 0 | BQ77: 2 | BR77: 0 | BS77: 1 | BT77: 1 | BU77: 1 | BV77: 1 | BW77: 1 | BX77: 1 | BZ77: 118 | CA77: 63 | CF77: 0 | CG77: 0 | CM77: 0 | CO77: 0 | CP77: =(P77+Q77+S77) -> 22665.78 | CQ77: =AC77*BC77 -> 94.1626 | CR77: =AD77*BB77 -> 0 | CS77: =AE77*BS77 -> 0 | CT77: =AF77*BA77 -> 0 | CU77: =AG77 -> 0 | CV77: =AH77 -> 0 | CW77: =AI77 -> 0 | CX77: =AJ77 -> 0 | CY77: =(((S77+R77)*AT77)/100) -> 0 | CZ77: =(((S77+R77)*AU77)/100) -> 0 | DN77: 0 | DO77: 0 | DP77: 1 | DQ77: 1 | DU77: 1005 | DV77: м2 | DW77: м2 | DX77: 1 | EE77: 16510487 | EF77: 2 | EG77: Общестроительные работы | EH77: 0 | EJ77: 1 | EK77: 10001 | EL77: Деревянные конструкции | EM77: ФЕР-10 | EQ77: 0 | ER77: 14.42 | ES77: 14.42 | ET77: 0 | EU77: 0 | EV77: 0 | EW77: 0 | EX77: 0 | FQ77: 0 | FR77: =ROUND(IF(AND(BH77=3,BI77=3),P77,0),2) -> 0 | FS77: 0 | FT77: *0,9 | FU77: *0,85 | FX77: 106.2 | FY77: 53.55 | GD77: 0 | GF77: -699365668 | GG77: 1 | GH77: 1 | GI77: 4 | GJ77: 0 | GK77: =ROUND(R77*(S12)/100,2) -> 0 | GL77: =ROUND(IF(AND(BH77=3,BI77=3,FS77<>0),P77,0),2) -> 0 | GM77: =ROUND(O77+X77+Y77+GK77,2)+GX77 -> 22665.78 | GN77: =IF(OR(BI77=0,BI77=1),ROUND(O77+X77+Y77+GK77,2),0) -> 22665.78 | GO77: =IF(BI77=2,ROUND(O77+X77+Y77+GK77,2),0) -> 0 | GP77: =IF(BI77=4,ROUND(O77+X77+Y77+GK77,2)+GX77,0) -> 0 | GR77: 0 | GS77: 3 | GT77: 0 | GV77: =ROUND(GT77,6) -> 0 | GW77: 1 | GX77: =ROUND(GV77*GW77*I77,2) -> 0 | HA77: 0 | HB77: 0 | IK77: 0
A78: 18 | B78: 1 | C78: 157 | E78: 15,3 | F78: 01.7.06.11-0003 | G78: Лента уплотнительная из пенополиэтилена с односторонним клеевым слоем, защищенным антиадгезионным материалом "Линотерм-П" марки PR 10/100 | H78: 10 м | I78: =I72*J78 -> 6.27237 | J78: 11.7 | O78: =ROUND(CP78,2) -> 371.32 | P78: =ROUND(CQ78*I78,2) -> 371.32 | Q78: =ROUND(CR78*I78,2) -> 0 | R78: =ROUND(CS78*I78,2) -> 0 | S78: =ROUND(CT78*I78,2) -> 0 | T78: =ROUND(CU78*I78,2) -> 0 | U78: =CV78*I78 -> 0 | V78: =CW78*I78 -> 0 | W78: =ROUND(CX78*I78,2) -> 0 | X78: =ROUND(CY78,2) -> 0 | Y78: =ROUND(CZ78,2) -> 0 | AA78: 16483241 | AB78: =ROUND((AC78+AD78+AF78),6) -> 59.2 | AC78: =ROUND((ES78),6) -> 59.2 | AD78: =ROUND((((ET78)-(EU78))+AE78),6) -> 0 | AE78: =ROUND((EU78),6) -> 0 | AF78: =ROUND((EV78),6) -> 0 | AG78: =ROUND((AP78),6) -> 0 | AH78: =(EW78) -> 0 | AI78: =(EX78) -> 0 | AJ78: =ROUND((AS78),6) -> 0 | AK78: 59.2 | AL78: 59.2 | AM78: 0 | AN78: 0 | AO78: 0 | AP78: 0 | AQ78: 0 | AR78: 0 | AS78: 0 | AT78: 106 | AU78: 54 | AV78: 1 | AW78: 1 | AZ78: 1 | BA78: 1 | BB78: 1 | BC78: 1 | BH78: 3 | BI78: 1 | BJ78: ФССЦ-2001, 01.7.06.11-0003, приказ Минстроя России №1039/пр от 30.12.2016г. | BM78: 10001 | BN78: 0 | BP78: 0 | BQ78: 2 | BR78: 0 | BS78: 1 | BT78: 1 | BU78: 1 | BV78: 1 | BW78: 1 | BX78: 1 | BZ78: 118 | CA78: 63 | CF78: 0 | CG78: 0 | CM78: 0 | CO78: 0 | CP78: =(P78+Q78+S78) -> 371.32 | CQ78: =AC78*BC78 -> 59.2 | CR78: =AD78*BB78 -> 0 | CS78: =AE78*BS78 -> 0 | CT78: =AF78*BA78 -> 0 | CU78: =AG78 -> 0 | CV78: =AH78 -> 0 | CW78: =AI78 -> 0 | CX78: =AJ78 -> 0 | CY78: =(((S78+R78)*AT78)/100) -> 0 | CZ78: =(((S78+R78)*AU78)/100) -> 0 | DN78: 0 | DO78: 0 | DP78: 1 | DQ78: 1 | DU78: 1003 | DV78: 10 м | DW78: 10 м | DX78: 10 | EE78: 16510487 | EF78: 2 | EG78: Общестроительные работы | EH78: 0 | EJ78: 1 | EK78: 10001 | EL78: Деревянные конструкции | EM78: ФЕР-10 | EQ78: 0 | ER78: 59.2 | ES78: 59.2 | ET78: 0 | EU78: 0 | EV78: 0 | EW78: 0 | EX78: 0 | FQ78: 0 | FR78: =ROUND(IF(AND(BH78=3,BI78=3),P78,0),2) -> 0 | FS78: 0 | FT78: *0,9 | FU78: *0,85 | FX78: 106.2 | FY78: 53.55 | GD78: 0 | GF78: -1324358341 | GG78: 2 | GH78: 1 | GI78: -2 | GJ78: 0 | GK78: =ROUND(R78*(R12)/100,2) -> 0 | GL78: =ROUND(IF(AND(BH78=3,BI78=3,FS78<>0),P78,0),2) -> 0 | GM78: =ROUND(O78+X78+Y78+GK78,2)+GX78 -> 371.32 | GN78: =IF(OR(BI78=0,BI78=1),ROUND(O78+X78+Y78+GK78,2),0) -> 371.32 | GO78: =IF(BI78=2,ROUND(O78+X78+Y78+GK78,2),0) -> 0 | GP78: =IF(BI78=4,ROUND(O78+X78+Y78+GK78,2)+GX78,0) -> 0 | GR78: 0 | GS78: 3 | GT78: 0 | GV78: =ROUND(GT78,6) -> 0 | GW78: 1 | GX78: =ROUND(GV78*GW78*I78,2) -> 0 | HA78: 0 | HB78: 0 | IK78: 0
A79: 18 | B79: 1 | C79: 181 | E79: 15,3 | F79: 01.7.06.11-0003 | G79: Лента уплотнительная из пенополиэтилена с односторонним клеевым слоем, защищенным антиадгезионным материалом "Линотерм-П" марки PR 10/100 | H79: 10 м | I79: =I73*J79 -> 6.27237 | J79: 11.7 | O79: =ROUND(CP79,2) -> 2424.75 | P79: =ROUND(CQ79*I79,2) -> 2424.75 | Q79: =ROUND(CR79*I79,2) -> 0 | R79: =ROUND(CS79*I79,2) -> 0 | S79: =ROUND(CT79*I79,2) -> 0 | T79: =ROUND(CU79*I79,2) -> 0 | U79: =CV79*I79 -> 0 | V79: =CW79*I79 -> 0 | W79: =ROUND(CX79*I79,2) -> 0 | X79: =ROUND(CY79,2) -> 0 | Y79: =ROUND(CZ79,2) -> 0 | AA79: 16483255 | AB79: =ROUND((AC79+AD79+AF79),6) -> 59.2 | AC79: =ROUND((ES79),6) -> 59.2 | AD79: =ROUND((((ET79)-(EU79))+AE79),6) -> 0 | AE79: =ROUND((EU79),6) -> 0 | AF79: =ROUND((EV79),6) -> 0 | AG79: =ROUND((AP79),6) -> 0 | AH79: =(EW79) -> 0 | AI79: =(EX79) -> 0 | AJ79: =ROUND((AS79),6) -> 0 | AK79: 59.2 | AL79: 59.2 | AM79: 0 | AN79: 0 | AO79: 0 | AP79: 0 | AQ79: 0 | AR79: 0 | AS79: 0 | AT79: 106 | AU79: 54 | AV79: 1 | AW79: 1 | AZ79: 6.53 | BA79: 1 | BB79: 1 | BC79: 6.53 | BH79: 3 | BI79: 1 | BJ79: ФССЦ-2001, 01.7.06.11-0003, приказ Минстроя России №1039/пр от 30.12.2016г. | BM79: 10001 | BN79: 0 | BP79: 0 | BQ79: 2 | BR79: 0 | BS79: 1 | BT79: 1 | BU79: 1 | BV79: 1 | BW79: 1 | BX79: 1 | BZ79: 118 | CA79: 63 | CF79: 0 | CG79: 0 | CM79: 0 | CO79: 0 | CP79: =(P79+Q79+S79) -> 2424.75 | CQ79: =AC79*BC79 -> 386.576 | CR79: =AD79*BB79 -> 0 | CS79: =AE79*BS79 -> 0 | CT79: =AF79*BA79 -> 0 | CU79: =AG79 -> 0 | CV79: =AH79 -> 0 | CW79: =AI79 -> 0 | CX79: =AJ79 -> 0 | CY79: =(((S79+R79)*AT79)/100) -> 0 | CZ79: =(((S79+R79)*AU79)/100) -> 0 | DN79: 0 | DO79: 0 | DP79: 1 | DQ79: 1 | DU79: 1003 | DV79: 10 м | DW79: 10 м | DX79: 10 | EE79: 16510487 | EF79: 2 | EG79: Общестроительные работы | EH79: 0 | EJ79: 1 | EK79: 10001 | EL79: Деревянные конструкции | EM79: ФЕР-10 | EQ79: 0 | ER79: 59.2 | ES79: 59.2 | ET79: 0 | EU79: 0 | EV79: 0 | EW79: 0 | EX79: 0 | FQ79: 0 | FR79: =ROUND(IF(AND(BH79=3,BI79=3),P79,0),2) -> 0 | FS79: 0 | FT79: *0,9 | FU79: *0,85 | FX79: 106.2 | FY79: 53.55 | GD79: 0 | GF79: -1324358341 | GG79: 1 | GH79: 1 | GI79: 4 | GJ79: 0 | GK79: =ROUND(R79*(S12)/100,2) -> 0 | GL79: =ROUND(IF(AND(BH79=3,BI79=3,FS79<>0),P79,0),2) -> 0 | GM79: =ROUND(O79+X79+Y79+GK79,2)+GX79 -> 2424.75 | GN79: =IF(OR(BI79=0,BI79=1),ROUND(O79+X79+Y79+GK79,2),0) -> 2424.75 | GO79: =IF(BI79=2,ROUND(O79+X79+Y79+GK79,2),0) -> 0 | GP79: =IF(BI79=4,ROUND(O79+X79+Y79+GK79,2)+GX79,0) -> 0 | GR79: 0 | GS79: 3 | GT79: 0 | GV79: =ROUND(GT79,6) -> 0 | GW79: 1 | GX79: =ROUND(GV79*GW79*I79,2) -> 0 | HA79: 0 | HB79: 0 | IK79: 0
A80: 18 | B80: 1 | C80: 156 | E80: 15,4 | F80: 01.7.06.11 | G80: Лента уплотнительная типа Дихтунгсбанд | H80: м | I80: =I72*J80 -> 62.7237 | J80: 117 | O80: =ROUND(CP80,2) -> 0 | P80: =ROUND(CQ80*I80,2) -> 0 | Q80: =ROUND(CR80*I80,2) -> 0 | R80: =ROUND(CS80*I80,2) -> 0 | S80: =ROUND(CT80*I80,2) -> 0 | T80: =ROUND(CU80*I80,2) -> 0 | U80: =CV80*I80 -> 0 | V80: =CW80*I80 -> 0 | W80: =ROUND(CX80*I80,2) -> 0 | X80: =ROUND(CY80,2) -> 0 | Y80: =ROUND(CZ80,2) -> 0 | AA80: 16483241 | AB80: =ROUND((AC80+AD80+AF80),6) -> 0 | AC80: =ROUND((ES80),6) -> 0 | AD80: =ROUND((((ET80)-(EU80))+AE80),6) -> 0 | AE80: =ROUND((EU80),6) -> 0 | AF80: =ROUND((EV80),6) -> 0 | AG80: =ROUND((AP80),6) -> 0 | AH80: =(EW80) -> 0 | AI80: =(EX80) -> 0 | AJ80: =ROUND((AS80),6) -> 0 | AK80: 0 | AL80: 0 | AM80: 0 | AN80: 0 | AO80: 0 | AP80: 0 | AQ80: 0 | AR80: 0 | AS80: 0 | AT80: 106 | AU80: 54 | AV80: 1 | AW80: 1 | AZ80: 1 | BA80: 1 | BB80: 1 | BC80: 1 | BH80: 3 | BI80: 1 | BM80: 10001 | BN80: 0 | BP80: 0 | BQ80: 2 | BR80: 0 | BS80: 1 | BT80: 1 | BU80: 1 | BV80: 1 | BW80: 1 | BX80: 1 | BZ80: 118 | CA80: 63 | CF80: 0 | CG80: 0 | CM80: 0 | CO80: 0 | CP80: =(P80+Q80+S80) -> 0 | CQ80: =AC80*BC80 -> 0 | CR80: =AD80*BB80 -> 0 | CS80: =AE80*BS80 -> 0 | CT80: =AF80*BA80 -> 0 | CU80: =AG80 -> 0 | CV80: =AH80 -> 0 | CW80: =AI80 -> 0 | CX80: =AJ80 -> 0 | CY80: =(((S80+R80)*AT80)/100) -> 0 | CZ80: =(((S80+R80)*AU80)/100) -> 0 | DN80: 0 | DO80: 0 | DP80: 1 | DQ80: 1 | DU80: 1003 | DV80: м | DW80: м | DX80: 1 | EE80: 16510487 | EF80: 2 | EG80: Общестроительные работы | EH80: 0 | EJ80: 1 | EK80: 10001 | EL80: Деревянные конструкции | EM80: ФЕР-10 | EQ80: 0 | ER80: 0 | ES80: 0 | ET80: 0 | EU80: 0 | EV80: 0 | EW80: 0 | EX80: 0 | FQ80: 0 | FR80: =ROUND(IF(AND(BH80=3,BI80=3),P80,0),2) -> 0 | FS80: 0 | FT80: *0,9 | FU80: *0,85 | FX80: 106.2 | FY80: 53.55 | GD80: 0 | GF80: -1225318320 | GG80: 2 | GH80: 1 | GI80: -2 | GJ80: 0 | GK80: =ROUND(R80*(R12)/100,2) -> 0 | GL80: =ROUND(IF(AND(BH80=3,BI80=3,FS80<>0),P80,0),2) -> 0 | GM80: =ROUND(O80+X80+Y80+GK80,2)+GX80 -> 0 | GN80: =IF(OR(BI80=0,BI80=1),ROUND(O80+X80+Y80+GK80,2),0) -> 0 | GO80: =IF(BI80=2,ROUND(O80+X80+Y80+GK80,2),0) -> 0 | GP80: =IF(BI80=4,ROUND(O80+X80+Y80+GK80,2)+GX80,0) -> 0 | GR80: 0 | GS80: 3 | GT80: 0 | GV80: =ROUND(GT80,6) -> 0 | GW80: 1 | GX80: =ROUND(GV80*GW80*I80,2) -> 0 | HA80: 0 | HB80: 0 | IK80: 0
A81: 18 | B81: 1 | C81: 180 | E81: 15,4 | F81: 01.7.06.11 | G81: Лента уплотнительная типа Дихтунгсбанд | H81: м | I81: =I73*J81 -> 62.7237 | J81: 117 | O81: =ROUND(CP81,2) -> 0 | P81: =ROUND(CQ81*I81,2) -> 0 | Q81: =ROUND(CR81*I81,2) -> 0 | R81: =ROUND(CS81*I81,2) -> 0 | S81: =ROUND(CT81*I81,2) -> 0 | T81: =ROUND(CU81*I81,2) -> 0 | U81: =CV81*I81 -> 0 | V81: =CW81*I81 -> 0 | W81: =ROUND(CX81*I81,2) -> 0 | X81: =ROUND(CY81,2) -> 0 | Y81: =ROUND(CZ81,2) -> 0 | AA81: 16483255 | AB81: =ROUND((AC81+AD81+AF81),6) -> 0 | AC81: =ROUND((ES81),6) -> 0 | AD81: =ROUND((((ET81)-(EU81))+AE81),6) -> 0 | AE81: =ROUND((EU81),6) -> 0 | AF81: =ROUND((EV81),6) -> 0 | AG81: =ROUND((AP81),6) -> 0 | AH81: =(EW81) -> 0 | AI81: =(EX81) -> 0 | AJ81: =ROUND((AS81),6) -> 0 | AK81: 0 | AL81: 0 | AM81: 0 | AN81: 0 | AO81: 0 | AP81: 0 | AQ81: 0 | AR81: 0 | AS81: 0 | AT81: 106 | AU81: 54 | AV81: 1 | AW81: 1 | AZ81: 6.53 | BA81: 1 | BB81: 1 | BC81: 6.53 | BH81: 3 | BI81: 1 | BM81: 10001 | BN81: 0 | BP81: 0 | BQ81: 2 | BR81: 0 | BS81: 1 | BT81: 1 | BU81: 1 | BV81: 1 | BW81: 1 | BX81: 1 | BZ81: 118 | CA81: 63 | CF81: 0 | CG81: 0 | CM81: 0 | CO81: 0 | CP81: =(P81+Q81+S81) -> 0 | CQ81: =AC81*BC81 -> 0 | CR81: =AD81*BB81 -> 0 | CS81: =AE81*BS81 -> 0 | CT81: =AF81*BA81 -> 0 | CU81: =AG81 -> 0 | CV81: =AH81 -> 0 | CW81: =AI81 -> 0 | CX81: =AJ81 -> 0 | CY81: =(((S81+R81)*AT81)/100) -> 0 | CZ81: =(((S81+R81)*AU81)/100) -> 0 | DN81: 0 | DO81: 0 | DP81: 1 | DQ81: 1 | DU81: 1003 | DV81: м | DW81: м | DX81: 1 | EE81: 16510487 | EF81: 2 | EG81: Общестроительные работы | EH81: 0 | EJ81: 1 | EK81: 10001 | EL81: Деревянные конструкции | EM81: ФЕР-10 | EQ81: 0 | ER81: 0 | ES81: 0 | ET81: 0 | EU81: 0 | EV81: 0 | EW81: 0 | EX81: 0 | FQ81: 0 | FR81: =ROUND(IF(AND(BH81=3,BI81=3),P81,0),2) -> 0 | FS81: 0 | FT81: *0,9 | FU81: *0,85 | FX81: 106.2 | FY81: 53.55 | GD81: 0 | GF81: -1225318320 | GG81: 1 | GH81: 1 | GI81: 4 | GJ81: 0 | GK81: =ROUND(R81*(S12)/100,2) -> 0 | GL81: =ROUND(IF(AND(BH81=3,BI81=3,FS81<>0),P81,0),2) -> 0 | GM81: =ROUND(O81+X81+Y81+GK81,2)+GX81 -> 0 | GN81: =IF(OR(BI81=0,BI81=1),ROUND(O81+X81+Y81+GK81,2),0) -> 0 | GO81: =IF(BI81=2,ROUND(O81+X81+Y81+GK81,2),0) -> 0 | GP81: =IF(BI81=4,ROUND(O81+X81+Y81+GK81,2)+GX81,0) -> 0 | GR81: 0 | GS81: 3 | GT81: 0 | GV81: =ROUND(GT81,6) -> 0 | GW81: 1 | GX81: =ROUND(GV81*GW81*I81,2) -> 0 | HA81: 0 | HB81: 0 | IK81: 0
A82: 18 | B82: 1 | C82: 162 | E82: 15,5 | F82: 07.2.06.03 | G82: Профиль направляющий | H82: м | I82: =I72*J82 -> 46.1046 | J82: 86 | O82: =ROUND(CP82,2) -> 0 | P82: =ROUND(CQ82*I82,2) -> 0 | Q82: =ROUND(CR82*I82,2) -> 0 | R82: =ROUND(CS82*I82,2) -> 0 | S82: =ROUND(CT82*I82,2) -> 0 | T82: =ROUND(CU82*I82,2) -> 0 | U82: =CV82*I82 -> 0 | V82: =CW82*I82 -> 0 | W82: =ROUND(CX82*I82,2) -> 0 | X82: =ROUND(CY82,2) -> 0 | Y82: =ROUND(CZ82,2) -> 0 | AA82: 16483241 | AB82: =ROUND((AC82+AD82+AF82),6) -> 0 | AC82: =ROUND((ES82),6) -> 0 | AD82: =ROUND((((ET82)-(EU82))+AE82),6) -> 0 | AE82: =ROUND((EU82),6) -> 0 | AF82: =ROUND((EV82),6) -> 0 | AG82: =ROUND((AP82),6) -> 0 | AH82: =(EW82) -> 0 | AI82: =(EX82) -> 0 | AJ82: =ROUND((AS82),6) -> 0 | AK82: 0 | AL82: 0 | AM82: 0 | AN82: 0 | AO82: 0 | AP82: 0 | AQ82: 0 | AR82: 0 | AS82: 0 | AT82: 106 | AU82: 54 | AV82: 1 | AW82: 1 | AZ82: 1 | BA82: 1 | BB82: 1 | BC82: 1 | BH82: 3 | BI82: 1 | BM82: 10001 | BN82: 0 | BP82: 0 | BQ82: 2 | BR82: 0 | BS82: 1 | BT82: 1 | BU82: 1 | BV82: 1 | BW82: 1 | BX82: 1 | BZ82: 118 | CA82: 63 | CF82: 0 | CG82: 0 | CM82: 0 | CO82: 0 | CP82: =(P82+Q82+S82) -> 0 | CQ82: =AC82*BC82 -> 0 | CR82: =AD82*BB82 -> 0 | CS82: =AE82*BS82 -> 0 | CT82: =AF82*BA82 -> 0 | CU82: =AG82 -> 0 | CV82: =AH82 -> 0 | CW82: =AI82 -> 0 | CX82: =AJ82 -> 0 | CY82: =(((S82+R82)*AT82)/100) -> 0 | CZ82: =(((S82+R82)*AU82)/100) -> 0 | DN82: 0 | DO82: 0 | DP82: 1 | DQ82: 1 | DU82: 1003 | DV82: м | DW82: м | DX82: 1 | EE82: 16510487 | EF82: 2 | EG82: Общестроительные работы | EH82: 0 | EJ82: 1 | EK82: 10001 | EL82: Деревянные конструкции | EM82: ФЕР-10 | EQ82: 0 | ER82: 0 | ES82: 0 | ET82: 0 | EU82: 0 | EV82: 0 | EW82: 0 | EX82: 0 | FQ82: 0 | FR82: =ROUND(IF(AND(BH82=3,BI82=3),P82,0),2) -> 0 | FS82: 0 | FT82: *0,9 | FU82: *0,85 | FX82: 106.2 | FY82: 53.55 | GD82: 0 | GF82: -543280927 | GG82: 2 | GH82: 1 | GI82: -2 | GJ82: 0 | GK82: =ROUND(R82*(R12)/100,2) -> 0 | GL82: =ROUND(IF(AND(BH82=3,BI82=3,FS82<>0),P82,0),2) -> 0 | GM82: =ROUND(O82+X82+Y82+GK82,2)+GX82 -> 0 | GN82: =IF(OR(BI82=0,BI82=1),ROUND(O82+X82+Y82+GK82,2),0) -> 0 | GO82: =IF(BI82=2,ROUND(O82+X82+Y82+GK82,2),0) -> 0 | GP82: =IF(BI82=4,ROUND(O82+X82+Y82+GK82,2)+GX82,0) -> 0 | GR82: 0 | GS82: 3 | GT82: 0 | GV82: =ROUND(GT82,6) -> 0 | GW82: 1 | GX82: =ROUND(GV82*GW82*I82,2) -> 0 | HA82: 0 | HB82: 0 | IK82: 0
A83: 18 | B83: 1 | C83: 186 | E83: 15,5 | F83: 07.2.06.03 | G83: Профиль направляющий | H83: м | I83: =I73*J83 -> 46.1046 | J83: 86 | O83: =ROUND(CP83,2) -> 0 | P83: =ROUND(CQ83*I83,2) -> 0 | Q83: =ROUND(CR83*I83,2) -> 0 | R83: =ROUND(CS83*I83,2) -> 0 | S83: =ROUND(CT83*I83,2) -> 0 | T83: =ROUND(CU83*I83,2) -> 0 | U83: =CV83*I83 -> 0 | V83: =CW83*I83 -> 0 | W83: =ROUND(CX83*I83,2) -> 0 | X83: =ROUND(CY83,2) -> 0 | Y83: =ROUND(CZ83,2) -> 0 | AA83: 16483255 | AB83: =ROUND((AC83+AD83+AF83),6) -> 0 | AC83: =ROUND((ES83),6) -> 0 | AD83: =ROUND((((ET83)-(EU83))+AE83),6) -> 0 | AE83: =ROUND((EU83),6) -> 0 | AF83: =ROUND((EV83),6) -> 0 | AG83: =ROUND((AP83),6) -> 0 | AH83: =(EW83) -> 0 | AI83: =(EX83) -> 0 | AJ83: =ROUND((AS83),6) -> 0 | AK83: 0 | AL83: 0 | AM83: 0 | AN83: 0 | AO83: 0 | AP83: 0 | AQ83: 0 | AR83: 0 | AS83: 0 | AT83: 106 | AU83: 54 | AV83: 1 | AW83: 1 | AZ83: 6.53 | BA83: 1 | BB83: 1 | BC83: 6.53 | BH83: 3 | BI83: 1 | BM83: 10001 | BN83: 0 | BP83: 0 | BQ83: 2 | BR83: 0 | BS83: 1 | BT83: 1 | BU83: 1 | BV83: 1 | BW83: 1 | BX83: 1 | BZ83: 118 | CA83: 63 | CF83: 0 | CG83: 0 | CM83: 0 | CO83: 0 | CP83: =(P83+Q83+S83) -> 0 | CQ83: =AC83*BC83 -> 0 | CR83: =AD83*BB83 -> 0 | CS83: =AE83*BS83 -> 0 | CT83: =AF83*BA83 -> 0 | CU83: =AG83 -> 0 | CV83: =AH83 -> 0 | CW83: =AI83 -> 0 | CX83: =AJ83 -> 0 | CY83: =(((S83+R83)*AT83)/100) -> 0 | CZ83: =(((S83+R83)*AU83)/100) -> 0 | DN83: 0 | DO83: 0 | DP83: 1 | DQ83: 1 | DU83: 1003 | DV83: м | DW83: м | DX83: 1 | EE83: 16510487 | EF83: 2 | EG83: Общестроительные работы | EH83: 0 | EJ83: 1 | EK83: 10001 | EL83: Деревянные конструкции | EM83: ФЕР-10 | EQ83: 0 | ER83: 0 | ES83: 0 | ET83: 0 | EU83: 0 | EV83: 0 | EW83: 0 | EX83: 0 | FQ83: 0 | FR83: =ROUND(IF(AND(BH83=3,BI83=3),P83,0),2) -> 0 | FS83: 0 | FT83: *0,9 | FU83: *0,85 | FX83: 106.2 | FY83: 53.55 | GD83: 0 | GF83: -543280927 | GG83: 1 | GH83: 1 | GI83: 4 | GJ83: 0 | GK83: =ROUND(R83*(S12)/100,2) -> 0 | GL83: =ROUND(IF(AND(BH83=3,BI83=3,FS83<>0),P83,0),2) -> 0 | GM83: =ROUND(O83+X83+Y83+GK83,2)+GX83 -> 0 | GN83: =IF(OR(BI83=0,BI83=1),ROUND(O83+X83+Y83+GK83,2),0) -> 0 | GO83: =IF(BI83=2,ROUND(O83+X83+Y83+GK83,2),0) -> 0 | GP83: =IF(BI83=4,ROUND(O83+X83+Y83+GK83,2)+GX83,0) -> 0 | GR83: 0 | GS83: 3 | GT83: 0 | GV83: =ROUND(GT83,6) -> 0 | GW83: 1 | GX83: =ROUND(GV83*GW83*I83,2) -> 0 | HA83: 0 | HB83: 0 | IK83: 0
A84: 18 | B84: 1 | C84: 164 | E84: 15,6 | F84: 07.2.06.03-0114 | G84: Профиль направляющий | H84: м | I84: =I72*J84 -> 45.1046 | J84: 84.134676 | O84: =ROUND(CP84,2) -> 293.63 | P84: =ROUND(CQ84*I84,2) -> 293.63 | Q84: =ROUND(CR84*I84,2) -> 0 | R84: =ROUND(CS84*I84,2) -> 0 | S84: =ROUND(CT84*I84,2) -> 0 | T84: =ROUND(CU84*I84,2) -> 0 | U84: =CV84*I84 -> 0 | V84: =CW84*I84 -> 0 | W84: =ROUND(CX84*I84,2) -> 0 | X84: =ROUND(CY84,2) -> 0 | Y84: =ROUND(CZ84,2) -> 0 | AA84: 16483241 | AB84: =ROUND((AC84+AD84+AF84),6) -> 6.51 | AC84: =ROUND((ES84),6) -> 6.51 | AD84: =ROUND((((ET84)-(EU84))+AE84),6) -> 0 | AE84: =ROUND((EU84),6) -> 0 | AF84: =ROUND((EV84),6) -> 0 | AG84: =ROUND((AP84),6) -> 0 | AH84: =(EW84) -> 0 | AI84: =(EX84) -> 0 | AJ84: =ROUND((AS84),6) -> 0 | AK84: 6.51 | AL84: 6.51 | AM84: 0 | AN84: 0 | AO84: 0 | AP84: 0 | AQ84: 0 | AR84: 0 | AS84: 0 | AT84: 106 | AU84: 54 | AV84: 1 | AW84: 1 | AZ84: 1 | BA84: 1 | BB84: 1 | BC84: 1 | BH84: 3 | BI84: 1 | BJ84: ФССЦ-2001, 07.2.06.03-0114, приказ Минстроя России №1039/пр от 30.12.2016г. | BM84: 10001 | BN84: 0 | BP84: 0 | BQ84: 2 | BR84: 0 | BS84: 1 | BT84: 1 | BU84: 1 | BV84: 1 | BW84: 1 | BX84: 1 | BZ84: 118 | CA84: 63 | CF84: 0 | CG84: 0 | CM84: 0 | CO84: 0 | CP84: =(P84+Q84+S84) -> 293.63 | CQ84: =AC84*BC84 -> 6.51 | CR84: =AD84*BB84 -> 0 | CS84: =AE84*BS84 -> 0 | CT84: =AF84*BA84 -> 0 | CU84: =AG84 -> 0 | CV84: =AH84 -> 0 | CW84: =AI84 -> 0 | CX84: =AJ84 -> 0 | CY84: =(((S84+R84)*AT84)/100) -> 0 | CZ84: =(((S84+R84)*AU84)/100) -> 0 | DN84: 0 | DO84: 0 | DP84: 1 | DQ84: 1 | DU84: 1003 | DV84: м | DW84: м | DX84: 1 | EE84: 16510487 | EF84: 2 | EG84: Общестроительные работы | EH84: 0 | EJ84: 1 | EK84: 10001 | EL84: Деревянные конструкции | EM84: ФЕР-10 | EQ84: 0 | ER84: 6.51 | ES84: 6.51 | ET84: 0 | EU84: 0 | EV84: 0 | EW84: 0 | EX84: 0 | FQ84: 0 | FR84: =ROUND(IF(AND(BH84=3,BI84=3),P84,0),2) -> 0 | FS84: 0 | FT84: *0,9 | FU84: *0,85 | FX84: 106.2 | FY84: 53.55 | GD84: 0 | GF84: -1637414568 | GG84: 2 | GH84: 1 | GI84: -2 | GJ84: 0 | GK84: =ROUND(R84*(R12)/100,2) -> 0 | GL84: =ROUND(IF(AND(BH84=3,BI84=3,FS84<>0),P84,0),2) -> 0 | GM84: =ROUND(O84+X84+Y84+GK84,2)+GX84 -> 293.63 | GN84: =IF(OR(BI84=0,BI84=1),ROUND(O84+X84+Y84+GK84,2),0) -> 293.63 | GO84: =IF(BI84=2,ROUND(O84+X84+Y84+GK84,2),0) -> 0 | GP84: =IF(BI84=4,ROUND(O84+X84+Y84+GK84,2)+GX84,0) -> 0 | GR84: 0 | GS84: 3 | GT84: 0 | GV84: =ROUND(GT84,6) -> 0 | GW84: 1 | GX84: =ROUND(GV84*GW84*I84,2) -> 0 | HA84: 0 | HB84: 0 | IK84: 0
A85: 18 | B85: 1 | C85: 188 | E85: 15,6 | F85: 07.2.06.03-0114 | G85: Профиль направляющий | H85: м | I85: =I73*J85 -> 45.1046 | J85: 84.134676 | O85: =ROUND(CP85,2) -> 1917.41 | P85: =ROUND(CQ85*I85,2) -> 1917.41 | Q85: =ROUND(CR85*I85,2) -> 0 | R85: =ROUND(CS85*I85,2) -> 0 | S85: =ROUND(CT85*I85,2) -> 0 | T85: =ROUND(CU85*I85,2) -> 0 | U85: =CV85*I85 -> 0 | V85: =CW85*I85 -> 0 | W85: =ROUND(CX85*I85,2) -> 0 | X85: =ROUND(CY85,2) -> 0 | Y85: =ROUND(CZ85,2) -> 0 | AA85: 16483255 | AB85: =ROUND((AC85+AD85+AF85),6) -> 6.51 | AC85: =ROUND((ES85),6) -> 6.51 | AD85: =ROUND((((ET85)-(EU85))+AE85),6) -> 0 | AE85: =ROUND((EU85),6) -> 0 | AF85: =ROUND((EV85),6) -> 0 | AG85: =ROUND((AP85),6) -> 0 | AH85: =(EW85) -> 0 | AI85: =(EX85) -> 0 | AJ85: =ROUND((AS85),6) -> 0 | AK85: 6.51 | AL85: 6.51 | AM85: 0 | AN85: 0 | AO85: 0 | AP85: 0 | AQ85: 0 | AR85: 0 | AS85: 0 | AT85: 106 | AU85: 54 | AV85: 1 | AW85: 1 | AZ85: 6.53 | BA85: 1 | BB85: 1 | BC85: 6.53 | BH85: 3 | BI85: 1 | BJ85: ФССЦ-2001, 07.2.06.03-0114, приказ Минстроя России №1039/пр от 30.12.2016г. | BM85: 10001 | BN85: 0 | BP85: 0 | BQ85: 2 | BR85: 0 | BS85: 1 | BT85: 1 | BU85: 1 | BV85: 1 | BW85: 1 | BX85: 1 | BZ85: 118 | CA85: 63 | CF85: 0 | CG85: 0 | CM85: 0 | CO85: 0 | CP85: =(P85+Q85+S85) -> 1917.41 | CQ85: =AC85*BC85 -> 42.5103 | CR85: =AD85*BB85 -> 0 | CS85: =AE85*BS85 -> 0 | CT85: =AF85*BA85 -> 0 | CU85: =AG85 -> 0 | CV85: =AH85 -> 0 | CW85: =AI85 -> 0 | CX85: =AJ85 -> 0 | CY85: =(((S85+R85)*AT85)/100) -> 0 | CZ85: =(((S85+R85)*AU85)/100) -> 0 | DN85: 0 | DO85: 0 | DP85: 1 | DQ85: 1 | DU85: 1003 | DV85: м | DW85: м | DX85: 1 | EE85: 16510487 | EF85: 2 | EG85: Общестроительные работы | EH85: 0 | EJ85: 1 | EK85: 10001 | EL85: Деревянные конструкции | EM85: ФЕР-10 | EQ85: 0 | ER85: 6.51 | ES85: 6.51 | ET85: 0 | EU85: 0 | EV85: 0 | EW85: 0 | EX85: 0 | FQ85: 0 | FR85: =ROUND(IF(AND(BH85=3,BI85=3),P85,0),2) -> 0 | FS85: 0 | FT85: *0,9 | FU85: *0,85 | FX85: 106.2 | FY85: 53.55 | GD85: 0 | GF85: -1637414568 | GG85: 1 | GH85: 1 | GI85: 4 | GJ85: 0 | GK85: =ROUND(R85*(S12)/100,2) -> 0 | GL85: =ROUND(IF(AND(BH85=3,BI85=3,FS85<>0),P85,0),2) -> 0 | GM85: =ROUND(O85+X85+Y85+GK85,2)+GX85 -> 1917.41 | GN85: =IF(OR(BI85=0,BI85=1),ROUND(O85+X85+Y85+GK85,2),0) -> 1917.41 | GO85: =IF(BI85=2,ROUND(O85+X85+Y85+GK85,2),0) -> 0 | GP85: =IF(BI85=4,ROUND(O85+X85+Y85+GK85,2)+GX85,0) -> 0 | GR85: 0 | GS85: 3 | GT85: 0 | GV85: =ROUND(GT85,6) -> 0 | GW85: 1 | GX85: =ROUND(GV85*GW85*I85,2) -> 0 | HA85: 0 | HB85: 0 | IK85: 0
A86: 18 | B86: 1 | C86: 165 | E86: 15,7 | F86: 07.2.06.03-0181 | G86: Профиль стоечный «ОМЕГА» | H86: м | I86: =I72*J86 -> 136.1694 | J86: 254 | O86: =ROUND(CP86,2) -> 1459.74 | P86: =ROUND(CQ86*I86,2) -> 1459.74 | Q86: =ROUND(CR86*I86,2) -> 0 | R86: =ROUND(CS86*I86,2) -> 0 | S86: =ROUND(CT86*I86,2) -> 0 | T86: =ROUND(CU86*I86,2) -> 0 | U86: =CV86*I86 -> 0 | V86: =CW86*I86 -> 0 | W86: =ROUND(CX86*I86,2) -> 0 | X86: =ROUND(CY86,2) -> 0 | Y86: =ROUND(CZ86,2) -> 0 | AA86: 16483241 | AB86: =ROUND((AC86+AD86+AF86),6) -> 10.72 | AC86: =ROUND((ES86),6) -> 10.72 | AD86: =ROUND((((ET86)-(EU86))+AE86),6) -> 0 | AE86: =ROUND((EU86),6) -> 0 | AF86: =ROUND((EV86),6) -> 0 | AG86: =ROUND((AP86),6) -> 0 | AH86: =(EW86) -> 0 | AI86: =(EX86) -> 0 | AJ86: =ROUND((AS86),6) -> 0 | AK86: 10.72 | AL86: 10.72 | AM86: 0 | AN86: 0 | AO86: 0 | AP86: 0 | AQ86: 0 | AR86: 0 | AS86: 0 | AT86: 106 | AU86: 54 | AV86: 1 | AW86: 1 | AZ86: 1 | BA86: 1 | BB86: 1 | BC86: 1 | BH86: 3 | BI86: 1 | BJ86: ФССЦ-2001, 07.2.06.03-0181, приказ Минстроя России №1039/пр от 30.12.2016г. | BM86: 10001 | BN86: 0 | BP86: 0 | BQ86: 2 | BR86: 0 | BS86: 1 | BT86: 1 | BU86: 1 | BV86: 1 | BW86: 1 | BX86: 1 | BZ86: 118 | CA86: 63 | CF86: 0 | CG86: 0 | CM86: 0 | CO86: 0 | CP86: =(P86+Q86+S86) -> 1459.74 | CQ86: =AC86*BC86 -> 10.72 | CR86: =AD86*BB86 -> 0 | CS86: =AE86*BS86 -> 0 | CT86: =AF86*BA86 -> 0 | CU86: =AG86 -> 0 | CV86: =AH86 -> 0 | CW86: =AI86 -> 0 | CX86: =AJ86 -> 0 | CY86: =(((S86+R86)*AT86)/100) -> 0 | CZ86: =(((S86+R86)*AU86)/100) -> 0 | DN86: 0 | DO86: 0 | DP86: 1 | DQ86: 1 | DU86: 1003 | DV86: м | DW86: м | DX86: 1 | EE86: 16510487 | EF86: 2 | EG86: Общестроительные работы | EH86: 0 | EJ86: 1 | EK86: 10001 | EL86: Деревянные конструкции | EM86: ФЕР-10 | EQ86: 0 | ER86: 10.72 | ES86: 10.72 | ET86: 0 | EU86: 0 | EV86: 0 | EW86: 0 | EX86: 0 | FQ86: 0 | FR86: =ROUND(IF(AND(BH86=3,BI86=3),P86,0),2) -> 0 | FS86: 0 | FT86: *0,9 | FU86: *0,85 | FX86: 106.2 | FY86: 53.55 | GD86: 0 | GF86: -1887205471 | GG86: 2 | GH86: 1 | GI86: -2 | GJ86: 0 | GK86: =ROUND(R86*(R12)/100,2) -> 0 | GL86: =ROUND(IF(AND(BH86=3,BI86=3,FS86<>0),P86,0),2) -> 0 | GM86: =ROUND(O86+X86+Y86+GK86,2)+GX86 -> 1459.74 | GN86: =IF(OR(BI86=0,BI86=1),ROUND(O86+X86+Y86+GK86,2),0) -> 1459.74 | GO86: =IF(BI86=2,ROUND(O86+X86+Y86+GK86,2),0) -> 0 | GP86: =IF(BI86=4,ROUND(O86+X86+Y86+GK86,2)+GX86,0) -> 0 | GR86: 0 | GS86: 3 | GT86: 0 | GV86: =ROUND(GT86,6) -> 0 | GW86: 1 | GX86: =ROUND(GV86*GW86*I86,2) -> 0 | HA86: 0 | HB86: 0 | IK86: 0
A87: 18 | B87: 1 | C87: 189 | E87: 15,7 | F87: 07.2.06.03-0181 | G87: Профиль стоечный «ОМЕГА» | H87: м | I87: =I73*J87 -> 136.1694 | J87: 254 | O87: =ROUND(CP87,2) -> 9532.08 | P87: =ROUND(CQ87*I87,2) -> 9532.08 | Q87: =ROUND(CR87*I87,2) -> 0 | R87: =ROUND(CS87*I87,2) -> 0 | S87: =ROUND(CT87*I87,2) -> 0 | T87: =ROUND(CU87*I87,2) -> 0 | U87: =CV87*I87 -> 0 | V87: =CW87*I87 -> 0 | W87: =ROUND(CX87*I87,2) -> 0 | X87: =ROUND(CY87,2) -> 0 | Y87: =ROUND(CZ87,2) -> 0 | AA87: 16483255 | AB87: =ROUND((AC87+AD87+AF87),6) -> 10.72 | AC87: =ROUND((ES87),6) -> 10.72 | AD87: =ROUND((((ET87)-(EU87))+AE87),6) -> 0 | AE87: =ROUND((EU87),6) -> 0 | AF87: =ROUND((EV87),6) -> 0 | AG87: =ROUND((AP87),6) -> 0 | AH87: =(EW87) -> 0 | AI87: =(EX87) -> 0 | AJ87: =ROUND((AS87),6) -> 0 | AK87: 10.72 | AL87: 10.72 | AM87: 0 | AN87: 0 | AO87: 0 | AP87: 0 | AQ87: 0 | AR87: 0 | AS87: 0 | AT87: 106 | AU87: 54 | AV87: 1 | AW87: 1 | AZ87: 6.53 | BA87: 1 | BB87: 1 | BC87: 6.53 | BH87: 3 | BI87: 1 | BJ87: ФССЦ-2001, 07.2.06.03-0181, приказ Минстроя России №1039/пр от 30.12.2016г. | BM87: 10001 | BN87: 0 | BP87: 0 | BQ87: 2 | BR87: 0 | BS87: 1 | BT87: 1 | BU87: 1 | BV87: 1 | BW87: 1 | BX87: 1 | BZ87: 118 | CA87: 63 | CF87: 0 | CG87: 0 | CM87: 0 | CO87: 0 | CP87: =(P87+Q87+S87) -> 9532.08 | CQ87: =AC87*BC87 -> 70.0016 | CR87: =AD87*BB87 -> 0 | CS87: =AE87*BS87 -> 0 | CT87: =AF87*BA87 -> 0 | CU87: =AG87 -> 0 | CV87: =AH87 -> 0 | CW87: =AI87 -> 0 | CX87: =AJ87 -> 0 | CY87: =(((S87+R87)*AT87)/100) -> 0 | CZ87: =(((S87+R87)*AU87)/100) -> 0 | DN87: 0 | DO87: 0 | DP87: 1 | DQ87: 1 | DU87: 1003 | DV87: м | DW87: м | DX87: 1 | EE87: 16510487 | EF87: 2 | EG87: Общестроительные работы | EH87: 0 | EJ87: 1 | EK87: 10001 | EL87: Деревянные конструкции | EM87: ФЕР-10 | EQ87: 0 | ER87: 10.72 | ES87: 10.72 | ET87: 0 | EU87: 0 | EV87: 0 | EW87: 0 | EX87: 0 | FQ87: 0 | FR87: =ROUND(IF(AND(BH87=3,BI87=3),P87,0),2) -> 0 | FS87: 0 | FT87: *0,9 | FU87: *0,85 | FX87: 106.2 | FY87: 53.55 | GD87: 0 | GF87: -1887205471 | GG87: 1 | GH87: 1 | GI87: 4 | GJ87: 0 | GK87: =ROUND(R87*(S12)/100,2) -> 0 | GL87: =ROUND(IF(AND(BH87=3,BI87=3,FS87<>0),P87,0),2) -> 0 | GM87: =ROUND(O87+X87+Y87+GK87,2)+GX87 -> 9532.08 | GN87: =IF(OR(BI87=0,BI87=1),ROUND(O87+X87+Y87+GK87,2),0) -> 9532.08 | GO87: =IF(BI87=2,ROUND(O87+X87+Y87+GK87,2),0) -> 0 | GP87: =IF(BI87=4,ROUND(O87+X87+Y87+GK87,2)+GX87,0) -> 0 | GR87: 0 | GS87: 3 | GT87: 0 | GV87: =ROUND(GT87,6) -> 0 | GW87: 1 | GX87: =ROUND(GV87*GW87*I87,2) -> 0 | HA87: 0 | HB87: 0 | IK87: 0
